Workbook
Name \a: #REF!
Name \a: #REF!
Name \a: #REF!
Name \a: #REF!
Name \a: #REF!
Name \a: #REF!
Name \a: #REF!
Name \a: #REF!
Name \b: '[1]APU PVC'!#REF!
Name \b: #REF!
Name \b: #REF!
Name \b: '[1]APU PVC'!#REF!
Name \b: '[1]APU PVC'!#REF!
Name \b: '[1]APU PVC'!#REF!
Name \b: '[1]APU PVC'!#REF!
Name \b: '[1]APU PVC'!#REF!
Name \b: '[1]APU PVC'!#REF!
Name \c: '[1]APU PVC'!#REF!
Name \c: '[1]APU PVC'!#REF!
Name \c: '[1]APU PVC'!#REF!
Name \c: '[1]APU PVC'!#REF!
Name \c: '[1]APU PVC'!#REF!
Name \e: '[1]APU PVC'!#REF!
Name \e: '[1]APU PVC'!#REF!
Name \e: '[1]APU PVC'!#REF!
Name \e: '[1]APU PVC'!#REF!
Name \e: '[1]APU PVC'!#REF!
Name \eliminar: [2]RESUM96!#REF!
Name \eliminar: [2]RESUM96!#REF!
Name \eliminar: [2]RESUM96!#REF!
Name \eliminar: [2]RESUM96!#REF!
Name \eliminar: [2]RESUM96!#REF!
Name \eliminar: [2]RESUM96!#REF!
Name \eliminar: [2]RESUM96!#REF!
Name \eliminar1: [2]RESUM96!#REF!
Name \eliminar1: [2]RESUM96!#REF!
Name \eliminar1: [2]RESUM96!#REF!
Name \eliminar1: [2]RESUM96!#REF!
Name \eliminar1: [2]RESUM96!#REF!
Name \eliminar1: [2]RESUM96!#REF!
Name \eliminar1: [2]RESUM96!#REF!
Name \i: [3]INSUMOS!#REF!
Name \i: [3]INSUMOS!#REF!
Name \i: '[1]APU PVC'!#REF!
Name \i: '[1]APU PVC'!#REF!
Name \i: '[1]APU PVC'!#REF!
Name \i: '[1]APU PVC'!#REF!
Name \i: '[1]APU PVC'!#REF!
Name \m: [3]INSUMOS!#REF!
Name \m: [3]INSUMOS!#REF!
Name \m: '[1]APU PVC'!#REF!
Name \m: '[1]APU PVC'!#REF!
Name \m: '[1]APU PVC'!#REF!
Name \m: '[1]APU PVC'!#REF!
Name \m: '[1]APU PVC'!#REF!
Name \p: '[4]OPS&OMS'!$Z$2:$AE$23
Name \q: #REF!
Name \q: #REF!
Name \q: #REF!
Name \q: #REF!

Sheet RESUMEN
B2: MUNICIPIO DE TÁMESIS - ANTIOQUIA
B3: SECRETARÍA DE PLANEACIÓN - DEPENDENCIA DE INFRAESTRUCTURA Y OBRAS PÚBLICAS
B4: OPTIMIZACIÓN REDES DE ACUEDUCTO Y ALCANTARILLADO RESIDUAL Y PLUVIAL DEL MUNICIPIO DE TÁMESIS - ANTIOQUIA
D5: Distancia botadero | F5: 10 | G5: Distancia Fuente materiales | H5: 32
B6: ITEM | C6: DESCRIPCIÓN | G6: VALOR OBRA CIVIL | H6: VALOR SUMUNISTRO
B7: 1 | C7: PRESUPUESTO ALCANTARILLADO RESIDUAL | G7: =+'PPTO OFICIAL (Entidad)'!G58 -> 6.9711365e+09 | H7: =+'PPTO OFICIAL (Entidad)'!H58 -> 1.6523538e+09
B8: =+B7+1 -> 2 | C8: PRESUPUESTO ALCANTARILLADO PLUVIAL | G8: =+'PPTO OFICIAL (Entidad)'!G122 -> 5.0526354e+09 | H8: =+'PPTO OFICIAL (Entidad)'!H122 -> 8.1028726e+08
B9: =+B8+1 -> 3 | C9: PRESUPUESTO ACUEDUCTO | G9: =+'PPTO OFICIAL (Entidad)'!G8 -> 1.0174054e+09 | H9: =+'PPTO OFICIAL (Entidad)'!H8 -> 2.5884837e+08
B10: =+B9+1 -> 4 | C10: PRESUPUESTO OBRAS ADICIONALES | G10: =+'PPTO OFICIAL (Entidad)'!G242 -> 9.0270437e+08 | H10: =+'PPTO OFICIAL (Entidad)'!H242 -> 8.7878553e+08
E11: TOTAL COSTOS DE OBRA | G11: =ROUND(SUM(G7:G10),0) -> 13943881757
E12: =+#REF! -> #REF! | G12: =+#REF! -> #REF!
E13: 0.05 | G13: =+#REF! -> #REF!
E14: COSTOS INDIRECTOS (A+I+U) | G14: =ROUND(G13+G12,0) -> #REF!
E15: VALOR TOTAL OBRA (CD+CI) | G15: =+ROUND(G14+G11,0) -> #REF!
E17: TOTAL COSTOS DE SUMINISTRO | H17: =ROUND(SUM(H7:H10),0) -> 3600275009
E18: VALOR TOTAL OBRA + SUMINISTRO | H18: =+G15+H17 -> #REF!
E20: =+'PPTO OFICIAL (Entidad)'!F252 -> 0.01 | H20: =+ROUND(G11*E20,0) -> 139438818
C21: INTERVENTORIA DE OBRA CIVIL | G21: =+ROUND(H21/(G15+#REF!),4) -> #REF! | H21: 1343545658
C22: INTERVENTORIA DE SUMINISTROS | G22: 0.02 | H22: =ROUND($H$18*G22,0) -> #REF!
C23: TOTAL INTERVENTORIA | G23: =+H23/#REF! -> #REF! | H23: =SUM(H21:H22) -> #REF!
D24: Componente total MVCT 2%
B25: TOTAL COSTO OBRA+SUMINISTRO+INTERVENTORIA+IMPREVISTOS | H25: =+#REF!+H23+H24+H20 -> #REF!

Sheet PPTO OFICIAL (Entidad)
A2: GOBERNACIÓN DE ANTIOQUIA - SECRETARÍA DE MEDIO AMBIENTE
A3: OPTIMIZACIÓN REDES DE ACUEDUCTO Y ALCANTARILLADO RESIDUAL Y PLUVIAL DEL MUNICIPIO DE TÁMESIS - ANTIOQUIA
A5: PRESUPUESTO
A7: ESPEC. NEGC | B7: ÍTEM | C7: DESCRIPCIÓN | D7: UND | E7: CANTIDAD | F7: VALOR UNITARIO | G7: OBRA CIVIL | H7: SUMINISTROS
B8: 1 | C8: ACUEDUCTO | G8: 1.0174054e+09 | H8: 2.5884837e+08
B9: 1.1 | C9: ACTIVIDADES PRELIMINARES | G9: 1.7606428e+08 | H9: 0
A10: NC-MN-OC01-01 | B10: 1.1.1 | C10: Localización, trazado y replanteo | D10: ml | E10: 2129.5965 | F10: 3168 | G10: 6746561.6 | J10: 2129.5965
A11: NC-MN-OC03-01 | B11: 1.1.2 | C11: Excavación manual en cualquier material y grado de humedad, para nichos de investigación y trabajos no asociados directamente a la instalacion de las tuberias, no incluye botada | D11: m³ | E11: 18 | F11: 51003 | G11: 918054 | J11: 18
A12: NC-MN-OC03-01 | B12: 1.1.4 | C12: Excavación manual en material heterogéneo húmedo <2 m, no incluye entibado ni botada de material. (Domiciliarias) | D12: m³ | E12: 1926.5865 | F12: 49522 | G12: 95408417 | J12: 1926.5865
A13: NC-MN-OC05-05 | B13: 1.1.5 | C13: CORTE Y ROTURA DE PAVIMENTO ARTICULADO PARA ZANJAS | D13: m² | E13: 1298.1975 | F13: 33278 | G13: 43201416 | J13: 1298.1975
A14: NC-MN-OC05-01 | B14: 1.1.6 | C14: CORTE Y ROTURA DE PAVIMENTO RÍGIDO PARA ZANJAS e=0,20 m Incluye cargue, transporte y botada de escombros hasta 10km hasta el sitio que lo indique la interventoría. | D14: m² | E14: 916.61015 | F14: 32500 | G14: 29789830 | J14: 916.61015
B15: 1.2 | C15: EXCAVACIONES, RELLENOS Y TERRAPLÉN | G15: 3.9688556e+08 | H15: 0
A16: NC-MN-OC04-01 | B16: 1.2.1 | C16: Lleno compactado mecanicamente con material de préstamo densidad de compactación >90% PM TIPO BASE | D16: m³ | E16: 121.66121 | F16: 190848 | G16: 23218798 | J16: 121.66121
A17: NC-MN-OC04-01 | B17: 1.2.2 | C17: Lleno y apisonado de zanjas con material seleccionado de la excavación, densidad de compactación >90% PM | D17: m³ | E17: 1274.6994 | F17: 30277 | G17: 38594074 | J17: 1274.6994
A18: NC-MN-OC04-01 | B18: 1.2.3 | C18: Lleno con material granular, triturado de 3/4" para apoyo de tubería. Incluye transporte | D18: m³ | E18: 183.30078 | F18: 177250 | G18: 32490063 | J18: 183.30078
A19: NC-MN-OC05-05 | B19: 1.2.5 | C19: Concreto para pavimento rígido 24.5 MPa - (3500 PSI). Incluye junta en asfalto | D19: m³ | E19: 183.32203 | F19: 978407 | G19: 1.7936356e+08 | J19: 183.32203
A20: NC-MN-OC07-05 | B20: 1.2.6 | C20: Construcción de PISO EN ADOQUÍN CUADRADO EN CONCRETO DE 20x20x6cm. Incluye suministro y transporte de los adoquines, cama de asiento en arena limpia de 5 cm, sello de juntas en arena, cortes a máquina. Seguir recomendación del MEP y patrones de instalación del ICPC. El adoquín deberá resellarse por 2 veces con un lapso de 4 meses luego de su instalación y cumplir con la norma NTC 2017. | D20: m² | E20: 1298.1975 | F20: 73909 | G20: 95948477 | J20: 1298.1975
A21: NC-MN-OC01-04 | B21: 1.2.7 | C21: Retiro y botada de materiales resultantes de la excavacion y demoliciones a distancias mayores a 10 km. | D21: m3*km | E21: 10164.216 | F21: 2683 | G21: 27270592 | J21: 10164.216
B22: 1.3 | C22: Válvulas de compuerta, vastago no ascendente sello elástico bridada en los siguientes diámetros: | G22: 3191397 | H22: 39867660
A23: NC_AS_IL01_16 | B23: 1.3.1 | C23: Suministro Válvula de compuerta en hierro dúctil, vástago no ascendente, sello elástico, según norma de fabricación AWWWA C-515/509, extremo brida de 50 mm (2") | D23: un | E23: 9 | F23: 728521.2 | H23: 6556690.8 | J23: 9
A24: NC_AS_IL01_16 | B24: 1.3.2 | C24: Instalacion Válvula de compuerta en hierro dúctil, vástago no ascendente, sello elástico, según norma de fabricación AWWWA C-515/509, extremo brida de 50 mm (2") | D24: un | E24: 9 | F24: 96709 | G24: 870381 | J24: 9
A25: NC_AS_IL01_16 | B25: 1.3.3 | C25: Suministro Válvula de compuerta en hierro dúctil, vástago no ascendente, sello elástico, según norma de fabricación AWWWA C-515/509, extremo brida 75 mm (3") | D25: un | E25: 7 | F25: 1140544.2 | H25: 7983809.7 | J25: 7
A26: NC_AS_IL01_16 | B26: 1.3.4 | C26: Instalacion Válvula de compuerta en hierro dúctil, vástago no ascendente, sello elástico, según norma de fabricación AWWWA C-515/509, extremo brida 75 mm (3") | D26: un | E26: 7 | F26: 96709 | G26: 676963 | J26: 7
A27: NC_AS_IL01_16 | B27: 1.3.5 | C27: Suministro Válvula de compuerta en hierro dúctil, vástago no ascendente, sello elástico, según norma de fabricación AWWWA C-515/509, extremo brida 100mm (4") | D27: un | E27: 17 | F27: 1489832.9 | H27: 25327159 | J27: 17
A28: NC_AS_IL01_16 | B28: 1.3.6 | C28: Instalacion Válvula de compuerta en hierro dúctil, vástago no ascendente, sello elástico, según norma de fabricación AWWWA C-515/509, extremo brida 100mm (4") | D28: un | E28: 17 | F28: 96709 | G28: 1644053 | J28: 17 | Q28: 33
B29: 1.5 | C29: Suministro, transporte e instalación de redes | G29: 27327268 | H29: 2.1121938e+08
A30: NC_AS_IL01_34 | B30: 1.5.1 | C30: Suministro, transporte de tuberia PF+UAD de 15 mm para acometidas de acueducto | D30: ml | E30: 1596.2444 | F30: 3500.97 | H30: 5588403.6 | J30: 1596.2444
A31: NC_AS_IL01_34 | B31: 1.5.2 | C31: instalación de tuberia PF+UAD de 15 mm PVC-P para acometidas de acueducto | D31: ml | E31: 1596.2444 | F31: 1295 | G31: 2067136.5 | J31: 1596.2444
A32: NC_AS_IL01_34 | B32: 1.5.3 | C32: Suministro, transporte tuberia PVC 4" RDE 21 | D32: ml | E32: 2129.5965 | F32: 90260 | H32: 1.9221738e+08 | J32: 2129.5965
A33: NC_AS_IL01_34 | B33: 1.5.4 | C33: instalación de redes de tuberia PVC 4" RDE 21 | D33: ml | E33: 2129.5965 | F33: 10776 | G33: 22948532 | J33: 2129.5965 | P33: 3725.8408
A34: NC_AS_IL01_34 | B34: 1.5.5 | C34: ST collares de derivacion | D34: un | E34: 400 | F34: 33534 | H34: 13413600 | J34: 400
A35: NC_AS_IL01_34 | B35: 1.5.6 | C35: Instalacion collares de derivación | D35: un | E35: 400 | F35: 5779 | G35: 2311600 | J35: 400
B36: 1.6 | C36: URBANISMO | G36: 193929403 | H36: 7761332
A37: NC-MN-OC07-01 | B37: 1.6.1 | C37: Construcción y/o reconstrucción de cordones de andenes en concreto f`c = 210 kg/cm2 | D37: ml | E37: 240 | F37: 107324 | G37: 25757760 | J37: 240
A38: NC-MN-OC08-01 | B38: 1.6.2 | C38: Construcción de cuneta triangular en concreto de f´c = 3000PSI (21Mpa), ancho 0,40m, alto 0,20m y e=0,10m, incluye entresuelo en triturado de 0,10m de espesor, incluye Acero | D38: ml | E38: 240 | F38: 108608 | G38: 26065920 | J38: 240
A39: NC_AS_IL01_02 | B39: 1.6.3 | C39: Construcción de cajas para medidores de acueducto De 15 mm (1/2") de de 0.45m x 0.25m x 0.20m (Medidas internas) (TIPO EPM), con tapa metálica y marco | D39: un | E39: 400 | F39: 301072 | G39: 120428800 | J39: 400
A40: NC_AS_IL01_05 | B40: 1.6.4 | C40: Caja para válvula de 21 Mpa (0,4 x 0,4 X0,5m medidas internas e=0,10m) con tapa polimérica de 0,4x0,4m, incluye herraje | D40: un | E40: 34 | F40: 575835 | G40: 19578390 | J40: 34
A41: NC_AS_IL01_03 | B41: 1.6.5 | C41: Suministro de estación reguladora de presión de diámetro 2 pulg. | D41: un | E41: 1 | F41: 7761332 | H41: 7761332 | J41: 1
A42: NC_AS_IL01_03 | B42: 1.6.6 | C42: Intalación Estación reguladora de presión de diámetro 2 pulg. incluye construcción de caja | D42: un | E42: 1 | F42: 2098533 | G42: 2098533 | J42: 1
B43: 1.7 | C43: SEÑALIZACIÓN Y ELEMENTOS | G43: 12401908 | H43: 0
A44: N/A | B44: 1.7.1 | C44: Referenciación de elementos de acueducto y alcantarillado | D44: un | E44: 93 | F44: 27332 | G44: 2541876 | J44: 93
A45: N/A | B45: 1.7.2 | C45: Suministro, transporte y colocación de Cinta de Polietileno color azul e=10cm, para Señalización de redes de acueducto | D45: m | E45: 2129.5965 | F45: 4630 | G45: 9860031.7 | J45: 2129.5965
B46: 1.8 | C46: AUTOMATIZACIÓN PTAP | G46: 207605623 | H46: 0
A47: N/A | B47: 1.8.1 | C47: Suministro y transporte de Multiparamétrico: Medidor de Turbiedad y pH para agua cruda, rango Turbidez 0-4000NTU, rango Ph 0-14, Indicador montaje en Pared, alimentación 100-240Vac, marca ABB ref. AWT420-400 | D47: und | E47: 1 | F47: 35063847 | G47: 35063847 | J47: 1
A48: N/A | B48: 1.8.2 | C48: Suministro y transporte de Medidor de Turbiedad para agua tratada, rango Turbidez 0-40NTU, Indicador montaje en Pared, alimentación 120Vac, marca ABB ref. 4690 | D48: und | E48: 1 | F48: 32998346 | G48: 32998346 | J48: 1
A49: N/A | B49: 1.8.3 | C49: Suministro y transporte de Medidor de cloro residual y pH para agua tratada, rango cloro 0-20ppm , rango pH 0- 14, Indicador montaje en Pared, alimentación 120Vac, marca ABB ref. AW40 | D49: und | E49: 1 | F49: 48282910 | G49: 48282910 | J49: 1
A50: N/A | B50: 1.8.4 | C50: Suministro, transporte de PLC, módulos de entradas análogas para recibir multiparamétricos de agua cruda, agua tratada, nivel de tanque de almacenamiento, TV de 50 pulgadas con su base, tablero de control para almacenamiento de PLC | D50: und | E50: 1 | F50: 18172201 | G50: 18172201 | J50: 1
A51: N/A | B51: 1.8.5 | C51: Suministro, transporte de Cableado de control de multiparamétricos a PLC, de indicadores de caudal a PLC, cableado de sensor de nivel. | D51: und | E51: 1 | F51: 11992630 | G51: 11992630 | J51: 1
A52: N/A | B52: 1.8.6 | C52: Suministro, transporte de Medidor de Flujo electromagnético bridado de 12", alimentación 24Vdc, salida 4-20mA, indicación local, marca SEAMETRICS ref. iMAG4700-1200-F1-D1-L | D52: und | E52: 1 | F52: 32548276 | G52: 32548276 | J52: 1
A53: N/A | B53: 1.8.7 | C53: Suministro, transporte de Sensor de nivel tipo ultrasonido para tanque de 3 metros | D53: und | E53: 1 | F53: 9411696 | G53: 9411696 | J53: 1
A54: N/A | B54: 1.8.8 | C54: Instalación de todos los equipos de control y automatización Programación de runtime, programación de PLC, puesta en servicio, pruebas, manual de operación, capacitación en operación y acompañamiento en funcionamiento | D54: und | E54: 1 | F54: 14198130 | G54: 14198130 | J54: 1
A55: N/A | B55: 1.8.9 | C55: Adecuaciones eléctricas para instalación de equipos | D55: global | E55: 1 | F55: 4937587 | G55: 4937587 | J55: 1
A57: ESPEC. NEGC | B57: ÍTEM | C57: DESCRIPCIÓN | D57: UND | E57: CANTIDAD | F57: VALOR UNITARIO | G57: OBRA CIVIL | H57: SUMINISTROS | J57: CANTIDAD
B58: 2 | C58: AGUAS RESIDUALES | G58: 6.9711365e+09 | H58: 1.6523538e+09
B59: 2.1 | C59: ACTIVIDADES PRELIMINARES | G59: 4.22727e+08 | H59: 0
A60: NC-MN-OC01-01 | B60: 2.1.1 | C60: Localización, trazado y replanteo | D60: ml | E60: 7724.69 | F60: 3168 | G60: 24471818 | J60: 7724.69
A61: NC-MN-OC03-03 | B61: 2.1.2 | C61: nichos de investigación y trabajos no asociados directamente a la instalacion de las tuberias | D61: m³ | E61: 10 | F61: 51003 | G61: 510030 | J61: 10
A62: NC-MN-OC05-01 | B62: 2.1.3 | C62: CORTE Y ROTURA DE PAVIMENTO RÍGIDO PARA ZANJAS e=0,20 m Incluye cargue, transporte y botada de escombros hasta 10km hasta el sitio que lo indique la interventoría. | D62: m² | E62: 2432.9068 | F62: 32500 | G62: 79069470 | J62: 2432.9068
A63: NC-MN-OC05-01 | B63: 2.1.4 | C63: CORTE Y ROTURA DE PAVIMENTO ARTICULADO PARA ZANJAS | D63: m² | E63: 8738.8357 | F63: 33278 | G63: 2.9081097e+08 | J63: 8738.8357
A64: NC-MN-OC05-01 | B64: 2.1.5 | C64: Rotura y demolicion de andenes incluye, cargue, transporte y botada de escombro. Incluye retiro de cordones, enchape (baldosa, baldosín forros en arenón, madera, vinilo, granito esmerilado, concreto, pisos en gres, entre otros), Incluye cargue, transporte y botada de escombros hasta 10km hasta el sitio que lo indique la interventoría. | D64: m² | E64: 1016.96 | F64: 27400 | G64: 27864704 | J64: 1016.96
B65: 2.2 | C65: EXCAVACIONES , RELLENOS Y TERRAPLEN | G65: 2.5263665e+09 | H65: 0
A66: NC-MN-OC03-01 | B66: 2.2.1 | C66: Excavación mecánica en material heterogéneo húmedo <2 m, no incluye entibado ni botada | D66: m³ | E66: 2627.8642 | F66: 12536 | G66: 32942905 | J66: 2627.8642
A67: NC-MN-OC03-01 | B67: 2.2.2 | C67: Excavación manual en material heterogéneo húmedo <2 m, no incluye entibado ni botada. (Domiciliarias) | D67: m³ | E67: 12499.236 | F67: 49522 | G67: 6.1898715e+08 | J67: 12499.236
A68: NC-MN-OC03-01 | B68: 2.2.3 | C68: Excavación manual en material heterogéneo 2m - 4m, no incluye botada ni entibado. | D68: m³ | E68: 1157.7616 | F68: 63605 | G68: 73639430 | J68: 1157.7616
A69: NC-MN-OC03-01 | B69: 2.2.4 | C69: Excavación mecanica en material heterogéneo 2m - 4m, no incluye botada ni entibado. | D69: m³ | E69: 365.60894 | F69: 13975 | G69: 5109385 | J69: 365.60894
A70: NC-MN-OC03-01 | B70: 2.2.5 | C70: Excavación en Roca a cualquier profundidad y bajo cualquier condición de humedad por métodos no explosivos. No incluye botada | D70: m³ | E70: 366.11184 | F70: 236498 | G70: 86584718 | J70: 366.11184
A71: NC-MN-OC03-01 | B71: 2.2.6 | C71: Excavación en roca con compresor. No incluye botada | D71: m³ | E71: 1464.4474 | F71: 133307 | G71: 1.9522108e+08 | J71: 1464.4474
A72: NC_MN_OC03_02 | B72: 2.2.7 | C72: Entibado Continuo temporal de zanja EN MADERA (Hasta 4 Reusos) | D72: m² | E72: 7795.3124 | F72: 37241 | G72: 2.9030523e+08 | J72: 7795.3124
A73: NC_MN_OC08_16 | B73: 2.2.8 | C73: Lleno con material granular, triturado de 3/4" para apoyo de tubería. Incluye transporte | D73: m³ | E73: 1948.615 | F73: 177250 | G73: 3.4539202e+08 | J73: 1948.615
A74: NC-MN-OC04-01 | B74: 2.2.9 | C74: Lleno y apisonado de zanjas con material seleccionado de la excavación, densidad de compactación >90% PM | D74: m³ | E74: 9232.2268 | F74: 30277 | G74: 2.7952413e+08 | J74: 9232.2268
A75: NC-MN-OC04-01 | B75: 2.2.10 | C75: Lleno compactado mecanicamente con material de préstamo densidad de compactación >90% TIPO BASE. Incluye transporte | D75: m³ | E75: 1264.7882 | F75: 190848 | G75: 2.4138229e+08 | J75: 1264.7882
A76: NC_MN_OC02_01 | B76: 2.2.11 | C76: Demolición de cámaras de inspección MH | D76: m³ | E76: 150 | F76: 192476 | G76: 28871400 | J76: 150
A77: N/A | B77: 2.2.12 | C77: Manejo de aguas residuales | D77: ml | E77: 1751 | F77: 23480 | G77: 41113480 | J77: 1751
A78: NC-MN-OC01-04 | B78: 2.2.13 | C78: Retiro y botada de materiales resultantes de la excavacion y demoliciones a distancias mayores a 10 km. | D78: m3 | E78: 107079.13 | F78: 2683 | G78: 2.8729331e+08 | J78: 107079.13
B79: 3.1 | C79: ESTRUCTURAS | G79: 1.7394381e+09 | H79: 0
A80: NC_AS_IL02_05 | B80: 3.1.1 | C80: Construcción de cilindro para cámara de inspección MH Ø1,2m de concreto de 21 Mpa (3000 PSI). Incluye los pedaños de escalera | D80: ml | E80: 296.176 | F80: 1651735 | G80: 4.8920427e+08 | J80: 296.176
A81: NC-MN-OC07-01 | B81: 3.1.2 | C81: Construcción de cono concentrico, cuello, base y cañuela para MH de Ø1,2m. Incluye suministro e nistalación de tapa | D81: Und | E81: 270 | F81: 2118015 | G81: 571864050 | J81: 270
A82: NC-MN-OC07-01 | B82: 3.1.3 | C82: Construcción de caja de empalme fundida in situ de (45x45)cm H= 0,80 | D82: Und | E82: 1589 | F82: 384820 | G82: 611478980 | J82: 1589
A83: NC-MN-OC07-01 | B83: 3.1.4 | C83: Suministro, transporte e instalación de Concreto f'c = 210 kg/cm2 para estructuras especiales, atraques y empotramientos | D83: m³ | E83: 35.929922 | F83: 1146300 | G83: 41186469 | J83: 35.929922
A84: NC_AS_IL02_09 | B84: 3.1.6 | C84: Construccion cámara de caída de 315 mm en PVC | D84: ML | E84: 30.975 | F84: 829842 | G84: 25704356 | J84: 30.975 | L84: 30.975
B85: 4.1 | C85: ALCANTARILLADO Y AGUAS RESIDUALES | G85: 1.7194388e+08 | H85: 1.6523538e+09
A86: NTC-3722-1 | B86: 4.1.1 | C86: Suministro de tubería de 6" de Pared Estructural para Alcantarillado, según Norma NTC 3722-1 (Novafort o Similar) para conexiones domiciliarias | D86: ml | E86: 7945.3928 | F86: 48124 | H86: 3.8236409e+08 | J86: 7945.3928
A87: NTC-3722-1 | B87: 4.1.2 | C87: instalación de tubería de 6" de Pared Estructural para Alcantarillado, según Norma NTC 3722-1 (Novafort o Similar) para conexiones domiciliarias | D87: ml | E87: 7945.3928 | F87: 5780 | G87: 45924371 | J87: 7945.3928
A88: NTC-3722-1 | B88: 4.1.3 | C88: Suministro de tubería de 8" de Pared Estructural para Alcantarillado, según Norma NTC 3722-1 (Novafort o Similar) para conexiones domiciliarias | D88: ml | E88: 1742.2983 | F88: 68492 | H88: 1.193335e+08 | J88: 1742.2983
A89: NTC-3722-1 | B89: 4.1.4 | C89: instalación de tubería de 8" de Pared Estructural para Alcantarillado, según Norma NTC 3722-1 (Novafort o Similar) para conexiones domiciliarias | D89: ml | E89: 1742.2983 | F89: 6120 | G89: 10662866 | J89: 1742.2983
A90: NTC-3722-1 | B90: 4.1.5 | C90: Suministro de tubería de 10" de Pared Estructural para Alcantarillado, según Norma NTC 3722-1 (Novafort o Similar) para conexiones domiciliarias | D90: ml | E90: 1505.071 | F90: 71226 | H90: 1.0720019e+08 | J90: 1505.071
A91: NTC-3722-1 | B91: 4.1.6 | C91: instalación de tubería de 10" de Pared Estructural para Alcantarillado, según Norma NTC 3722-1 (Novafort o Similar) para conexiones domiciliarias | D91: ml | E91: 1505.071 | F91: 8501 | G91: 12794609 | J91: 1505.071
A92: NTC-3722-1 | B92: 4.1.7 | C92: Suministro de tubería de 12" de Pared Estructural para Alcantarillado, según Norma NTC 3722-1 (Novafort o Similar) para conexiones domiciliarias | D92: ml | E92: 3101.8824 | F92: 104974 | H92: 3.2561701e+08 | J92: 3101.8824
A93: NTC-3722-1 | B93: 4.1.8 | C93: instalación de tubería de 12" de Pared Estructural para Alcantarillado, según Norma NTC 3722-1 (Novafort o Similar) para conexiones domiciliarias | D93: ml | E93: 3101.8824 | F93: 8840 | G93: 27420641 | J93: 3101.8824
A94: NTC-3722-1 | B94: 4.1.9 | C94: Suministro de tubería de 14" de Pared Estructural para Alcantarillado, según Norma NTC 3722-1 (Novafort o Similar) para conexiones domiciliarias | D94: ml | E94: 561.46893 | F94: 214210 | H94: 1.2027226e+08 | J94: 561.46893
A95: NTC-3722-1 | B95: 4.1.10 | C95: instalación de tubería de 14" de Pared Estructural para Alcantarillado, según Norma NTC 3722-1 (Novafort o Similar) para conexiones domiciliarias | D95: ml | E95: 561.46893 | F95: 9690 | G95: 5440633.9 | J95: 561.46893
A96: NTC-3722-1 | B96: 4.1.11 | C96: Suministro de tubería de 16" de Pared Estructural para Alcantarillado, según Norma NTC 3722-1 (Novafort o Similar) para conexiones domiciliarias | D96: ml | E96: 297.42824 | F96: 261987 | H96: 77922332 | J96: 297.42824
A97: NTC-3722-1 | B97: 4.1.12 | C97: instalación de tubería de 16" de Pared Estructural para Alcantarillado, según Norma NTC 3722-1 (Novafort o Similar) para conexiones domiciliarias | D97: ml | E97: 297.42824 | F97: 12581 | G97: 3741944.7 | J97: 297.42824 | K97: 15153.542
A98: NTC-3722-1 | B98: 4.1.13 | C98: Suministro y Transporte kit Silla Yee PVC de 8"x6" | D98: Und | E98: 449 | F98: 216401 | H98: 97164049 | J98: 449
A99: NTC-3722-1 | B99: 4.1.14 | C99: Instalación de kit Silla Yee PVC de 8"x6" | D99: Und | E99: 449 | F99: 19126 | G99: 8587574 | J99: 449
A100: NTC-3722-1 | B100: 4.1.15 | C100: Suministro y Transporte kit Silla Yee PVC de 10"x6" | D100: Und | E100: 333 | F100: 256217 | H100: 85320261 | J100: 333
A101: NTC-3722-1 | B101: 4.1.16 | C101: Instalación de kit Silla Yee PVC de 10"x6" | D101: Und | E101: 333 | F101: 20402 | G101: 6793866 | J101: 333
A102: NTC-3722-1 | B102: 4.1.17 | C102: Suministro y Transporte kit Silla Yee PVC de 12"x6" | D102: Und | E102: 609 | F102: 265995 | H102: 161990955 | J102: 609
A103: NTC-3722-1 | B103: 4.1.18 | C103: Instalación de kit Silla Yee PVC de 12"x6" | D103: Und | E103: 609 | F103: 21251 | G103: 12941859 | J103: 609
A104: NTC-3722-1 | B104: 4.1.19 | C104: Suministro y Transporte kit Silla Yee PVC de 14"x6" | D104: Und | E104: 119 | F104: 375471 | H104: 44681049 | J104: 119
...

Sheet PROPUESTA ECONOMICA (Proponente
A2: GOBERNACIÓN DE ANTIOQUIA - SECRETARÍA DE MEDIO AMBIENTE
A3: OPTIMIZACIÓN REDES DE ACUEDUCTO Y ALCANTARILLADO RESIDUAL Y PLUVIAL DEL MUNICIPIO DE TÁMESIS - ANTIOQUIA
A5: PRESUPUESTO
A7: ESPEC. NEGC | B7: ÍTEM | C7: DESCRIPCIÓN | D7: UND | E7: CANTIDAD | F7: VALOR UNITARIO | G7: OBRA CIVIL | H7: SUMINISTROS
B8: 1 | C8: ACUEDUCTO
B9: 1.1 | C9: ACTIVIDADES PRELIMINARES
A10: NC-MN-OC01-01 | B10: 1.1.1 | C10: Localización, trazado y replanteo | D10: ml | E10: 2129.5965 | J10: 2129.5965
A11: NC-MN-OC03-01 | B11: 1.1.2 | C11: Excavación manual en cualquier material y grado de humedad, para nichos de investigación y trabajos no asociados directamente a la instalacion de las tuberias, no incluye botada | D11: m³ | E11: 18 | J11: 18
A12: NC-MN-OC03-01 | B12: 1.1.4 | C12: Excavación manual en material heterogéneo húmedo <2 m, no incluye entibado ni botada de material. (Domiciliarias) | D12: m³ | E12: 1926.5865 | J12: 1926.5865
A13: NC-MN-OC05-05 | B13: 1.1.5 | C13: CORTE Y ROTURA DE PAVIMENTO ARTICULADO PARA ZANJAS | D13: m² | E13: 1298.1975 | J13: 1298.1975
A14: NC-MN-OC05-01 | B14: 1.1.6 | C14: CORTE Y ROTURA DE PAVIMENTO RÍGIDO PARA ZANJAS e=0,20 m Incluye cargue, transporte y botada de escombros hasta 10km hasta el sitio que lo indique la interventoría. | D14: m² | E14: 916.61015 | J14: 916.61015
B15: 1.2 | C15: EXCAVACIONES, RELLENOS Y TERRAPLÉN
A16: NC-MN-OC04-01 | B16: 1.2.1 | C16: Lleno compactado mecanicamente con material de préstamo densidad de compactación >90% PM TIPO BASE | D16: m³ | E16: 121.66121 | J16: 121.66121
A17: NC-MN-OC04-01 | B17: 1.2.2 | C17: Lleno y apisonado de zanjas con material seleccionado de la excavación, densidad de compactación >90% PM | D17: m³ | E17: 1274.6994 | J17: 1274.6994
A18: NC-MN-OC04-01 | B18: 1.2.3 | C18: Lleno con material granular, triturado de 3/4" para apoyo de tubería. Incluye transporte | D18: m³ | E18: 183.30078 | J18: 183.30078
A19: NC-MN-OC05-05 | B19: 1.2.5 | C19: Concreto para pavimento rígido 24.5 MPa - (3500 PSI). Incluye junta en asfalto | D19: m³ | E19: 183.32203 | J19: 183.32203
A20: NC-MN-OC07-05 | B20: 1.2.6 | C20: Construcción de PISO EN ADOQUÍN CUADRADO EN CONCRETO DE 20x20x6cm. Incluye suministro y transporte de los adoquines, cama de asiento en arena limpia de 5 cm, sello de juntas en arena, cortes a máquina. Seguir recomendación del MEP y patrones de instalación del ICPC. El adoquín deberá resellarse por 2 veces con un lapso de 4 meses luego de su instalación y cumplir con la norma NTC 2017. | D20: m² | E20: 1298.1975 | J20: 1298.1975
A21: NC-MN-OC01-04 | B21: 1.2.7 | C21: Retiro y botada de materiales resultantes de la excavacion y demoliciones a distancias mayores a 10 km. | D21: m3*km | E21: 10164.216 | J21: 10164.216
B22: 1.3 | C22: Válvulas de compuerta, vastago no ascendente sello elástico bridada en los siguientes diámetros:
A23: NC_AS_IL01_16 | B23: 1.3.1 | C23: Suministro Válvula de compuerta en hierro dúctil, vástago no ascendente, sello elástico, según norma de fabricación AWWWA C-515/509, extremo brida de 50 mm (2") | D23: un | E23: 9 | J23: 9
A24: NC_AS_IL01_16 | B24: 1.3.2 | C24: Instalacion Válvula de compuerta en hierro dúctil, vástago no ascendente, sello elástico, según norma de fabricación AWWWA C-515/509, extremo brida de 50 mm (2") | D24: un | E24: 9 | J24: 9
A25: NC_AS_IL01_16 | B25: 1.3.3 | C25: Suministro Válvula de compuerta en hierro dúctil, vástago no ascendente, sello elástico, según norma de fabricación AWWWA C-515/509, extremo brida 75 mm (3") | D25: un | E25: 7 | J25: 7
A26: NC_AS_IL01_16 | B26: 1.3.4 | C26: Instalacion Válvula de compuerta en hierro dúctil, vástago no ascendente, sello elástico, según norma de fabricación AWWWA C-515/509, extremo brida 75 mm (3") | D26: un | E26: 7 | J26: 7
A27: NC_AS_IL01_16 | B27: 1.3.5 | C27: Suministro Válvula de compuerta en hierro dúctil, vástago no ascendente, sello elástico, según norma de fabricación AWWWA C-515/509, extremo brida 100mm (4") | D27: un | E27: 17 | J27: 17
A28: NC_AS_IL01_16 | B28: 1.3.6 | C28: Instalacion Válvula de compuerta en hierro dúctil, vástago no ascendente, sello elástico, según norma de fabricación AWWWA C-515/509, extremo brida 100mm (4") | D28: un | E28: 17 | J28: 17 | Q28: 33
B29: 1.5 | C29: Suministro, transporte e instalación de redes
A30: NC_AS_IL01_34 | B30: 1.5.1 | C30: Suministro, transporte de tuberia PF+UAD de 15 mm para acometidas de acueducto | D30: ml | E30: 1596.2444 | J30: 1596.2444
A31: NC_AS_IL01_34 | B31: 1.5.2 | C31: instalación de tuberia PF+UAD de 15 mm PVC-P para acometidas de acueducto | D31: ml | E31: 1596.2444 | J31: 1596.2444
A32: NC_AS_IL01_34 | B32: 1.5.3 | C32: Suministro, transporte tuberia PVC 4" RDE 21 | D32: ml | E32: 2129.5965 | J32: 2129.5965
A33: NC_AS_IL01_34 | B33: 1.5.4 | C33: instalación de redes de tuberia PVC 4" RDE 21 | D33: ml | E33: 2129.5965 | J33: 2129.5965 | P33: 3725.8408
A34: NC_AS_IL01_34 | B34: 1.5.5 | C34: ST collares de derivacion | D34: un | E34: 400 | J34: 400
A35: NC_AS_IL01_34 | B35: 1.5.6 | C35: Instalacion collares de derivación | D35: un | E35: 400 | J35: 400
B36: 1.6 | C36: URBANISMO
A37: NC-MN-OC07-01 | B37: 1.6.1 | C37: Construcción y/o reconstrucción de cordones de andenes en concreto f`c = 210 kg/cm2 | D37: ml | E37: 240 | J37: 240
A38: NC-MN-OC08-01 | B38: 1.6.2 | C38: Construcción de cuneta triangular en concreto de f´c = 3000PSI (21Mpa), ancho 0,40m, alto 0,20m y e=0,10m, incluye entresuelo en triturado de 0,10m de espesor, incluye Acero | D38: ml | E38: 240 | J38: 240
A39: NC_AS_IL01_02 | B39: 1.6.3 | C39: Construcción de cajas para medidores de acueducto De 15 mm (1/2") de de 0.45m x 0.25m x 0.20m (Medidas internas) (TIPO EPM), con tapa metálica y marco | D39: un | E39: 400 | J39: 400
A40: NC_AS_IL01_05 | B40: 1.6.4 | C40: Caja para válvula de 21 Mpa (0,4 x 0,4 X0,5m medidas internas e=0,10m) con tapa polimérica de 0,4x0,4m, incluye herraje | D40: un | E40: 34 | J40: 34
A41: NC_AS_IL01_03 | B41: 1.6.5 | C41: Suministro de estación reguladora de presión de diámetro 2 pulg. | D41: un | E41: 1 | J41: 1
A42: NC_AS_IL01_03 | B42: 1.6.6 | C42: Intalación Estación reguladora de presión de diámetro 2 pulg. incluye construcción de caja | D42: un | E42: 1 | J42: 1
B43: 1.7 | C43: SEÑALIZACIÓN Y ELEMENTOS
A44: N/A | B44: 1.7.1 | C44: Referenciación de elementos de acueducto y alcantarillado | D44: un | E44: 93 | J44: 93
A45: N/A | B45: 1.7.2 | C45: Suministro, transporte y colocación de Cinta de Polietileno color azul e=10cm, para Señalización de redes de acueducto | D45: m | E45: 2129.5965 | J45: 2129.5965
B46: 1.8 | C46: AUTOMATIZACIÓN PTAP
A47: N/A | B47: 1.8.1 | C47: Suministro y transporte de Multiparamétrico: Medidor de Turbiedad y pH para agua cruda, rango Turbidez 0-4000NTU, rango Ph 0-14, Indicador montaje en Pared, alimentación 100-240Vac, marca ABB ref. AWT420-400 | D47: und | E47: 1 | J47: 1
A48: N/A | B48: 1.8.2 | C48: Suministro y transporte de Medidor de Turbiedad para agua tratada, rango Turbidez 0-40NTU, Indicador montaje en Pared, alimentación 120Vac, marca ABB ref. 4690 | D48: und | E48: 1 | J48: 1
A49: N/A | B49: 1.8.3 | C49: Suministro y transporte de Medidor de cloro residual y pH para agua tratada, rango cloro 0-20ppm , rango pH 0- 14, Indicador montaje en Pared, alimentación 120Vac, marca ABB ref. AW40 | D49: und | E49: 1 | J49: 1
A50: N/A | B50: 1.8.4 | C50: Suministro, transporte de PLC, módulos de entradas análogas para recibir multiparamétricos de agua cruda, agua tratada, nivel de tanque de almacenamiento, TV de 50 pulgadas con su base, tablero de control para almacenamiento de PLC | D50: und | E50: 1 | J50: 1
A51: N/A | B51: 1.8.5 | C51: Suministro, transporte de Cableado de control de multiparamétricos a PLC, de indicadores de caudal a PLC, cableado de sensor de nivel. | D51: und | E51: 1 | J51: 1
A52: N/A | B52: 1.8.6 | C52: Suministro, transporte de Medidor de Flujo electromagnético bridado de 12", alimentación 24Vdc, salida 4-20mA, indicación local, marca SEAMETRICS ref. iMAG4700-1200-F1-D1-L | D52: und | E52: 1 | J52: 1
A53: N/A | B53: 1.8.7 | C53: Suministro, transporte de Sensor de nivel tipo ultrasonido para tanque de 3 metros | D53: und | E53: 1 | J53: 1
A54: N/A | B54: 1.8.8 | C54: Instalación de todos los equipos de control y automatización Programación de runtime, programación de PLC, puesta en servicio, pruebas, manual de operación, capacitación en operación y acompañamiento en funcionamiento | D54: und | E54: 1 | J54: 1
A55: N/A | B55: 1.8.9 | C55: Adecuaciones eléctricas para instalación de equipos | D55: global | E55: 1 | J55: 1
A57: ESPEC. NEGC | B57: ÍTEM | C57: DESCRIPCIÓN | D57: UND | E57: CANTIDAD | F57: VALOR UNITARIO | G57: OBRA CIVIL | H57: SUMINISTROS | J57: CANTIDAD
B58: 2 | C58: AGUAS RESIDUALES
B59: 2.1 | C59: ACTIVIDADES PRELIMINARES
A60: NC-MN-OC01-01 | B60: 2.1.1 | C60: Localización, trazado y replanteo | D60: ml | E60: 7724.69 | J60: 7724.69
A61: NC-MN-OC03-03 | B61: 2.1.2 | C61: nichos de investigación y trabajos no asociados directamente a la instalacion de las tuberias | D61: m³ | E61: 10 | J61: 10
A62: NC-MN-OC05-01 | B62: 2.1.3 | C62: CORTE Y ROTURA DE PAVIMENTO RÍGIDO PARA ZANJAS e=0,20 m Incluye cargue, transporte y botada de escombros hasta 10km hasta el sitio que lo indique la interventoría. | D62: m² | E62: 2432.9068 | J62: 2432.9068
A63: NC-MN-OC05-01 | B63: 2.1.4 | C63: CORTE Y ROTURA DE PAVIMENTO ARTICULADO PARA ZANJAS | D63: m² | E63: 8738.8357 | J63: 8738.8357
A64: NC-MN-OC05-01 | B64: 2.1.5 | C64: Rotura y demolicion de andenes incluye, cargue, transporte y botada de escombro. Incluye retiro de cordones, enchape (baldosa, baldosín forros en arenón, madera, vinilo, granito esmerilado, concreto, pisos en gres, entre otros), Incluye cargue, transporte y botada de escombros hasta 10km hasta el sitio que lo indique la interventoría. | D64: m² | E64: 1016.96 | J64: 1016.96
B65: 2.2 | C65: EXCAVACIONES , RELLENOS Y TERRAPLEN
A66: NC-MN-OC03-01 | B66: 2.2.1 | C66: Excavación mecánica en material heterogéneo húmedo <2 m, no incluye entibado ni botada | D66: m³ | E66: 2627.8642 | J66: 2627.8642
A67: NC-MN-OC03-01 | B67: 2.2.2 | C67: Excavación manual en material heterogéneo húmedo <2 m, no incluye entibado ni botada. (Domiciliarias) | D67: m³ | E67: 12499.236 | J67: 12499.236
A68: NC-MN-OC03-01 | B68: 2.2.3 | C68: Excavación manual en material heterogéneo 2m - 4m, no incluye botada ni entibado. | D68: m³ | E68: 1157.7616 | J68: 1157.7616
A69: NC-MN-OC03-01 | B69: 2.2.4 | C69: Excavación mecanica en material heterogéneo 2m - 4m, no incluye botada ni entibado. | D69: m³ | E69: 365.60894 | J69: 365.60894
A70: NC-MN-OC03-01 | B70: 2.2.5 | C70: Excavación en Roca a cualquier profundidad y bajo cualquier condición de humedad por métodos no explosivos. No incluye botada | D70: m³ | E70: 366.11184 | J70: 366.11184
A71: NC-MN-OC03-01 | B71: 2.2.6 | C71: Excavación en roca con compresor. No incluye botada | D71: m³ | E71: 1464.4474 | J71: 1464.4474
A72: NC_MN_OC03_02 | B72: 2.2.7 | C72: Entibado Continuo temporal de zanja EN MADERA (Hasta 4 Reusos) | D72: m² | E72: 7795.3124 | J72: 7795.3124
A73: NC_MN_OC08_16 | B73: 2.2.8 | C73: Lleno con material granular, triturado de 3/4" para apoyo de tubería. Incluye transporte | D73: m³ | E73: 1948.615 | J73: 1948.615
A74: NC-MN-OC04-01 | B74: 2.2.9 | C74: Lleno y apisonado de zanjas con material seleccionado de la excavación, densidad de compactación >90% PM | D74: m³ | E74: 9232.2268 | J74: 9232.2268
A75: NC-MN-OC04-01 | B75: 2.2.10 | C75: Lleno compactado mecanicamente con material de préstamo densidad de compactación >90% TIPO BASE. Incluye transporte | D75: m³ | E75: 1264.7882 | J75: 1264.7882
A76: NC_MN_OC02_01 | B76: 2.2.11 | C76: Demolición de cámaras de inspección MH | D76: m³ | E76: 150 | J76: 150
A77: N/A | B77: 2.2.12 | C77: Manejo de aguas residuales | D77: ml | E77: 1751 | J77: 1751
A78: NC-MN-OC01-04 | B78: 2.2.13 | C78: Retiro y botada de materiales resultantes de la excavacion y demoliciones a distancias mayores a 10 km. | D78: m3 | E78: 107079.13 | J78: 107079.13
B79: 3.1 | C79: ESTRUCTURAS
A80: NC_AS_IL02_05 | B80: 3.1.1 | C80: Construcción de cilindro para cámara de inspección MH Ø1,2m de concreto de 21 Mpa (3000 PSI). Incluye los pedaños de escalera | D80: ml | E80: 296.176 | J80: 296.176
A81: NC-MN-OC07-01 | B81: 3.1.2 | C81: Construcción de cono concentrico, cuello, base y cañuela para MH de Ø1,2m. Incluye suministro e nistalación de tapa | D81: Und | E81: 270 | J81: 270
A82: NC-MN-OC07-01 | B82: 3.1.3 | C82: Construcción de caja de empalme fundida in situ de (45x45)cm H= 0,80 | D82: Und | E82: 1589 | J82: 1589
A83: NC-MN-OC07-01 | B83: 3.1.4 | C83: Suministro, transporte e instalación de Concreto f'c = 210 kg/cm2 para estructuras especiales, atraques y empotramientos | D83: m³ | E83: 35.929922 | J83: 35.929922
A84: NC_AS_IL02_09 | B84: 3.1.6 | C84: Construccion cámara de caída de 315 mm en PVC | D84: ML | E84: 30.975 | J84: 30.975 | L84: 30.975
B85: 4.1 | C85: ALCANTARILLADO Y AGUAS RESIDUALES
A86: NTC-3722-1 | B86: 4.1.1 | C86: Suministro de tubería de 6" de Pared Estructural para Alcantarillado, según Norma NTC 3722-1 (Novafort o Similar) para conexiones domiciliarias | D86: ml | E86: 7945.3928 | J86: 7945.3928
A87: NTC-3722-1 | B87: 4.1.2 | C87: instalación de tubería de 6" de Pared Estructural para Alcantarillado, según Norma NTC 3722-1 (Novafort o Similar) para conexiones domiciliarias | D87: ml | E87: 7945.3928 | J87: 7945.3928
A88: NTC-3722-1 | B88: 4.1.3 | C88: Suministro de tubería de 8" de Pared Estructural para Alcantarillado, según Norma NTC 3722-1 (Novafort o Similar) para conexiones domiciliarias | D88: ml | E88: 1742.2983 | J88: 1742.2983
A89: NTC-3722-1 | B89: 4.1.4 | C89: instalación de tubería de 8" de Pared Estructural para Alcantarillado, según Norma NTC 3722-1 (Novafort o Similar) para conexiones domiciliarias | D89: ml | E89: 1742.2983 | J89: 1742.2983
A90: NTC-3722-1 | B90: 4.1.5 | C90: Suministro de tubería de 10" de Pared Estructural para Alcantarillado, según Norma NTC 3722-1 (Novafort o Similar) para conexiones domiciliarias | D90: ml | E90: 1505.071 | J90: 1505.071
A91: NTC-3722-1 | B91: 4.1.6 | C91: instalación de tubería de 10" de Pared Estructural para Alcantarillado, según Norma NTC 3722-1 (Novafort o Similar) para conexiones domiciliarias | D91: ml | E91: 1505.071 | J91: 1505.071
A92: NTC-3722-1 | B92: 4.1.7 | C92: Suministro de tubería de 12" de Pared Estructural para Alcantarillado, según Norma NTC 3722-1 (Novafort o Similar) para conexiones domiciliarias | D92: ml | E92: 3101.8824 | J92: 3101.8824
A93: NTC-3722-1 | B93: 4.1.8 | C93: instalación de tubería de 12" de Pared Estructural para Alcantarillado, según Norma NTC 3722-1 (Novafort o Similar) para conexiones domiciliarias | D93: ml | E93: 3101.8824 | J93: 3101.8824
A94: NTC-3722-1 | B94: 4.1.9 | C94: Suministro de tubería de 14" de Pared Estructural para Alcantarillado, según Norma NTC 3722-1 (Novafort o Similar) para conexiones domiciliarias | D94: ml | E94: 561.46893 | J94: 561.46893
A95: NTC-3722-1 | B95: 4.1.10 | C95: instalación de tubería de 14" de Pared Estructural para Alcantarillado, según Norma NTC 3722-1 (Novafort o Similar) para conexiones domiciliarias | D95: ml | E95: 561.46893 | J95: 561.46893
A96: NTC-3722-1 | B96: 4.1.11 | C96: Suministro de tubería de 16" de Pared Estructural para Alcantarillado, según Norma NTC 3722-1 (Novafort o Similar) para conexiones domiciliarias | D96: ml | E96: 297.42824 | J96: 297.42824
A97: NTC-3722-1 | B97: 4.1.12 | C97: instalación de tubería de 16" de Pared Estructural para Alcantarillado, según Norma NTC 3722-1 (Novafort o Similar) para conexiones domiciliarias | D97: ml | E97: 297.42824 | J97: 297.42824 | K97: 15153.542
A98: NTC-3722-1 | B98: 4.1.13 | C98: Suministro y Transporte kit Silla Yee PVC de 8"x6" | D98: Und | E98: 449 | J98: 449
A99: NTC-3722-1 | B99: 4.1.14 | C99: Instalación de kit Silla Yee PVC de 8"x6" | D99: Und | E99: 449 | J99: 449
A100: NTC-3722-1 | B100: 4.1.15 | C100: Suministro y Transporte kit Silla Yee PVC de 10"x6" | D100: Und | E100: 333 | J100: 333
A101: NTC-3722-1 | B101: 4.1.16 | C101: Instalación de kit Silla Yee PVC de 10"x6" | D101: Und | E101: 333 | J101: 333
A102: NTC-3722-1 | B102: 4.1.17 | C102: Suministro y Transporte kit Silla Yee PVC de 12"x6" | D102: Und | E102: 609 | J102: 609
A103: NTC-3722-1 | B103: 4.1.18 | C103: Instalación de kit Silla Yee PVC de 12"x6" | D103: Und | E103: 609 | J103: 609
A104: NTC-3722-1 | B104: 4.1.19 | C104: Suministro y Transporte kit Silla Yee PVC de 14"x6" | D104: Und | E104: 119 | J104: 119
...

Sheet APU ITEM DE PAGO
C2: =+RESUMEN!B4 -> OPTIMIZACIÓN REDES DE ACUEDUCTO Y ALCANTARILLADO RESIDUAL Y PLUVIAL DEL MUNICIPIO DE TÁMESIS - ANTIOQUIA
A3: CAPITULO | B3: ITEM | C3: Descripción | H3: U.M.
A6: 1. MATERIALES
A7: DESCRIPCIÓN | E7: UNIDAD | F7: CANTIDAD | G7: V/UNITARIO | H7: V/TOTAL
H8: =ROUND(F8*G8,2) -> 0
H9: =IF(OR(F9="",G9=""),"",ROUND(F9*G9,0))
H10: =IF(OR(F10="",G10=""),"",ROUND(F10*G10,0))
G11: SUBTOTAL | H11: =SUM(H8:H10) -> 0
A13: 2. MAQUINARIA Y EQUIPO
A14: DESCRIPCIÓN | E14: UNIDAD | F14: Rendimiento | G14: V/UNITARIO | H14: V/TOTAL
A15: HERRAMIENTA Y EQUIPO MENOR (%M.O) | E15: % | F15: 0.05 | G15: =+H29 -> 0
G17: SUBTOTAL | H17: =+H15 -> 0
A19: 3. TRANSPORTE
A20: DESCRIPCIÓN | E20: UNIDAD | F20: Rendimiento | G20: V/UNITARIO | H20: V/TOTAL
H21: =ROUND(F21*G21,2) -> 0
H22: =IF(OR(F22="",G22=""),"",ROUND(F22*G22,0))
G23: SUBTOTAL | H23: =SUM(H21:H22) -> 0
A25: 4. MANO DE OBRA
A26: DESCRIPCIÓN | E26: UNIDAD | F26: V/UNITARIO | G26: Rendimiento | H26: V/TOTAL
A27: =+#REF! -> #REF! | E27: JORNAL
G29: SUBTOTAL
F31: COSTOS DIRECTOS | H31: =ROUND(H29+H23+H17+H11,0) -> 0

Sheet PPTO ACTO
B1: MUNICIPIO DE TÁMESIS - ANTIOQUIA
B2: SECRETARÍA DE PLANEACIÓN - DEPENDENCIA DE INFRAESTRUCTURA Y OBRAS PÚBLICAS
B3: CONSTRUCCIÓN DE PLAN MAESTRO DE ACUEDUCTO Y ALCANTARILLADO EN EL MUNICIPIO DE TÁMESIS - ANTIOQUIA
D4: Distancia botadero | F4: 10 | G4: Distancia Fuente materiales | H4: =+RESUMEN!H5 -> 32
B5: ITEM | C5: DESCRIPCIÓN | D5: UNIDAD | E5: CANTIDAD TOTAL | F5: VALOR UNITARIO | G5: VALOR OBRA CIVIL | H5: VALOR SUMUNISTRO
B6: 1 | C6: PRELIMINARES | G6: =SUM(G7:G11) -> #REF! | H6: =ROUND(SUM(H7:H11),2) -> 0 | J6: =G6*1.32 -> #REF! | K6: =G6*1.32 -> #REF!
B7: =B6+0.01 -> 1.01 | C7: Localización, trazado y replanteo | D7: ml | E7: 2007 | F7: =+'APU ITEM DE PAGO'!$H$31 -> 0 | G7: =ROUND(F7*E7,2) -> 0 | I7: =+ROUND(E7,0) -> 2007
B8: =B7+0.01 -> 1.02 | C8: Excavación manual en cualquier material y grado de humedad, para nichos de investigación y trabajos no asociados directamente a la instalacion de las tuberias | D8: m³ | E8: 18 | F8: =+'APU ITEM DE PAGO'!#REF! -> #REF! | G8: =ROUND(F8*E8,2) -> #REF! | I8: =+ROUND(E8,0) -> 18
B9: =B8+0.01 -> 1.03 | C9: Excavación manual en material heterogéneo húmedo <2 m, no incluye entibado. (Domiciliarias) | D9: m³ | E9: 1444 | F9: =+'APU ITEM DE PAGO'!#REF! -> #REF! | G9: =ROUND(F9*E9,2) -> #REF! | I9: =+ROUND(E9,0) -> 1444
B10: =B9+0.01 -> 1.04 | C10: CORTE Y ROTURA DE PAVIMENTO ARTICULADO PARA ZANJAS | D10: m² | E10: 1444 | F10: =+'APU ITEM DE PAGO'!#REF! -> #REF! | G10: =ROUND(F10*E10,2) -> #REF! | I10: =+ROUND(E10,0) -> 1444
B11: =B10+0.01 -> 1.05 | C11: CORTE Y ROTURA DE PAVIMENTO RÍGIDO PARA ZANJAS Incluye cargue, transporte y botada de escombros hasta 10km hasta el sitio que lo indique la interventoría. | D11: m² | E11: 1444 | F11: =+'APU ITEM DE PAGO'!#REF! -> #REF! | G11: =ROUND(F11*E11,2) -> #REF! | I11: =+ROUND(E11,0) -> 1444
B12: =+'PPTO ACTO'!B6+1 -> 2 | C12: EXCAVACIONES , RELLENOS Y TERRAPLEN | G12: =ROUND(SUM(G13:G19),2) -> #REF! | H12: =ROUND(SUM(H13:H19),2) -> 0 | I12: =+ROUND(E12,0) -> 0 | J12: =G12*1.32 -> #REF! | K12: =G12*1.32 -> #REF!
B13: =B12+0.01 -> 2.01 | C13: Lleno compactado mecanicamente con material de préstamo densidad de compactación >90% PM TIPO BASE | D13: m³ | E13: 23 | F13: =+'APU ITEM DE PAGO'!#REF! -> #REF! | G13: =ROUND(F13*E13,2) -> #REF! | I13: =+ROUND(E13,0) -> 23
B14: =B13+0.01 -> 2.02 | C14: Lleno y apisonado de zanjas con material seleccionado de la excavación, densidad de compactación >90% PM | D14: m³ | E14: 1155 | F14: =+'APU ITEM DE PAGO'!#REF! -> #REF! | G14: =ROUND(F14*E14,2) -> #REF! | I14: =+ROUND(E14,0) -> 1155
B15: =B14+0.01 -> 2.03 | C15: Lleno con material granular, triturado de 3/4" para apoyo de tubería | D15: m³ | E15: 289 | F15: =+'APU ITEM DE PAGO'!#REF! -> #REF! | G15: =ROUND(F15*E15,2) -> #REF! | I15: =+ROUND(E15,0) -> 289
B16: =B15+0.01 -> 2.04 | C16: Cargue, retiro y botada de material sobrante y escombros, a cualquier distancia, para trabajos no asociados directamente a la instalación de las tuberías. Distancia hasta 25 km. | D16: m³ | E16: 197 | F16: =+'APU ITEM DE PAGO'!#REF! -> #REF! | G16: =ROUND(F16*E16,2) -> #REF! | I16: =+ROUND(E16,0) -> 197
B17: =B16+0.01 -> 2.05 | C17: CONCRETO PARA PAVIMENTO RIGIDO 24.5 MPa - (3500 PSI), INCLUYE JUNTA EN ASFALTO | D17: m³ | E17: 289 | F17: =+'APU ITEM DE PAGO'!#REF! -> #REF! | G17: =ROUND(F17*E17,2) -> #REF! | I17: =+ROUND(E17,0) -> 289
B18: =B17+0.01 -> 2.06 | C18: Construcción de PISO EN ADOQUÍN CUADRADO EN CONCRETO DE 20x20x6cm. Incluye suministro y transporte de los adoquines, cama de asiento en arena limpia de 5 cm, sello de juntas en arena, cortes a máquina. Seguir recomendación del MEP y patrones de instalación del ICPC. El adoquín deberá resellarse por 2 veces con un lapso de 4 meses luego de su instalación y cumplir con la norma NTC 2017. | D18: m² | E18: 1444 | F18: =+'APU ITEM DE PAGO'!#REF! -> #REF! | G18: =ROUND(F18*E18,2) -> #REF! | I18: =+ROUND(E18,0) -> 1444
B19: =B18+0.01 -> 2.07 | C19: Retiro y botada de materiales resultantes de la excavacion y demoliciones a cualquier distancia incluye cargue | D19: m3-km | E19: 1967 | F19: =+'APU ITEM DE PAGO'!#REF! -> #REF! | G19: =ROUND(F19*E19,2) -> #REF! | I19: =+ROUND(E19,0) -> 1967
B20: =+B12+1 -> 3 | C20: Válvulas de compuerta, vastago no ascendente sello elástico bridada en los siguientes diámetros: | G20: =SUM(G21:G26) -> #REF! | H20: =SUM(H21:H26) -> 0 | I20: =+ROUND(E20,0) -> 0 | J20: =G20*1.32 -> #REF! | K20: =G20*1.32 -> #REF!
B21: =B20+0.01 -> 3.01 | C21: suministro Válvula de compuerta en hierro dúctil, vástago no ascendente, sello elástico, según norma de fabricación AWWWA C-515/509, extremo brida de 50 mm (2") | D21: un | E21: 4 | F21: =+'APU ITEM DE PAGO'!#REF!+'APU ITEM DE PAGO'!#REF! -> #REF! | G21: =+E21*F21 -> #REF! | I21: =+ROUND(E21,0) -> 4 | J21: =H20*K22 -> 0
B22: =B21+0.01 -> 3.02 | C22: Instalacion Válvula de compuerta en hierro dúctil, vástago no ascendente, sello elástico, según norma de fabricación AWWWA C-515/509, extremo brida de 50 mm (2") | D22: =+D21 -> un | E22: 4 | F22: =+'APU ITEM DE PAGO'!#REF!+'APU ITEM DE PAGO'!#REF! -> #REF! | G22: =ROUND(F22*E22,2) -> #REF! | I22: =+ROUND(E22,0) -> 4 | K22: 1.19
B23: =B22+0.01 -> 3.03 | C23: suministro Válvula de compuerta en hierro dúctil, vástago no ascendente, sello elástico, según norma de fabricación AWWWA C-515/509, extremo brida 75 mm (3") | D23: un | E23: 4 | F23: =+'APU ITEM DE PAGO'!#REF!+'APU ITEM DE PAGO'!#REF! -> #REF! | G23: =+E23*F23 -> #REF! | I23: =+ROUND(E23,0) -> 4
B24: =B23+0.01 -> 3.04 | C24: Instalacion Válvula de compuerta en hierro dúctil, vástago no ascendente, sello elástico, según norma de fabricación AWWWA C-515/509, extremo brida 75 mm (3") | D24: =+D23 -> un | E24: 4 | F24: =+'APU ITEM DE PAGO'!#REF!+'APU ITEM DE PAGO'!#REF! -> #REF! | G24: =ROUND(F24*E24,2) -> #REF! | I24: =+ROUND(E24,0) -> 4
B25: =B24+0.01 -> 3.05 | C25: suministro Válvula de compuerta en hierro dúctil, vástago no ascendente, sello elástico, según norma de fabricación AWWWA C-515/509, extremo brida 100mm (4") | D25: un | E25: 9 | F25: =+'APU ITEM DE PAGO'!#REF!+'APU ITEM DE PAGO'!#REF! -> #REF! | G25: =+E25*F25 -> #REF! | I25: =+ROUND(E25,0) -> 9
B26: =B25+0.01 -> 3.06 | C26: Instalacion Válvula de compuerta en hierro dúctil, vástago no ascendente, sello elástico, según norma de fabricación AWWWA C-515/509, extremo brida 100mm (4") | D26: =+D25 -> un | E26: 9 | F26: =+'APU ITEM DE PAGO'!#REF!+'APU ITEM DE PAGO'!#REF! -> #REF! | G26: =ROUND(F26*E26,2) -> #REF! | I26: =+ROUND(E26,0) -> 9
B27: =+B20+1 -> 4 | C27: Válvulas de compuerta, vastago no ascendente sello elástico bridada en los siguientes diámetros: | G27: =SUM(G28:G33) -> #REF! | H27: =SUM(H28:H33) -> 0 | I27: =+ROUND(E27,0) -> 0 | J27: =G27*1.32 -> #REF! | K27: =G27*1.32 -> #REF!
B28: =B27+0.01 -> 4.01 | C28: suministro Brida ajustable PVC SCH 80 de 50 mm (2") | D28: =+D26 -> un | E28: 8 | F28: =+'APU ITEM DE PAGO'!#REF!+'APU ITEM DE PAGO'!#REF!+'APU ITEM DE PAGO'!#REF! -> #REF! | G28: =ROUND(F28*E28,2) -> #REF! | I28: =+ROUND(E28,0) -> 8 | J28: =H27*K29 -> 0
B29: =B28+0.01 -> 4.02 | C29: instalación Brida ajustable PVC SCH 80 de 50 mm (2") | D29: =+D28 -> un | E29: 8 | F29: =+'APU ITEM DE PAGO'!#REF!+'APU ITEM DE PAGO'!#REF! -> #REF! | G29: =ROUND(F29*E29,2) -> #REF! | I29: =+ROUND(E29,0) -> 8 | K29: 1.19
B30: =B29+0.01 -> 4.03 | C30: Suministro Brida ajustable PVC SCH 80 150 PSI, de 80 mm (3") | D30: =+D29 -> un | E30: 8 | F30: =+'APU ITEM DE PAGO'!#REF!+'APU ITEM DE PAGO'!#REF!+'APU ITEM DE PAGO'!#REF! -> #REF! | G30: =ROUND(F30*E30,2) -> #REF! | I30: =+ROUND(E30,0) -> 8
B31: =B30+0.01 -> 4.04 | C31: instalación Brida ajustable PVC SCH 80 150 PSI, de 80 mm (3") | D31: =+D30 -> un | E31: 8 | F31: =+'APU ITEM DE PAGO'!#REF!+'APU ITEM DE PAGO'!#REF! -> #REF! | G31: =ROUND(F31*E31,2) -> #REF! | I31: =+ROUND(E31,0) -> 8
B32: =B31+0.01 -> 4.05 | C32: suministro Brida ajustable PVC SCH 80 150 PSI de 100 mm (4") | D32: =+D31 -> un | E32: 18 | F32: =+'APU ITEM DE PAGO'!#REF!+'APU ITEM DE PAGO'!#REF!+'APU ITEM DE PAGO'!#REF! -> #REF! | G32: =ROUND(F32*E32,2) -> #REF! | I32: =+ROUND(E32,0) -> 18
B33: =B32+0.01 -> 4.06 | C33: instalación Brida ajustable PVC SCH 80 150 PSI de 100 mm (4") | D33: =+D32 -> un | E33: 18 | F33: =+'APU ITEM DE PAGO'!#REF!+'APU ITEM DE PAGO'!#REF! -> #REF! | G33: =ROUND(F33*E33,2) -> #REF! | I33: =+ROUND(E33,0) -> 18
B34: =B27+1 -> 5 | C34: Suministro, transporte e instalación de redes | G34: =SUM(G35:G40) -> #REF! | H34: =SUM(H35:H40) -> #REF! | I34: =+ROUND(E34,0) -> 0 | J34: =G34*1.32 -> #REF! | K34: =G34*1.32 -> #REF!
B35: =B34+0.01 -> 5.01 | C35: Suministro, transporte de tuberia PF+UAD de 15 mm para acometidas de acueducto | D35: ml | E35: 400 | F35: =+'APU ITEM DE PAGO'!#REF!+'APU ITEM DE PAGO'!#REF! -> #REF! | H35: =ROUND(F35*E35,2) -> #REF! | I35: =+ROUND(E35,0) -> 400 | J35: 0
B36: =B35+0.01 -> 5.02 | C36: instalación de tuberia PF+UAD de 15 mm PVC-P para acometidas de acueducto | D36: =+D35 -> ml | E36: =+E35 -> 400 | F36: =+'APU ITEM DE PAGO'!#REF!+'APU ITEM DE PAGO'!#REF! -> #REF! | G36: =ROUND(F36*E36,2) -> #REF! | I36: =+ROUND(E36,0) -> 400 | K36: 1.19
B37: =B36+0.01 -> 5.03 | C37: Suministro, transporte tuberia PVC 4" RDE 21 | D37: ml | E37: 2007 | F37: =+'APU ITEM DE PAGO'!#REF!+'APU ITEM DE PAGO'!#REF! -> #REF! | H37: =ROUND(F37*E37,2) -> #REF! | I37: =+ROUND(E37,0) -> 2007
B38: =B37+0.01 -> 5.04 | C38: instalación de redes de tuberia PVC 4" RDE 21 | D38: =+D37 -> ml | E38: 2007 | F38: =+'APU ITEM DE PAGO'!#REF!+'APU ITEM DE PAGO'!#REF! -> #REF! | G38: =ROUND(F38*E38,2) -> #REF! | I38: =+ROUND(E38,0) -> 2007
B39: =B38+0.01 -> 5.05 | C39: ST collares de derivacion | D39: un | E39: 400 | F39: =+'APU ITEM DE PAGO'!#REF!+'APU ITEM DE PAGO'!#REF! -> #REF! | G39: =ROUND(F39*E39,2) -> #REF! | I39: =+ROUND(E39,0) -> 400
B40: =B39+0.01 -> 5.06 | C40: Instalacion collares de derivacion | D40: un | E40: =+E39 -> 400 | F40: =+'APU ITEM DE PAGO'!#REF!+'APU ITEM DE PAGO'!#REF! -> #REF! | G40: =ROUND(F40*E40,2) -> #REF! | I40: =+ROUND(E40,0) -> 400
B41: =+B34+1 -> 6 | C41: URBANISMO | G41: =SUM(G42:G50) -> #REF! | H41: =SUM(H42:H50) -> 0 | I41: =+ROUND(E41,0) -> 0 | J41: =G41*1.32 -> #REF! | K41: =G41*1.32 -> #REF!
B42: =B41+0.01 -> 6.01 | C42: Construcción y/o reconstrucción de cordones de andenes en concreto f`c = 210 kg/cm2 | D42: ml | E42: 241 | F42: =+'APU ITEM DE PAGO'!#REF! -> #REF! | G42: =ROUND(F42*E42,2) -> #REF! | I42: =+ROUND(E42,0) -> 241 | J42: =H41*K43 -> 0
B43: =B42+0.01 -> 6.02 | C43: Construcción de cuneta triangular en concreto de f´c = 3000PSI (21Mpa), ancho 0,40m, alto 0,20m y e=0,10m, incluye entresuelo en triturado de 0,10m de espesor, incluye Acero | D43: ml | E43: 241 | F43: =+'APU ITEM DE PAGO'!#REF! -> #REF! | G43: =ROUND(F43*E43,2) -> #REF! | I43: =+ROUND(E43,0) -> 241 | K43: 1.19
B44: =B43+0.01 -> 6.03 | C44: Construcción de cajas para medidores de acueducto De 15 mm (1/2") con tapa metálica y marco | D44: un | E44: 400 | F44: =+'APU ITEM DE PAGO'!#REF!+'APU ITEM DE PAGO'!#REF! -> #REF! | G44: =ROUND(F44*E44,2) -> #REF! | I44: =+ROUND(E44,0) -> 400
B45: =B44+0.01 -> 6.04 | C45: =+C44 -> Construcción de cajas para medidores de acueducto De 15 mm (1/2") con tapa metálica y marco | D45: =+D44 -> un | E45: 400 | F45: =+'APU ITEM DE PAGO'!#REF!+'APU ITEM DE PAGO'!#REF! -> #REF! | G45: =ROUND(F45*E45,2) -> #REF! | I45: =+ROUND(E45,0) -> 400
B46: =B45+0.01 -> 6.05 | C46: Caja para válvula de 21 Mpa (0,4 x 0,4 X0,5m medidas internas e=0,10m) con tapa polimérica de 0,4x0,4m, incluye herraje | D46: un | E46: 17 | F46: =+'APU ITEM DE PAGO'!#REF! -> #REF! | G46: =ROUND(F46*E46,2) -> #REF! | I46: =+ROUND(E46,0) -> 17
B47: =B46+0.01 -> 6.06 | C47: Suministro de estación reguladora de presión de diámetro 2 pulg. | D47: un | E47: 1 | F47: 7761332 | G47: =ROUND(F47*E47,2) -> 7761332 | I47: =+ROUND(E47,0) -> 1
B48: =B47+0.01 -> 6.07 | C48: Intalación Estación reguladora de presión de diámetro 2 pulg. incluye construcción de caja | D48: =+D47 -> un | E48: 1 | F48: 2098533 | G48: =ROUND(F48*E48,2) -> 2098533 | I48: =+ROUND(E48,0) -> 1
B49: =B48+0.01 -> 6.08 | C49: Suministro de estación reguladora de presión de diámetro 3 pulg. | D49: un | E49: 3 | F49: 10074584 | G49: =ROUND(F49*E49,2) -> 30223752 | I49: =+ROUND(E49,0) -> 3
B50: =B49+0.01 -> 6.09 | C50: Intalación Estación reguladora de presión de diámetro 3 pulg. incluye construcción de caja | D50: =+D49 -> un | E50: 3 | F50: 2198533 | G50: =ROUND(F50*E50,2) -> 6595599 | I50: =+ROUND(E50,0) -> 3
B51: =+B41+1 -> 7 | C51: SEÑALIZACIÓN Y ELEMENTOS | G51: =SUM(G52:G53) -> #REF! | H51: =SUM(H52:H53) -> 0 | I51: =+ROUND(E51,0) -> 0 | J51: =G51*1.32 -> #REF!
B52: =B51+0.01 -> 7.01 | C52: Referenciación de elementos de acueducto y alcantarillado | D52: un | E52: 63 | F52: =+'APU ITEM DE PAGO'!#REF! -> #REF! | G52: =ROUND(F52*E52,2) -> #REF! | I52: =+ROUND(E52,0) -> 63 | J52: =H51*K53 -> 0
B53: =B52+0.01 -> 7.02 | C53: Suministro, transporte y colocación de Cinta de Polietileno color azul e=10cm, para Señalización de redes de acueducto | D53: m | E53: 2407 | F53: =+'APU ITEM DE PAGO'!#REF! -> #REF! | G53: =ROUND(F53*E53,2) -> #REF! | I53: =+ROUND(E53,0) -> 2407 | K53: 1.0435481
B54: =+B51+1 -> 8 | C54: AUTOMATIZACIÓN PTAP | G54: =SUM(G55:G63) -> #REF! | H54: =SUM(H55:H63) -> 0 | I54: =+ROUND(E54,0) -> 0 | J54: =G54*1.32 -> #REF!
B55: =B54+0.01 -> 8.01 | C55: Suministro y transporte de Multiparamétrico: Medidor de Turbiedad y pH para agua cruda, rango Turbidez 0-4000NTU, rango Ph 0-14, Indicador montaje en Pared, alimentación 100-240Vac, marca ABB ref. AWT420-400 | D55: und | E55: 1 | F55: =+'APU ITEM DE PAGO'!#REF! -> #REF! | G55: =ROUND(+F55*E55,0) -> #REF! | I55: =+ROUND(E55,0) -> 1 | J55: =H54*K56 -> 0
B56: =B55+0.01 -> 8.02 | C56: Suministro y transporte de Medidor de Turbiedad para agua tratada, rango Turbidez 0-40NTU, Indicador montaje en Pared, alimentación 120Vac, marca ABB ref. 4690 | D56: und | E56: 1 | F56: =+'APU ITEM DE PAGO'!#REF! -> #REF! | G56: =ROUND(+F56*E56,0) -> #REF! | I56: =+ROUND(E56,0) -> 1 | K56: 1.0435481
B57: =B56+0.01 -> 8.03 | C57: Suministro y transporte de Medidor de cloro residual y pH para agua tratada, rango cloro 0-20ppm , rango pH 0- 14, Indicador montaje en Pared, alimentación 120Vac, marca ABB ref. AW40 | D57: und | E57: 1 | F57: =+'APU ITEM DE PAGO'!#REF! -> #REF! | G57: =ROUND(+F57*E57,0) -> #REF! | I57: =+ROUND(E57,0) -> 1
B58: =B57+0.01 -> 8.04 | C58: Suministro, transporte de PLC, módulos de entradas análogas para recibir multiparamétricos de agua cruda, agua tratada, nivel de tanque de almacenamiento, TV de 50 pulgadas con su base, tablero de control para almacenamiento de PLC | D58: und | E58: 1 | F58: =+'APU ITEM DE PAGO'!#REF! -> #REF! | G58: =ROUND(+F58*E58,0) -> #REF! | I58: =+ROUND(E58,0) -> 1
B59: =B58+0.01 -> 8.05 | C59: Suministro, transporte de Cableado de control de multiparamétricos a PLC, de indicadores de caudal a PLC, cableado de sensor de nivel. | D59: und | E59: 1 | F59: =+'APU ITEM DE PAGO'!#REF! -> #REF! | G59: =ROUND(+F59*E59,0) -> #REF! | I59: =+ROUND(E59,0) -> 1
B60: =B59+0.01 -> 8.06 | C60: Suministro, transporte de Medidor de Flujo electromagnético bridado de 12", alimentación 24Vdc, salida 4-20mA, indicación local, marca SEAMETRICS ref. iMAG4700-1200-F1-D1-L | D60: und | E60: 1 | F60: =+'APU ITEM DE PAGO'!#REF! -> #REF! | G60: =ROUND(+F60*E60,0) -> #REF! | I60: =+ROUND(E60,0) -> 1
B61: =B60+0.01 -> 8.07 | C61: Suministro, transporte de Sensor de nivel tipo ultrasonido para tanque de 3 metros | D61: und | E61: 1 | F61: =+'APU ITEM DE PAGO'!#REF! -> #REF! | G61: =ROUND(+F61*E61,0) -> #REF! | I61: =+ROUND(E61,0) -> 1
B62: =B61+0.01 -> 8.08 | C62: Instalación de todos los equipos de contro y automatización Programación de runtime, programación de PLC, puesta en servicio, pruebas, manual de operación, capacitación en operación y acompañamiento en funcionamiento | D62: und | E62: 1 | F62: =+'APU ITEM DE PAGO'!#REF! -> #REF! | G62: =+F62*E62 -> #REF! | I62: =+ROUND(E62,0) -> 1
B63: =B62+0.01 -> 8.09 | C63: Adecuaciones eléctricas para instalación de equipos | D63: global | E63: 1 | F63: =+'APU ITEM DE PAGO'!#REF! -> #REF! | G63: =+F63*E63 -> #REF! | I63: =+ROUND(E63,0) -> 1
E65: TOTAL COSTOS DE OBRA | G65: =ROUND(SUM(G6:G63)/2,0) -> #REF! | J65: =SUM(J6:J64) -> #REF! | K65: Costo tota AU incluido
E66: TOTAL COSTOS DE SUMINISTRO | H66: =ROUND(SUM(H6:H63),2)/2 -> #REF!

Sheet PPTO RES
B2: MUNICIPIO DE TÁMESIS - ANTIOQUIA
B3: SECRETARÍA DE PLANEACIÓN - DEPENDENCIA DE INFRAESTRUCTURA Y OBRAS PÚBLICAS
B4: =+RESUMEN!B4 -> OPTIMIZACIÓN REDES DE ACUEDUCTO Y ALCANTARILLADO RESIDUAL Y PLUVIAL DEL MUNICIPIO DE TÁMESIS - ANTIOQUIA
D5: Distancia botadero | F5: 10 | G5: Distancia Fuente materiales | H5: =+#REF! -> #REF!
B6: ITEM | C6: DESCRIPCIÓN | D6: UNIDAD | E6: CANTIDAD TOTAL | F6: VALOR UNITARIO | G6: VALOR OBRA CIVIL | H6: VALOR SUMUNISTRO | K6: IVA
B7: 1 | C7: PRELIMINARES | G7: =ROUND(SUM(G8:G12),2) -> #REF! | H7: =ROUND(SUM(H8:H12),2) -> 0 | I7: =G7*1.32 -> #REF! | J7: AIU | K7: =#REF!/5 -> #REF!
B8: 1.01 | C8: =+'APU ITEM DE PAGO'!C4 -> 0 | D8: =+'APU ITEM DE PAGO'!H4 -> 0 | E8: 14639 | F8: =+'APU ITEM DE PAGO'!$H$31 -> 0 | G8: =ROUND(F8*E8,2) -> 0
B9: =+B8+0.01 -> 1.02 | C9: nichos de investigación y trabajos no asociados directamente a la instalacion de las tuberias | D9: m³ | E9: 10 | F9: =+'APU ITEM DE PAGO'!#REF! -> #REF! | G9: =ROUND(F9*E9,2) -> #REF!
B10: =+B9+0.01 -> 1.03 | C10: =+'PPTO ALC'!C10 -> CORTE Y ROTURA DE PAVIMENTO RÍGIDO PARA ZANJAS Incluye cargue, transporte y botada de escombros hasta 10km hasta el sitio que lo indique la interventoría. | D10: =+'APU ITEM DE PAGO'!#REF! -> #REF! | E10: 3727 | F10: =+'APU ITEM DE PAGO'!#REF! -> #REF! | G10: =ROUND(F10*E10,2) -> #REF!
B11: =+B10+0.01 -> 1.04 | C11: =+'PPTO ALC'!C11 -> CORTE Y ROTURA DE PAVIMENTO ARTICULADO PARA ZANJAS | D11: =+'APU ITEM DE PAGO'!#REF! -> #REF! | E11: 10190 | F11: =+'APU ITEM DE PAGO'!#REF! -> #REF! | G11: =ROUND(F11*E11,2) -> #REF!
B12: =+B11+0.01 -> 1.05 | C12: Rotura y demolicion de andenes incluye, cargue, transporte y botada de escombro. Incluye retiro de cordones, enchape (baldosa, baldosín forros en arenón, madera, vinilo, granito esmerilado, concreto, pisos en gres, entre otros), Incluye cargue, transporte y botada de escombros hasta 10km hasta el sitio que lo indique la interventoría. | D12: m² | E12: 1392 | F12: =+'APU ITEM DE PAGO'!#REF! -> #REF! | G12: =ROUND(F12*E12,2) -> #REF!
B13: =+B7+1 -> 2 | C13: EXCAVACIONES , RELLENOS Y TERRAPLEN | G13: =ROUND(SUM(G14:G26),2) -> #REF! | H13: =ROUND(SUM(H14:H26),2) -> 0 | I13: =G13*1.32 -> #REF!
B14: 2.01 | C14: =+'PPTO ALC'!C14 -> Excavación mecánica en material heterogéneo húmedo <2 m, no incluye entibado. | D14: =+'PPTO ALC'!D14 -> m³ | E14: 2974 | F14: =+'APU ITEM DE PAGO'!#REF! -> #REF! | G14: =ROUND(F14*E14,2) -> #REF! | M14: =+E14/$N$15 -> 0.13738624
B15: =+B14+0.01 -> 2.02 | C15: =+'PPTO ALC'!C15 -> Excavación manual en material heterogéneo húmedo <2 m, no incluye entibado. Incluye cargue, transporte y botada de escombros hasta 10km hasta el sitio que lo indique la interventoría. (Domiciliarias) | D15: =+'PPTO ALC'!D15 -> m³ | E15: 11896 | F15: =+'APU ITEM DE PAGO'!#REF! -> #REF! | G15: =ROUND(F15*E15,2) -> #REF! | M15: =+E15/$N$15 -> 0.54954497 | N15: =+E14+E15+E16+E17+E18+E19 -> 21647 | P15: 21647.325
B16: =+B15+0.01 -> 2.03 | C16: =+'PPTO ALC'!C16 -> Excavación manual en material heterogéneo 2m - 4m, no incluye botada ni entibado. Incluye cargue, transporte y botada de escombros hasta 10km hasta el sitio que lo indique la interventoría. | D16: =+'PPTO ALC'!D16 -> m³ | E16: 1439 | F16: =+'APU ITEM DE PAGO'!#REF! -> #REF! | G16: =ROUND(F16*E16,2) -> #REF! | M16: =+E16/$N$15 -> 0.066475724 | N16: =+E22 -> 14576
B17: =+B16+0.01 -> 2.04 | C17: =+'PPTO ALC'!C17 -> Excavación mecanica en material heterogéneo 2m - 4m, no incluye botada ni entibado. Incluye cargue, transporte y botada de escombros hasta 10km hasta el sitio que lo indique la interventoría. | D17: =+'PPTO ALC'!D17 -> m³ | E17: 360 | F17: =+'APU ITEM DE PAGO'!#REF! -> #REF! | G17: =ROUND(F17*E17,2) -> #REF! | M17: =+E17/$N$15 -> 0.01663048 | N17: =+N15-N16 -> 7071
B18: =+B17+0.01 -> 2.05 | C18: Excavación en Roca a cualquier profundidad y bajo cualquier condición de humedad por métodos no explosivos, Incluye cargue, transporte y botada de escombros hasta 10km hasta el sitio que lo indique la interventoría. | D18: m³ | E18: 996 | F18: =+'APU ITEM DE PAGO'!#REF! -> #REF! | G18: =ROUND(F18*E18,2) -> #REF! | M18: =+E18/$N$15 -> 0.046010995
B19: =+B18+0.01 -> 2.06 | C19: Excavación en Roca con Compresor | D19: m³ | E19: 3982 | F19: 125000 | G19: =ROUND(F19*E19,2) -> 497750000 | M19: =+E19/$N$15 -> 0.18395159
B20: =+B19+0.01 -> 2.07 | C20: Entibado Continuo temporal de zanja EN MADERA (Hasta 4 Reusos) | D20: m² | E20: 40951 | F20: =+'APU ITEM DE PAGO'!#REF! -> #REF! | G20: =ROUND(F20*E20,2) -> #REF!
B21: =+B20+0.01 -> 2.08 | C21: Lleno con material granular, triturado de 3/4" para apoyo de tubería | D21: m³ | E21: 1840 | F21: =+'APU ITEM DE PAGO'!#REF! -> #REF! | G21: =ROUND(F21*E21,2) -> #REF!
B22: =+B21+0.01 -> 2.09 | C22: Lleno y apisonado de zanjas con material seleccionado de la excavación, densidad de compactación >90% PM | D22: m³ | E22: 14576 | F22: =+'APU ITEM DE PAGO'!#REF! -> #REF! | G22: =ROUND(F22*E22,2) -> #REF!
B23: =+B22+0.01 -> 2.1 | C23: Lleno compactado mecanicamente con material de préstamo densidad de compactación >90% PM | D23: m³ | E23: 3644 | F23: =+'APU ITEM DE PAGO'!#REF! -> #REF! | G23: =ROUND(F23*E23,2) -> #REF!
B24: =+B23+0.01 -> 2.11 | C24: Demolición de cámaras de inspección MH | D24: m³ | E24: 150 | F24: =+'APU ITEM DE PAGO'!#REF! -> #REF! | G24: =ROUND(F24*E24,2) -> #REF!
B25: =+#REF!+0.01 -> #REF! | C25: Manejo de aguas residuales | D25: ml | E25: 1751 | F25: =+'APU ITEM DE PAGO'!#REF! -> #REF! | G25: =ROUND(F25*E25,2) -> #REF!
B26: =+B25+0.01 -> #REF! | C26: Retiro y botada de materiales resultantes de la excavacion y demoliciones a cualquier distancia incluye cargue | D26: m³/Km | E26: 70711 | F26: =+'APU ITEM DE PAGO'!#REF! -> #REF! | G26: =ROUND(F26*E26,2) -> #REF!
B27: =+B13+1 -> 3 | C27: ESTRUCTURAS | G27: =SUM(G28:G34) -> #REF! | H27: =SUM(H28:H34) -> 0 | I27: =G27*1.32 -> #REF!
B28: 3.01 | C28: =+'PPTO ALC'!C30 -> Construcción de cilindro para cámara de inspección MH Ø1,2m de concreto de 21 Mpa (3000 PSI). Incluye los pedaños de escalera | D28: ml | E28: 84 | F28: =+'APU ITEM DE PAGO'!#REF! -> #REF! | G28: =ROUND(F28*E28,2) -> #REF!
B29: =+B28+0.01 -> 3.02 | C29: =+'PPTO ALC'!C31 -> Construcción de cono concentrico, cuello, base y cañuela para MH de Ø1,2m. Incluye suministro e nistalación de tapa | D29: Und | E29: 284 | F29: =+'APU ITEM DE PAGO'!#REF! -> #REF! | G29: =ROUND(F29*E29,2) -> #REF!
B30: =+B29+0.01 -> 3.03 | C30: =+'PPTO ALC'!C32 -> Construcción de caja de empalme fundida in situ de (45x45)cm | D30: Und | E30: 2469 | F30: =+'APU ITEM DE PAGO'!#REF! -> #REF! | G30: =ROUND(F30*E30,2) -> #REF!
B31: =+B30+0.01 -> 3.04 | C31: =+'PPTO ALC'!C33 -> Suministro, transporte e instalación de Concreto f'c = 210 kg/cm2 para estructuras especiales, atraques y empotramientos | D31: m³ | E31: 13 | F31: =+'APU ITEM DE PAGO'!#REF! -> #REF! | G31: =ROUND(F31*E31,2) -> #REF!
B32: 3.07 | C32: suministro transporte e instalacion de concreto de 28 Mpa. Para Cabezote de descarga, | D32: =+D31 -> m³ | E32: 1 | F32: =+'APU ITEM DE PAGO'!#REF! -> #REF! | G32: =ROUND(F32*E32,2) -> #REF!
B33: 3.08 | C33: Construccion cámara de caída de 315 mm en PVC | D33: ML | E33: 3 | F33: =+'APU ITEM DE PAGO'!#REF! -> #REF! | G33: =ROUND(F33*E33,2) -> #REF!
B34: =+'PPTO ALL'!#REF! -> #REF! | C34: Suministro, transporte e instalación de Concreto f'c = 280 kg/cm2 para estructuras de protección de tuberías con profundidad clave menor a 1 m en vías. Incluye acero de refuerzo | D34: m³ | E34: 76 | F34: =+'APU ITEM DE PAGO'!#REF! -> #REF! | G34: =+F34*E34 -> #REF!
B35: =+B27+1 -> 4 | C35: ALCANTARILLADO Y AGUAS RESIDUALES | G35: =SUM(G36:G61) -> #REF! | H35: =SUM(H36:H61) -> #REF! | I35: =G35*1.32 -> #REF! | J35: =I35+I36 -> #REF!
B36: 4.01 | C36: Suministro de tubería de 6" de Pared Estructural para Alcantarillado, según Norma NTC 3722-1 (Novafort o Similar) para conexiones domiciliarias | D36: ml | E36: 7266 | F36: =+'APU ITEM DE PAGO'!#REF!+'APU ITEM DE PAGO'!#REF! -> #REF! | H36: =ROUND(E36*F36,2) -> #REF!
B37: =+B36+0.01 -> 4.02 | C37: instalación de tubería de 6" de Pared Estructural para Alcantarillado, según Norma NTC 3722-1 (Novafort o Similar) para conexiones domiciliarias | D37: ml | E37: 7266 | F37: =+'APU ITEM DE PAGO'!#REF!+'APU ITEM DE PAGO'!#REF! -> #REF! | G37: =ROUND(F37*E37,2) -> #REF!
B38: =+B37+0.01 -> 4.03 | C38: Suministro de tubería de 8" de Pared Estructural para Alcantarillado, según Norma NTC 3722-1 (Novafort o Similar) para conexiones domiciliarias | D38: ml | E38: 5980 | F38: =+'APU ITEM DE PAGO'!#REF!+'APU ITEM DE PAGO'!#REF! -> #REF! | H38: =ROUND(E38*F38,2) -> #REF!
B39: =+B38+0.01 -> 4.04 | C39: instalación de tubería de 8" de Pared Estructural para Alcantarillado, según Norma NTC 3722-1 (Novafort o Similar) para conexiones domiciliarias | D39: ml | E39: 5980 | F39: =+'APU ITEM DE PAGO'!#REF!+'APU ITEM DE PAGO'!#REF! -> #REF! | G39: =ROUND(F39*E39,2) -> #REF!
B40: 4.05 | C40: Suministro de tubería de 10" de Pared Estructural para Alcantarillado, según Norma NTC 3722-1 (Novafort o Similar) para conexiones domiciliarias | D40: ml | E40: 2434 | F40: =+'APU ITEM DE PAGO'!#REF!+'APU ITEM DE PAGO'!#REF! -> #REF! | H40: =ROUND(E40*F40,2) -> #REF!
B41: =+B40+0.01 -> 4.06 | C41: instalación de tubería de 10" de Pared Estructural para Alcantarillado, según Norma NTC 3722-1 (Novafort o Similar) para conexiones domiciliarias | D41: ml | E41: 2434 | F41: =+'APU ITEM DE PAGO'!#REF!+'APU ITEM DE PAGO'!#REF! -> #REF! | G41: =ROUND(F41*E41,2) -> #REF!
B42: =+B41+0.01 -> 4.07 | C42: =#REF! -> #REF! | D42: =#REF! -> #REF! | E42: 1562 | F42: =+'APU ITEM DE PAGO'!#REF!+'APU ITEM DE PAGO'!#REF! -> #REF! | H42: =ROUND(E42*F42,2) -> #REF!
B43: =+B42+0.01 -> 4.08 | C43: =#REF! -> #REF! | D43: =#REF! -> #REF! | E43: 1562 | F43: =+'APU ITEM DE PAGO'!#REF!+'APU ITEM DE PAGO'!#REF! -> #REF! | G43: =ROUND(F43*E43,2) -> #REF!
B44: =+B43+0.01 -> 4.09 | C44: =#REF! -> #REF! | D44: =#REF! -> #REF! | E44: 266 | F44: =+'APU ITEM DE PAGO'!#REF!+'APU ITEM DE PAGO'!#REF! -> #REF! | H44: =ROUND(E44*F44,2) -> #REF!
B45: =+B44+0.01 -> 4.1 | C45: =#REF! -> #REF! | D45: =#REF! -> #REF! | E45: 266 | F45: =+'APU ITEM DE PAGO'!#REF!+'APU ITEM DE PAGO'!#REF! -> #REF! | G45: =ROUND(F45*E45,2) -> #REF!
B46: =+B45+0.01 -> 4.11 | C46: =#REF! -> #REF! | D46: =#REF! -> #REF! | E46: 93 | F46: =+'APU ITEM DE PAGO'!#REF!+'APU ITEM DE PAGO'!#REF! -> #REF! | H46: =ROUND(E46*F46,2) -> #REF!
B47: =+B46+0.01 -> 4.12 | C47: =#REF! -> #REF! | D47: =#REF! -> #REF! | E47: 93 | F47: =+'APU ITEM DE PAGO'!#REF!+'APU ITEM DE PAGO'!#REF! -> #REF! | G47: =ROUND(F47*E47,2) -> #REF!
B48: =+#REF!+0.01 -> #REF! | C48: Suministro y Transporte kit Silla Yee PVC de 8"x6" | D48: Und | E48: 1427 | F48: =+'APU ITEM DE PAGO'!#REF!+'APU ITEM DE PAGO'!#REF! -> #REF! | G48: =ROUND(E48*F48,2) -> #REF!
B49: =+B48+0.01 -> #REF! | C49: Instalación de kit Silla Yee PVC de 8"x6" | D49: =+D48 -> Und | E49: 1427 | F49: =+'APU ITEM DE PAGO'!#REF!+'APU ITEM DE PAGO'!#REF! -> #REF! | G49: =ROUND(F49*E49,2) -> #REF!
B50: =+B49+0.01 -> #REF! | C50: Suministro y Transporte kit Silla Yee PVC de 10"x6" | D50: Und | E50: 581 | F50: =+'APU ITEM DE PAGO'!#REF!+'APU ITEM DE PAGO'!#REF! -> #REF! | G50: =ROUND(E50*F50,2) -> #REF!
B51: =+B50+0.01 -> #REF! | C51: Instalación de kit Silla Yee PVC de 10"x6" | D51: =+D50 -> Und | E51: 581 | F51: =+'APU ITEM DE PAGO'!#REF!+'APU ITEM DE PAGO'!#REF! -> #REF! | G51: =ROUND(F51*E51,2) -> #REF!
B52: =+B51+0.01 -> #REF! | C52: Suministro y Transporte kit Silla Yee PVC de 12"x6" | D52: Und | E52: 375 | F52: =+'APU ITEM DE PAGO'!#REF!+'APU ITEM DE PAGO'!#REF! -> #REF! | G52: =ROUND(E52*F52,2) -> #REF!
B53: =+B52+0.01 -> #REF! | C53: Instalación de kit Silla Yee PVC de 12"x6" | D53: =+D52 -> Und | E53: 375 | F53: =+'APU ITEM DE PAGO'!#REF!+'APU ITEM DE PAGO'!#REF! -> #REF! | G53: =ROUND(F53*E53,2) -> #REF!
B54: =+B53+0.01 -> #REF! | C54: Suministro y Transporte kit Silla Yee PVC de 14"x6" | D54: Und | E54: 22 | F54: =+'APU ITEM DE PAGO'!#REF!+'APU ITEM DE PAGO'!#REF! -> #REF! | G54: =ROUND(E54*F54,2) -> #REF!
B55: =+B54+0.01 -> #REF! | C55: Instalación de kit Silla Yee PVC de 14"x6" | D55: =+D54 -> Und | E55: 22 | F55: =+'APU ITEM DE PAGO'!#REF!+'APU ITEM DE PAGO'!#REF! -> #REF! | G55: =ROUND(F55*E55,2) -> #REF!
B56: =+B55+0.01 -> #REF! | C56: Suministro y Transporte kit Silla Yee PVC de 16"x6" | D56: Und | E56: 8 | F56: =+'APU ITEM DE PAGO'!#REF!+'APU ITEM DE PAGO'!#REF! -> #REF! | G56: =ROUND(E56*F56,2) -> #REF!
B57: =+B56+0.01 -> #REF! | C57: Instalación de kit Silla Yee PVC de 16"x6" | D57: =+D56 -> Und | E57: 8 | F57: =+'APU ITEM DE PAGO'!#REF!+'APU ITEM DE PAGO'!#REF! -> #REF! | G57: =ROUND(F57*E57,2) -> #REF!
B58: =+B57+0.01 -> #REF! | C58: Suministro Codo 6"45º PVC y empalme a la red domiciliar existente. | D58: Und | E58: 100 | F58: =+'APU ITEM DE PAGO'!#REF!+'APU ITEM DE PAGO'!#REF! -> #REF! | G58: =ROUND(F58*E58,2) -> #REF!
B59: =+B58+0.01 -> #REF! | C59: Instalación Codo 6"45º PVC y empalme a la red domiciliar existente. | D59: Und | E59: 100 | F59: =+'APU ITEM DE PAGO'!#REF!+'APU ITEM DE PAGO'!#REF! -> #REF! | G59: =ROUND(F59*E59,2) -> #REF!
B60: =+B58+0.01 -> #REF! | C60: Construcción de Aliviadero de cañuela | D60: Und | E60: 38 | F60: =+'APU ITEM DE PAGO'!#REF! -> #REF! | G60: =ROUND(F60*E60,2) -> #REF!
B61: =+#REF!+0.01 -> #REF! | C61: Reparacion de domiciliares de acueducto | D61: und | E61: 484 | F61: =+#REF! -> #REF! | G61: =ROUND(F61*E61,2) -> #REF!
B62: =+B35+1 -> 5 | C62: URBANISMO | F62: =+'APU ITEM DE PAGO'!#REF! -> #REF! | G62: =SUM(G63:G72) -> #REF! | H62: =SUM(H63:H71) -> 0 | I62: =G62*1.32 -> #REF! | J62: =I62+I63 -> #REF!
B63: 5.01 | C63: =+#REF! -> #REF! | D63: Kg | E63: 18852 | F63: =+'APU ITEM DE PAGO'!#REF! -> #REF! | G63: =ROUND(F63*E63,2) -> #REF! | I63: =H62*1.19 -> 0
B64: =+B63+0.01 -> 5.02 | C64: =+#REF! -> #REF! | D64: =+#REF! -> #REF! | E64: 1464 | F64: =+'APU ITEM DE PAGO'!#REF! -> #REF! | G64: =ROUND(F64*E64,2) -> #REF!
B65: =+B64+0.01 -> 5.03 | C65: =+#REF! -> #REF! | D65: =+#REF! -> #REF! | E65: 1453 | F65: =+'APU ITEM DE PAGO'!#REF! -> #REF! | G65: =ROUND(F65*E65,2) -> #REF!
B66: =+B65+0.01 -> 5.04 | C66: =+#REF! -> #REF! | D66: =+#REF! -> #REF! | E66: 1453 | F66: =+'APU ITEM DE PAGO'!#REF! -> #REF! | G66: =ROUND(F66*E66,2) -> #REF!
B67: =+B66+0.01 -> 5.05 | C67: =+#REF! -> #REF! | D67: =+#REF! -> #REF! | E67: 1464 | F67: =+'APU ITEM DE PAGO'!#REF! -> #REF! | G67: =ROUND(F67*E67,2) -> #REF!
B68: =+B67+0.01 -> 5.06 | C68: =+#REF! -> #REF! | D68: =+#REF! -> #REF! | E68: 1225 | F68: =+'APU ITEM DE PAGO'!#REF! -> #REF! | G68: =ROUND(F68*E68,2) -> #REF!
B69: =+B68+0.01 -> 5.07 | C69: =+#REF! -> #REF! | D69: =+#REF! -> #REF! | E69: 3727 | F69: 24500 | G69: =ROUND(F69*E69,2) -> 91311500
B70: =+B69+0.01 -> 5.08 | C70: =+#REF! -> #REF! | D70: =+#REF! -> #REF! | E70: 10190 | F70: 12000 | G70: =ROUND(F70*E70,2) -> 122280000 | I70: =#REF!/5 -> #REF!
B71: 5.11 | C71: Suministro e Instalación de estructura metalica para Construcción de viaductos colgantes para paso de tubería de agua residual domésticas en PVC, a todo costo. Incluye: suministro de materiales, mano de obra, uso de herramientas y equipos, en cable para sujeción principal, cortavientos y péndolas, pernos de sujecióon, pintura anticorrosiva, pintura alumol para tuberías. | D71: KG | E71: 703 | F71: 24500 | G71: =ROUND(F71*E71,2) -> 17223500 | N71: =+G71/24500 -> 703
B72: 5.12 | C72: MOTOBOMBA MANEJO DE AGUAS | D72: HORA | E72: 1440 | F72: 12000 | G72: =ROUND(F72*E72,2) -> 17280000
E74: TOTAL COSTOS DE OBRA | G74: =+ROUND(G62+G35+G27+G13+G7,0) -> #REF! | I74: =SUM(I5:I73) -> #REF!
E76: TOTAL COSTOS DE SUMINISTRO | H76: =+H35+H62 -> #REF!
I78: =SUM(I77:I77) -> 0

Sheet PPTO ALL
B2: MUNICIPIO DE TÁMESIS - ANTIOQUIA
B3: SECRETARÍA DE PLANEACIÓN - DEPENDENCIA DE INFRAESTRUCTURA Y OBRAS PÚBLICAS
B4: =+RESUMEN!B4 -> OPTIMIZACIÓN REDES DE ACUEDUCTO Y ALCANTARILLADO RESIDUAL Y PLUVIAL DEL MUNICIPIO DE TÁMESIS - ANTIOQUIA
D5: Distancia botadero | F5: =+#REF! -> #REF! | G5: Distancia Fuente materiales | H5: =+#REF! -> #REF!
B6: ITEM | C6: DESCRIPCIÓN | D6: UNIDAD | E6: CANTIDAD TOTAL | F6: VALOR UNITARIO | G6: VALOR OBRA CIVIL | H6: VALOR SUMUNISTRO
B7: 1 | C7: PRELIMINARES | G7: =ROUND(SUM(G8:G11),2) -> #REF! | H7: =ROUND(SUM(H8:H25),2) -> 0
B8: 1.01 | C8: LOCALIZACIÓN TRAZADO Y REPLANTEO | D8: =+'APU ITEM DE PAGO'!H4 -> 0 | E8: 10392 | F8: =+'APU ITEM DE PAGO'!$H$31 -> 0 | G8: =ROUND(F8*E8,0) -> 0
B9: =+B8+0.01 -> 1.02 | C9: Excavación manual en cualquier material y grado de humedad, para nichos de investigación y trabajos no asociados directamente a la instalacion de las tuberias | D9: m³ | E9: 5 | F9: =+'APU ITEM DE PAGO'!#REF! -> #REF! | G9: =ROUND(F9*E9,0) -> #REF!
B10: =+B9+0.01 -> 1.03 | C10: =+#REF! -> #REF! | D10: =+'APU ITEM DE PAGO'!#REF! -> #REF! | E10: 1644 | F10: =+'APU ITEM DE PAGO'!#REF! -> #REF! | G10: =ROUND(F10*E10,0) -> #REF!
B11: =+B10+0.01 -> 1.04 | C11: =+#REF! -> #REF! | D11: =+'APU ITEM DE PAGO'!#REF! -> #REF! | E11: 8276 | F11: =+'APU ITEM DE PAGO'!#REF! -> #REF! | G11: =ROUND(F11*E11,0) -> #REF!
B12: =+B7+1 -> 2 | C12: EXCAVACIONES , RELLENOS Y TERRAPLEN | G12: =ROUND(SUM(G13:G26),2) -> #REF! | H12: =ROUND(SUM(H13:H26),2) -> 0
B13: 2.01 | C13: =#REF! -> #REF! | D13: =#REF! -> #REF! | E13: 2219 | F13: =+'APU ITEM DE PAGO'!#REF! -> #REF! | G13: =ROUND(F13*E13,0) -> #REF!
B14: =+B13+0.01 -> 2.02 | C14: =#REF! -> #REF! | D14: =#REF! -> #REF! | E14: 8878 | F14: =+'APU ITEM DE PAGO'!#REF! -> #REF! | G14: =ROUND(F14*E14,0) -> #REF!
B15: =+B14+0.01 -> 2.03 | C15: =#REF! -> #REF! | D15: =#REF! -> #REF! | E15: 294 | F15: =+'APU ITEM DE PAGO'!#REF! -> #REF! | G15: =ROUND(F15*E15,0) -> #REF!
C16: =#REF! -> #REF! | D16: =#REF! -> #REF! | E16: 74 | F16: =+'APU ITEM DE PAGO'!#REF! -> #REF! | G16: =ROUND(F16*E16,0) -> #REF!
B17: =+B15+0.01 -> 2.04 | C17: Excavación en Roca a cualquier profundidad y bajo cualquier condición de humedad por métodos no explosivos, Incluye cargue, transporte y botada de escombros hasta 10km hasta el sitio que lo indique la interventoría. | D17: m³ | E17: 803 | F17: =+'APU ITEM DE PAGO'!#REF! -> #REF! | G17: =ROUND(F17*E17,0) -> #REF!
C18: Excavación en Roca con Compresor | D18: m3 | E18: 3116 | F18: 125000 | G18: =ROUND(F18*E18,0) -> 389500000
B19: =+B17+0.01 -> 2.05 | C19: Entibado temporal de zanja | D19: m² | E19: 30867 | F19: =+'APU ITEM DE PAGO'!#REF! -> #REF! | G19: =ROUND(F19*E19,0) -> #REF!
B20: =+B19+0.01 -> 2.06 | C20: entibado permanente de zanjas | D20: m² | E20: 3430 | F20: =+'APU ITEM DE PAGO'!#REF! -> #REF! | G20: =ROUND(F20*E20,0) -> #REF!
B21: =+B20+0.01 -> 2.07 | C21: Lleno con material granular, triturado de 3/4" para apoyo de tubería | D21: m³ | E21: 1751 | F21: =+'APU ITEM DE PAGO'!#REF! -> #REF! | G21: =ROUND(F21*E21,0) -> #REF!
B22: =+B21+0.01 -> 2.08 | C22: Lleno y apisonado de zanjas con material seleccionado de la excavación, densidad de compactación >90% PM | D22: m³ | E22: 8891 | F22: =+'APU ITEM DE PAGO'!#REF! -> #REF! | G22: =ROUND(F22*E22,0) -> #REF!
B23: =+B22+0.01 -> 2.09 | C23: Lleno compactado mecanicamente con material de préstamo densidad de compactación >90% PM | D23: m³ | E23: 2647 | F23: =+'APU ITEM DE PAGO'!#REF! -> #REF! | G23: =ROUND(F23*E23,0) -> #REF!
B24: =+B23+0.01 -> 2.1 | C24: Demolición de cámaras de inspección MH | D24: m³ | E24: 99 | F24: =+'APU ITEM DE PAGO'!#REF! -> #REF! | G24: =ROUND(F24*E24,0) -> #REF!
B25: =+#REF!+0.01 -> #REF! | C25: Demolición y extracción de tubería existente | D25: ml | E25: 359 | F25: =+'APU ITEM DE PAGO'!#REF! -> #REF! | G25: =ROUND(F25*E25,0) -> #REF!
B26: =+B25+0.01 -> #REF! | C26: Retiro y botada de materiales resultantes de la excavacion y demoliciones a cualquier distancia incluye cargue | D26: m³/Km | E26: 81571 | F26: =+'APU ITEM DE PAGO'!#REF! -> #REF! | G26: =ROUND(F26*E26,0) -> #REF!
B27: =+B12+1 -> 3 | C27: ESTRUCTURAS | G27: =SUM(G28:G34) -> #REF! | H27: =SUM(H28:H31) -> 0
B28: 3.01 | C28: =#REF! -> #REF! | D28: =#REF! -> #REF! | E28: 229 | F28: =+'APU ITEM DE PAGO'!#REF! -> #REF! | G28: =ROUND(F28*E28,0) -> #REF!
B29: 3.01 | C29: =#REF! -> #REF! | D29: =#REF! -> #REF! | E29: 268 | F29: =+'APU ITEM DE PAGO'!#REF! -> #REF! | G29: =ROUND(F29*E29,0) -> #REF!
B30: 3.01 | C30: =#REF! -> #REF! | D30: =#REF! -> #REF! | E30: 82 | F30: =+'APU ITEM DE PAGO'!#REF! -> #REF! | G30: =ROUND(F30*E30,0) -> #REF!
B31: 3.01 | C31: suministro transporte e instalacion de concreto de 28 Mpa. Para Cabezote de descarga, | D31: =+D30 -> #REF! | E31: 30 | F31: =+'APU ITEM DE PAGO'!#REF! -> #REF! | G31: =ROUND(F31*E31,0) -> #REF!
B32: 3.01 | C32: Concreto de 28 Mpa para canales escalonados o estructuras de discipación de energia en las descargas de aguas lluvias a las fuentes, con dimensiones de 0.3 de huellla y 0.25 de contrahuella, espesor de muros de 0.15, ancho del canal de 0.6 y altura de muros de 0.6, incluye una llave de anclaje. No incluye acero de refuerzo | D32: ml | E32: 39 | F32: =+'APU ITEM DE PAGO'!#REF! -> #REF! | G32: =ROUND(F32*E32,0) -> #REF!
C33: Suministro, transporte e instalación de Concreto f'c = 280 kg/cm2 para estructuras de protección de tuberías con profundidad clave menor a 1 m en vías. Incluye acero de refuerzo | D33: m3 | E33: 52 | F33: =+'APU ITEM DE PAGO'!#REF! -> #REF! | G33: =ROUND(F33*E33,0) -> #REF!
C34: Construcción de tapa losa para cámara de inspección de Ø=1,2 m, (profundidad menor a 1 m) de concreto f'c=4000 PSI. | D34: un | E34: 6 | F34: =+'APU ITEM DE PAGO'!#REF! -> #REF! | G34: =ROUND(F34*E34,0) -> #REF!
B35: =+B27+1 -> 4 | C35: ALCANTARILLADO Y AGUAS RESIDUALES | G35: =SUM(G36:G43) -> #REF! | H35: =SUM(H36:H43) -> #REF!
B36: =+#REF!+0.01 -> #REF! | C36: =#REF! -> #REF! | D36: =#REF! -> #REF! | E36: 7786 | F36: =+'APU ITEM DE PAGO'!#REF!+'APU ITEM DE PAGO'!#REF! -> #REF! | H36: =ROUND(E36*F36,0) -> #REF!
B37: =+B36+0.01 -> #REF! | C37: =#REF! -> #REF! | D37: =#REF! -> #REF! | E37: 7786 | F37: =+'APU ITEM DE PAGO'!#REF!+'APU ITEM DE PAGO'!#REF! -> #REF! | G37: =ROUND(F37*E37,0) -> #REF!
B38: =+B37+0.01 -> #REF! | C38: =#REF! -> #REF! | D38: =#REF! -> #REF! | E38: 1042 | F38: =+'APU ITEM DE PAGO'!#REF!+'APU ITEM DE PAGO'!#REF! -> #REF! | H38: =ROUND(E38*F38,0) -> #REF!
B39: =+B38+0.01 -> #REF! | C39: =#REF! -> #REF! | D39: =#REF! -> #REF! | E39: 1042 | F39: =+'APU ITEM DE PAGO'!#REF!+'APU ITEM DE PAGO'!#REF! -> #REF! | G39: =ROUND(F39*E39,0) -> #REF!
B40: =+B39+0.01 -> #REF! | C40: =#REF! -> #REF! | D40: =#REF! -> #REF! | E40: 881 | F40: =+'APU ITEM DE PAGO'!#REF!+'APU ITEM DE PAGO'!#REF! -> #REF! | H40: =ROUND(E40*F40,0) -> #REF!
B41: =+B40+0.01 -> #REF! | C41: =#REF! -> #REF! | D41: =#REF! -> #REF! | E41: 881 | F41: =+'APU ITEM DE PAGO'!#REF!+'APU ITEM DE PAGO'!#REF! -> #REF! | G41: =ROUND(F41*E41,0) -> #REF!
B42: =+B41+0.01 -> #REF! | C42: =#REF! -> #REF! | D42: =#REF! -> #REF! | E42: 149 | F42: =+'APU ITEM DE PAGO'!#REF!+'APU ITEM DE PAGO'!#REF! -> #REF! | H42: =ROUND(E42*F42,0) -> #REF!
B43: =+B42+0.01 -> #REF! | C43: =#REF! -> #REF! | D43: =#REF! -> #REF! | E43: 149 | F43: =+'APU ITEM DE PAGO'!#REF!+'APU ITEM DE PAGO'!#REF! -> #REF! | G43: =ROUND(F43*E43,0) -> #REF!
B44: =+B35+1 -> 5 | C44: URBANISMO | G44: =SUM(G45:G52) -> #REF! | H44: =SUM(H45:H49) -> 0
B45: 5.01 | C45: =+#REF! -> #REF! | D45: Kg | E45: 7370 | F45: =+#REF! -> #REF! | G45: =ROUND(F45*E45,0) -> #REF!
B46: =+B45+0.01 -> 5.02 | C46: =+#REF! -> #REF! | D46: =+#REF! -> #REF! | E46: 1039 | F46: =+'APU ITEM DE PAGO'!#REF! -> #REF! | G46: =ROUND(F46*E46,0) -> #REF!
B47: =+#REF!+0.01 -> #REF! | C47: =+#REF! -> #REF! | D47: =+#REF! -> #REF! | E47: 1039 | F47: =+'APU ITEM DE PAGO'!#REF! -> #REF! | G47: =ROUND(F47*E47,0) -> #REF!
B48: =+B47+0.01 -> #REF! | C48: =+#REF! -> #REF! | D48: =+#REF! -> #REF! | E48: 1225 | F48: =+'APU ITEM DE PAGO'!#REF! -> #REF! | G48: =ROUND(F48*E48,0) -> #REF!
B49: =+B48+0.01 -> #REF! | C49: =+#REF! -> #REF! | D49: =+#REF! -> #REF! | E49: 329 | F49: =+'APU ITEM DE PAGO'!#REF! -> #REF! | G49: =ROUND(F49*E49,0) -> #REF!
B50: =+B49+0.01 -> #REF! | C50: =+#REF! -> #REF! | D50: =+#REF! -> #REF! | E50: 8276 | F50: =+'APU ITEM DE PAGO'!#REF! -> #REF! | G50: =ROUND(F50*E50,0) -> #REF!
B51: =+B50+0.01 -> #REF! | C51: Construcción de Sumidero Tipo B para aguas lluvias incluye canastilla | D51: un | E51: 240 | F51: =+'APU ITEM DE PAGO'!#REF! -> #REF! | G51: =ROUND(F51*E51,0) -> #REF!
C52: CÁRCAMOS DE 7 ME DE LONGITUD, INCLUYE CAJA DE DESCARGA, 5 M DE TUBERÍA PVC DE 10 PULGADAS PARA CONEXIÓN A RED DE ALCANTARILLADO PLUVIAL, EXCAVACIÓN, BOTADA DE MATERIAL Y REJILLA EN HIERRO DUCTIL PARA TRÁFICO VEHICULAR | D52: UN | E52: 39 | F52: =+#REF! -> #REF! | G52: =ROUND(F52*E52,0) -> #REF!
E54: TOTAL COSTOS DE OBRA | G54: =+G7+G12+G27+G35+G44 -> #REF!
E56: TOTAL COSTOS DE SUMINISTRO | H56: =+H35 -> #REF!
E57: =SUM(E8:E52) -> 205295
C59: PRELIMINARES | E59: =+E1167 -> 205291.27
C60: LOCALIZACIÓN TRAZADO Y REPLANTEO | D60: ml | E60: 109.64 | F60: 1984.34 | G60: =+E60*F60 -> 217563.04
C61: CORTE Y ROTURA DE PAVIMENTO ARTICULADO PARA ZANJAS | D61: m² | E61: 189.9 | F61: 18650.1 | G61: =+E61*F61 -> 3541654
C62: EXCAVACIONES , RELLENOS Y TERRAPLEN | G62: =+E62*F62 -> 0
C63: Excavación mecánica en material heterogéneo húmedo <2 m, no incluye entibado. | D63: m³ | E63: 30.264046 | F63: 10710.16 | G63: =+E63*F63 -> 324132.78
C64: Excavación manual en material heterogéneo húmedo <2 m, no incluye entibado. Incluye cargue, transporte y botada de escombros hasta 10km hasta el sitio que lo indique la interventoría. (Domiciliarias) | D64: m³ | E64: 121.05619 | F64: 25085.75 | G64: =+E64*F64 -> 3036785.2
C65: Excavación en Roca a cualquier profundidad y bajo cualquier condición de humedad por métodos no explosivos, Incluye cargue, transporte y botada de escombros hasta 10km hasta el sitio que lo indique la interventoría. | D65: m³ | E65: 8.9959056 | F65: 347498.07 | G65: =+E65*F65 -> 3126059.8
C66: Excavación en Roca con Compresor | D66: m³ | E66: 35.983622 | F66: 125000 | G66: =+E66*F66 -> 4497952.8
C67: Entibado temporal de zanja | D67: m² | E67: 314.47987 | F67: 20628.04 | G67: =+E67*F67 -> 6487103.4
C68: entibado permanente de zanjas | D68: m² | E68: 34.942208 | F68: 38347.76 | G68: =+E68*F68 -> 1339955.4
C69: Lleno con material granular, triturado de 3/4" para apoyo de tubería | D69: m³ | E69: 24.316139 | F69: 109685.67 | G69: =+E69*F69 -> 2667132
C70: Lleno y apisonado de zanjas con material seleccionado de la excavación, densidad de compactación >90% PM | D70: m³ | E70: 107.50099 | F70: 19163.82 | G70: =+E70*F70 -> 2060129.6
C71: Lleno compactado mecanicamente con material de préstamo densidad de compactación >90% PM | D71: m³ | E71: 36.473187 | F71: 122244.08 | G71: =+E71*F71 -> 4458631.1
C72: Demolición de cámaras de inspección MH | D72: m³ | E72: 1.7592919 | F72: 132790.08 | G72: =+E72*F72 -> 233616.51
C73: Retiro y botada de materiales resultantes de la excavacion y demoliciones a cualquier distancia incluye cargue | D73: m³/Km | E73: 905.58062 | F73: 2176.8 | G73: =+E73*F73 -> 1971267.9
C74: ESTRUCTURAS | G74: =+E74*F74 -> 0
C75: Construcción de cilindro para cámara de inspección MH Ø1,2m de concreto de 21 Mpa (3000 PSI). Incluye los pedaños de escalera | D75: ml | E75: 1.81 | F75: 760913.61 | G75: =+E75*F75 -> 1377253.6
C76: Construcción de cono concentrico, cuello, base y cañuela para MH de Ø1,2m. Incluye suministro e nistalación de tapa | D76: Und | E76: 2 | F76: 1219802.9 | G76: =+E76*F76 -> 2439605.7
C77: Suministro, transporte e instalación de Concreto f'c = 210 kg/cm2 para estructuras especiales, atraques y empotramientos | D77: m³ | E77: 2.4798496 | F77: 694744.33 | G77: =+E77*F77 -> 1722861.5
C78: suministro transporte e instalacion de concreto de 28 Mpa. Para Cabezote de descarga, | D78: m³ | E78: 1.1 | F78: 781423.03 | G78: =+E78*F78 -> 859565.33
C79: ALCANTARILLADO Y AGUAS RESIDUALES | G79: =+E79*F79 -> 0
C80: Suministro de tubería de 10" de Pared Estructural para Alcantarillado, según Norma NTC 3722-1 (Novafort o Similar) para conexiones domiciliarias | D80: ml | E80: 0 | F80: 67290.93 | G80: =+E80*F80 -> 0
C81: instalación de tubería de 10" de Pared Estructural para Alcantarillado, según Norma NTC 3722-1 (Novafort o Similar) para conexiones domiciliarias | D81: ml | E81: 0 | F81: 4284.6 | G81: =+E81*F81 -> 0
C82: Suministro de tubería de 14" de Pared Estructural para Alcantarillado, según Norma NTC 3722-1 (Novafort o Similar) para conexiones domiciliarias | D82: ml | E82: 91.767206 | F82: 141819.93 | G82: 0
C83: instalación de tubería de 14" de Pared Estructural para Alcantarillado, según Norma NTC 3722-1 (Novafort o Similar) para conexiones domiciliarias | D83: ml | E83: 91.767206 | F83: 4884.44 | G83: =+E83*F83 -> 448231.41
C84: Suministro de tubería de 16" de Pared Estructural para Alcantarillado, según Norma NTC 3722-1 (Novafort o Similar) para conexiones domiciliarias | D84: ml | E84: 16.219149 | F84: 173445.75 | G84: 0
C85: instalación de tubería de 16" de Pared Estructural para Alcantarillado, según Norma NTC 3722-1 (Novafort o Similar) para conexiones domiciliarias | D85: ml | E85: 16.219149 | F85: 6341.21 | G85: =+E85*F85 -> 102849.03
C86: URBANISMO | G86: =+E86*F86 -> 0
C87: Suministro, transporte e instalación de ACERO DE REFUERZO FIGURADO FY= 420 Mpa-60000 PSI, corrugado. Incluye transporte con descarga, transporte interno, alambre de amarre, certificados y todos los elementos necesarios para su correcta instalación, según diseño y recomendaciones estructurales. | D87: Kg | E87: 110 | F87: 4608.5 | G87: =+E87*F87 -> 506935
C88: Construcción y/o reconstrucción de cordones de andenes en concreto f`c = 210 kg/cm2 | D88: ml | E88: 10.964 | F88: 61090.18 | G88: =+E88*F88 -> 669792.73
C89: Construcción de cuneta triangular en concreto de f´c = 3000PSI (21Mpa), ancho 0,40m, alto 0,20m y e=0,10m, incluye entresuelo en triturado de 0,10m de espesor, incluye Acero | D89: ml | E89: 10.964 | F89: 66918.05 | G89: =+E89*F89 -> 733689.5
C90: Suministro, transporte y colocación de base granular de máximo Ø 1½", reacomodado con medios MANUALES y compactado al 100% mínimo del ensayo del proctor modificado, según normas para la construcción de pavimentos del INVIAS, y todo lo necesario para su correcta construcción y funcionamiento. Su medida será tomada en sitio ya compactado. | D90: m³ | E90: 12.62 | F90: 126467.22 | G90: =+E90*F90 -> 1596016.3
C91: Construcción de PISO EN ADOQUÍN CUADRADO EN CONCRETO DE 20x20x6cm. Incluye suministro y transporte de los adoquines, cama de asiento en arena limpia de 5 cm, sello de juntas en arena, cortes a máquina. Seguir recomendación del MEP y patrones de instalación del ICPC. El adoquín deberá resellarse por 2 veces con un lapso de 4 meses luego de su instalación y cumplir con la norma NTC 2017. | D91: m² | E91: 189.9 | F91: 48343.01 | G91: =+E91*F91 -> 9180337.6
C92: Construcción de Sumidero Tipo B para aguas lluvias incluye canastilla | D92: un | E92: 4 | F92: 442561.1 | G92: =+E92*F92 -> 1770244.4
C93: CÁRCAMOS DE 7 ME DE LONGITUD, INCLUYE CAJA DE DESCARGA, 5 M DE TUBERÍA PVC DE 10 PULGADAS PARA CONEXIÓN A RED DE ALCANTARILLADO PLUVIAL, EXCAVACIÓN, BOTADA DE MATERIAL Y REJILLA EN HIERRO DUCTIL PARA TRÁFICO VEHICULAR | D93: UN | E93: 2 | F93: 3679039 | G93: =+E93*F93 -> 7358078
G94: =+E94*F94 -> 0 | H94: =SUM(G60:G93) -> 62727444
C95: PRELIMINARES | G95: =+E95*F95 -> 0
C96: LOCALIZACIÓN TRAZADO Y REPLANTEO | D96: ml | E96: 112.53 | F96: 1984.34 | G96: =+E96*F96 -> 223297.78
C97: EXCAVACIONES , RELLENOS Y TERRAPLEN | G97: =+E97*F97 -> 0
C98: Excavación mecánica en material heterogéneo húmedo <2 m, no incluye entibado. | D98: m³ | E98: 28.508794 | F98: 10710.16 | G98: =+E98*F98 -> 305333.74
C99: Excavación manual en material heterogéneo húmedo <2 m, no incluye entibado. Incluye cargue, transporte y botada de escombros hasta 10km hasta el sitio que lo indique la interventoría. (Domiciliarias) | D99: m³ | E99: 114.03517 | F99: 25085.75 | G99: =+E99*F99 -> 2860657.9
C100: Excavación en Roca a cualquier profundidad y bajo cualquier condición de humedad por métodos no explosivos, Incluye cargue, transporte y botada de escombros hasta 10km hasta el sitio que lo indique la interventoría. | D100: m³ | E100: 8.2436544 | F100: 347498.07 | G100: =+E100*F100 -> 2864654
C101: Excavación en Roca con Compresor | D101: m³ | E101: 32.974618 | F101: 125000 | G101: =+E101*F101 -> 4121827.2
C102: Entibado temporal de zanja | D102: m² | E102: 325.02735 | F102: 20628.04 | G102: =+E102*F102 -> 6704677.2
C103: entibado permanente de zanjas | D103: m² | E103: 36.11415 | F103: 38347.76 | G103: =+E103*F103 -> 1384896.8
C104: Lleno con material granular, triturado de 3/4" para apoyo de tubería | D104: m³ | E104: 18.178702 | F104: 109685.67 | G104: =+E104*F104 -> 1993943.1
...

Sheet PPTO ALC
B2: MUNICIPIO DE TÁMESIS - ANTIOQUIA
B3: SECRETARÍA DE PLANEACIÓN - DEPENDENCIA DE INFRAESTRUCTURA Y OBRAS PÚBLICAS
B4: CONSTRUCCIÓN DE PLAN MAESTRO DE ACUEDUCTO Y ALCANTARILLADO EN EL MUNICIPIO DE TÁMESIS - ANTIOQUIA
D5: Distancia botadero | F5: 10 | G5: Distancia Fuente materiales | H5: =+[147]RESUMEN!H5 -> 32
B6: ITEM | C6: DESCRIPCIÓN | D6: UNIDAD | E6: CANTIDAD TOTAL | F6: VALOR UNITARIO | G6: VALOR OBRA CIVIL | H6: VALOR SUMUNISTRO
B7: 1 | C7: PRELIMINARES | G7: =ROUND(SUM(G8:G12),2) -> 3.9854329e+08 | H7: =ROUND(SUM(H8:H27),2) -> 0 | J7: =G7*1.32 -> 5.2607715e+08
B8: 1.01 | C8: LOCALIZACIÓN TRAZADO Y REPLANTEO | D8: =+[147]APU!I4 -> ml | E8: 15325.08 | F8: =+[147]APU!I31 -> 1984 | G8: =ROUND(F8*E8,2) -> 30404959
B9: =+B8+0.01 -> 1.02 | C9: nichos de investigación y trabajos no asociados directamente a la instalacion de las tuberias | D9: m³ | E9: 5 | F9: =+[147]APU!I61 -> 70267 | G9: =ROUND(F9*E9,2) -> 351335
B10: =+B9+0.01 -> 1.03 | C10: CORTE Y ROTURA DE PAVIMENTO RÍGIDO PARA ZANJAS Incluye cargue, transporte y botada de escombros hasta 10km hasta el sitio que lo indique la interventoría. | D10: =+[147]APU!I64 -> m² | E10: =(1673.2184195*0.38/0.2)+(E35*0.6*0.38) -> 4909.3139 | F10: =+[147]APU!I90 -> 24481 | G10: =ROUND(F10*E10,2) -> 1.2018491e+08
B11: =+B10+0.01 -> 1.04 | C11: CORTE Y ROTURA DE PAVIMENTO ARTICULADO PARA ZANJAS | D11: =+[147]APU!I93 -> m² | E11: =(1673.2184195*0.65*1.5/0.2)+E35*1.5*0.6*0.65 -> 12596.266 | F11: =+[147]APU!I119 -> 18650 | G11: =ROUND(F11*E11,2) -> 2.3492036e+08
B12: =+B11+0.01 -> 1.05 | C12: Rotura y demolicion de andenes incluye, cargue, transporte y botada de escombro. Incluye retiro de cordones, enchape (baldosa, baldosín forros en arenón, madera, vinilo, granito esmerilado, concreto, pisos en gres, entre otros), Incluye cargue, transporte y botada de escombros hasta 10km hasta el sitio que lo indique la interventoría. | D12: m² | E12: 590.672 | F12: =+[147]APU!I148 -> 21470 | G12: =ROUND(F12*E12,2) -> 12681728
B13: =+B7+1 -> 2 | C13: EXCAVACIONES , RELLENOS Y TERRAPLEN | G13: =ROUND(SUM(G14:G28),2) -> 3.3787345e+09 | H13: =ROUND(SUM(H14:H28),2) -> 0 | J13: =G13*1.32 -> 4.4599295e+09
B14: 2.01 | C14: Excavación mecánica en material heterogéneo húmedo <2 m, no incluye entibado. | D14: m³ | E14: =+((E35*0.6*1.2)+8010.92)*0.8 -> 10779.765 | F14: =+[147]APU!I177 -> 10710 | G14: =ROUND(F14*E14,2) -> 1.1545128e+08 | O14: QUITAR TRANSPORTE EN NOMBRE
B15: =+B14+0.01 -> 2.02 | C15: Excavación manual en material heterogéneo húmedo <2 m, no incluye entibado. Incluye cargue, transporte y botada de escombros hasta 10km hasta el sitio que lo indique la interventoría. (Domiciliarias) | D15: m³ | E15: =+((E35*0.6*1.2)+8010.92)*0.2 -> 2694.9412 | F15: =+[147]APU!I204 -> 25086 | G15: =ROUND(F15*E15,2) -> 67605295
B16: =+B15+0.01 -> 2.03 | C16: Excavación manual en material heterogéneo 2m - 4m, no incluye botada ni entibado. Incluye cargue, transporte y botada de escombros hasta 10km hasta el sitio que lo indique la interventoría. | D16: m³ | E16: =(1524.42+59.91)*0.8 -> 1267.464 | F16: =+[147]APU!I259 -> 32028 | G16: =ROUND(F16*E16,2) -> 40594337
B17: =+B16+0.01 -> 2.04 | C17: Excavación mecanica en material heterogéneo 2m - 4m, no incluye botada ni entibado. Incluye cargue, transporte y botada de escombros hasta 10km hasta el sitio que lo indique la interventoría. | D17: m³ | E17: =(1524.42+59.91)*0.2 -> 316.866 | F17: =+[147]APU!I232 -> 12612 | G17: =ROUND(F17*E17,2) -> 3996314
B18: =+B17+0.01 -> 2.05 | C18: Excavación en Roca a cualquier profundidad y bajo cualquier condición de humedad por métodos no explosivos, Incluye cargue, transporte y botada de escombros hasta 10km hasta el sitio que lo indique la interventoría. | D18: m³ | E18: 4112.25 | F18: =+[147]APU!I287 -> 347498 | G18: =ROUND(F18*E18,2) -> 1.4289987e+09
B19: =+B18+0.01 -> 2.06 | C19: Entibado temporal de zanja | D19: m² | E19: 36907 | F19: =+[147]APU!I316 -> 20628 | G19: =ROUND(F19*E19,2) -> 761317596
B20: =+B19+0.01 -> 2.07 | C20: entibado permanente de zanjas | D20: m² | E20: 7288.8678 | F20: =+[147]APU!I346 -> 38348 | G20: =ROUND(F20*E20,2) -> 2.795135e+08
B21: =+B20+0.01 -> 2.08 | C21: Lleno con material granular, triturado de 3/4" para apoyo de tubería | D21: m³ | E21: 1134.86 | F21: =+[147]APU!I375 -> 109686 | G21: =ROUND(F21*E21,2) -> 1.2447825e+08
B22: =+B21+0.01 -> 2.09 | C22: Lleno y apisonado de zanjas con material seleccionado de la excavación, densidad de compactación >90% PM | D22: m³ | E22: =7018.64+E14*0.4 -> 11330.546 | F22: =+[147]APU!I405 -> 19164 | G22: =ROUND(F22*E22,2) -> 2.1713858e+08
B23: =+B22+0.01 -> 2.1 | C23: Lleno compactado mecanicamente con material de préstamo densidad de compactación >90% PM TIPO BASE | D23: m³ | E23: 1754.66 | F23: =+[147]APU!I435 -> 122244 | G23: =ROUND(F23*E23,2) -> 2.1449666e+08
B24: =+B23+0.01 -> 2.11 | C24: Demolición de cámaras de inspección MH | D24: und | E24: 50 | F24: =+[147]APU!I465 -> 132790 | G24: =ROUND(F24*E24,2) -> 6639500
B25: =+B24+0.01 -> 2.12 | C25: Demolición de estructuras especiales, en puentes, coberturas y empotramientos | D25: =+D23 -> m³ | E25: 5 | F25: =+[147]APU!I496 -> 144745 | G25: =ROUND(F25*E25,2) -> 723725
B26: =+B25+0.01 -> 2.13 | C26: Manejo de aguas residuales | D26: ml | E26: =+(E37+E39+E41+E43+E45)*0.2 -> 1821.262 | F26: =+[147]APU!I527 -> 11696 | G26: =ROUND(F26*E26,2) -> 21301480
B27: =+B26+0.01 -> 2.14 | C27: Demolición y extracción de tubería existente | D27: ml | E27: =+(E37+E39+E41)*0.9 -> 7854.282 | F27: =+[147]APU!I555 -> 9983 | G27: =ROUND(F27*E27,2) -> 78409297
B28: =+B27+0.01 -> 2.15 | C28: Retiro y botada de materiales resultantes de la excavacion y demoliciones a cualquier distancia incluye cargue | D28: m³/Km | E28: 13900 | F28: 1300 | G28: =ROUND(F28*E28,2) -> 18070000
B29: =+B13+1 -> 3 | C29: ESTRUCTURAS | G29: =SUM(G30:G33) -> 9.054933e+08 | H29: =SUM(H30:H33) -> 0 | J29: =G29*1.32 -> 1.1952512e+09
B30: 3.01 | C30: Construcción de cilindro para cámara de inspección MH Ø1,2m de concreto de 21 Mpa (3000 PSI). Incluye los pedaños de escalera | D30: ml | E30: 300.87 | F30: =+[147]APU!I617 -> 760914 | G30: =ROUND(F30*E30,2) -> 2.289362e+08 | J30: =H27*K31 -> 0
B31: =+B30+0.01 -> 3.02 | C31: Construcción de cono concentrico, cuello, base y cañuela para MH de Ø1,2m. Incluye suministro e nistalación de tapa | D31: Und | E31: 233 | F31: =+[147]APU!I648 -> 1219803 | G31: =ROUND(F31*E31,2) -> 284214099
B32: =+B31+0.01 -> 3.03 | C32: Construcción de caja de empalme fundida in situ de (45x45)cm | D32: Und | E32: =+E35/5 -> 1517.7183 | F32: =+[147]APU!I678 -> 242487 | G32: =ROUND(F32*E32,2) -> 3.6802697e+08
B33: =+B32+0.01 -> 3.04 | C33: Suministro, transporte e instalación de Concreto f'c = 210 kg/cm2 para estructuras especiales, atraques y empotramientos | D33: =+D16 -> m³ | E33: 35 | F33: =+[147]APU!I708 -> 694744 | G33: =ROUND(F33*E33,2) -> 24316040
B34: =+B29+1 -> 4 | C34: ALCANTARILLADO Y AGUAS RESIDUALES | G34: =SUM(G35:G60) -> 94372842 | H34: =SUM(H35:H60) -> 1.1003733e+09 | J34: =G34*1.32 -> 1.2457215e+08
B35: 4.01 | C35: Suministro de tubería de 6" de Pared Estructural para Alcantarillado, según Norma NTC 3722-1 (Novafort o Similar) para conexiones domiciliarias | D35: ml | E35: =+(E37+E39+E41+E43+E45)*5/6 -> 7588.5917 | F35: =+[147]APU!I896+[147]APU!I908 -> 34067 | H35: =ROUND(E35*F35,2) -> 2.5852055e+08 | J35: =H34*1.19 -> 1.3094442e+09
B36: =+B35+0.01 -> 4.02 | C36: instalación de tubería de 6" de Pared Estructural para Alcantarillado, según Norma NTC 3722-1 (Novafort o Similar) para conexiones domiciliarias | D36: ml | E36: =+E35 -> 7588.5917 | F36: =+[147]APU!I914+[147]APU!I902 -> 2914 | G36: =ROUND(F36*E36,2) -> 22113156
B37: =+B36+0.01 -> 4.03 | C37: Suministro de tubería de 8" de Pared Estructural para Alcantarillado, según Norma NTC 3722-1 (Novafort o Similar) para conexiones domiciliarias | D37: ml | E37: 4753.97 | F37: =+[147]APU!I925+[147]APU!I937 -> 46281 | H37: =ROUND(E37*F37,2) -> 2.2001849e+08
B38: =+B37+0.01 -> 4.04 | C38: instalación de tubería de 8" de Pared Estructural para Alcantarillado, según Norma NTC 3722-1 (Novafort o Similar) para conexiones domiciliarias | D38: ml | E38: =+E37 -> 4753.97 | F38: =+[147]APU!I931+[147]APU!I943 -> 3085 | G38: =ROUND(F38*E38,2) -> 14665997
B39: =+B38+0.01 -> 4.05 | C39: Suministro de tubería de 10" de Pared Estructural para Alcantarillado, según Norma NTC 3722-1 (Novafort o Similar) para conexiones domiciliarias | D39: ml | E39: 2397.86 | F39: =+[147]APU!I954+[147]APU!I966 -> 67290.93 | H39: =ROUND(E39*F39,2) -> 1.6135423e+08
B40: =+B39+0.01 -> 4.06 | C40: instalación de tubería de 10" de Pared Estructural para Alcantarillado, según Norma NTC 3722-1 (Novafort o Similar) para conexiones domiciliarias | D40: ml | E40: =+E39 -> 2397.86 | F40: =+[147]APU!I960+[147]APU!I972 -> 4284.6 | G40: =ROUND(F40*E40,2) -> 10273871
B41: =+B40+0.01 -> 4.07 | C41: Suministro de tubería de 12" de Pared Estructural para Alcantarillado, según Norma NTC 3722-1 (Novafort o Similar) para conexiones domiciliarias | D41: ml | E41: 1575.15 | F41: =+[147]APU!I983+[147]APU!I995 -> 99174.18 | H41: =ROUND(E41*F41,2) -> 1.5621421e+08
B42: =+B41+0.01 -> 4.08 | C42: instalación de tubería de 12" de Pared Estructural para Alcantarillado, según Norma NTC 3722-1 (Novafort o Similar) para conexiones domiciliarias | D42: ml | E42: =+E41 -> 1575.15 | F42: =+[147]APU!I989+[147]APU!I1001 -> 4455.99 | G42: =ROUND(F42*E42,2) -> 7018852.7
B43: =+B42+0.01 -> 4.09 | C43: Suministro de tubería de 14" de Pared Estructural para Alcantarillado, según Norma NTC 3722-1 (Novafort o Similar) para conexiones domiciliarias | D43: ml | E43: 320.32 | F43: =+[147]APU!I1012+[147]APU!I1024 -> 141819.93 | H43: =ROUND(E43*F43,2) -> 45427760
B44: =+B43+0.01 -> 4.1 | C44: instalación de tubería de 14" de Pared Estructural para Alcantarillado, según Norma NTC 3722-1 (Novafort o Similar) para conexiones domiciliarias | D44: ml | E44: =+E43 -> 320.32 | F44: =+[147]APU!I1018+[147]APU!I1030 -> 4884.44 | G44: =ROUND(F44*E44,2) -> 1564583.8
B45: =+B44+0.01 -> 4.11 | C45: Suministro de tubería de 16" de Pared Estructural para Alcantarillado, según Norma NTC 3722-1 (Novafort o Similar) para conexiones domiciliarias | D45: ml | E45: 59.01 | F45: =+[147]APU!I1041+[147]APU!I1053 -> 173445.75 | H45: =ROUND(E45*F45,2) -> 10235034
B46: =+B45+0.01 -> 4.12 | C46: instalación de tubería de 16" de Pared Estructural para Alcantarillado, según Norma NTC 3722-1 (Novafort o Similar) para conexiones domiciliarias | D46: ml | E46: =+E45 -> 59.01 | F46: =+[147]APU!I1047+[147]APU!I1059 -> 6341.21 | G46: =ROUND(F46*E46,2) -> 374194.8
B47: =+B46+0.01 -> 4.13 | C47: Suministro de tubería de 18" de Pared Estructural para Alcantarillado, según Norma NTC 3722-1 (Novafort o Similar) para conexiones domiciliarias | D47: ml | E47: 0 | F47: =+[147]APU!I1070+[147]APU!I1082 -> 224092.26 | H47: =ROUND(E47*F47,2) -> 0
B48: =+B47+0.01 -> 4.14 | C48: instalación de tubería de 18" de Pared Estructural para Alcantarillado, según Norma NTC 3722-1 (Novafort o Similar) para conexiones domiciliarias | D48: ml | E48: =+E47 -> 0 | F48: =+[147]APU!I1076+[147]APU!I1088 -> 17138.4 | G48: =ROUND(F48*E48,2) -> 0
B49: =+B48+0.01 -> 4.15 | C49: Suministro y Transporte kit Silla Yee PVC de 8"x6" | D49: Und | E49: 1138 | F49: =+[147]APU!I1102+[147]APU!I1114 -> 153818.4 | H49: =ROUND(E49*F49,2) -> 1.7504534e+08
B50: =+B49+0.01 -> 4.16 | C50: Instalación de kit Silla Yee PVC de 8"x6" | D50: =+D49 -> Und | E50: =+E49 -> 1138 | F50: =+[147]APU!I1108+[147]APU!I1120 -> 9640.35 | G50: =ROUND(F50*E50,2) -> 10970718
B51: =+B50+0.01 -> 4.17 | C51: Suministro y Transporte kit Silla Yee PVC de 10"x6" | D51: Und | E51: 376 | F51: =+[147]APU!I1134+[147]APU!I1146 -> 185100 | H51: =ROUND(E51*F51,2) -> 69597600
B52: =+B51+0.01 -> 4.18 | C52: Instalación de kit Silla Yee PVC de 10"x6" | D52: =+D51 -> Und | E52: =+E51 -> 376 | F52: =+[147]APU!I1140+[147]APU!I1152 -> 10283.04 | G52: =ROUND(F52*E52,2) -> 3866423
B53: =+B52+0.01 -> 4.19 | C53: Suministro y Transporte kit Silla Yee PVC de 12"x6" | D53: Und | E53: 15 | F53: =+[147]APU!I1166+[147]APU!I1178 -> 264006 | H53: =ROUND(E53*F53,2) -> 3960090
B54: =+B53+0.01 -> 4.2 | C54: Instalación de kit Silla Yee PVC de 12"x6" | D54: =+D53 -> Und | E54: =+E53 -> 15 | F54: =+[147]APU!I1184+[147]APU!I1172 -> 10711.5 | G54: =ROUND(F54*E54,2) -> 160672.5
B55: =+B54+0.01 -> 4.21 | C55: Suministro y Transporte kit Silla Yee PVC de 14"x6" | D55: Und | E55: 0 | F55: =+[147]APU!I1198+[147]APU!I1210 -> 362935 | H55: =ROUND(E55*F55,2) -> 0
B56: =+B55+0.01 -> 4.22 | C56: Instalación de kit Silla Yee PVC de 14"x6" | D56: =+D55 -> Und | E56: =+E55 -> 0 | F56: =+[147]APU!I1204+[147]APU!I1216 -> 10711.5 | G56: =ROUND(F56*E56,2) -> 0
B57: =+B56+0.01 -> 4.23 | C57: Suministro y Transporte kit Silla Yee PVC de 16"x6" | D57: Und | E57: 0 | F57: =+[147]APU!I1230+[147]APU!I1242 -> 384530 | H57: =ROUND(E57*F57,2) -> 0
B58: =+B57+0.01 -> 4.24 | C58: Instalación de kit Silla Yee PVC de 16"x6" | D58: =+D57 -> Und | E58: =+E57 -> 0 | F58: =+[147]APU!I1236+[147]APU!I1246 -> 10711.5 | G58: =ROUND(F58*E58,2) -> 0
B59: =+B58+0.01 -> 4.25 | C59: Codo 6"45º PVC y empalme a la red domiciliar existente. | D59: Und | E59: 100 | F59: =+[147]APU!I1279 -> 72640 | G59: =ROUND(F59*E59,2) -> 7264000
B60: =+B59+0.01 -> 4.26 | C60: Construcción de Aliviadero de cañuela | D60: Und | E60: 38 | F60: =+[147]APU!I1308 -> 423694 | G60: =ROUND(F60*E60,2) -> 16100372
B61: =+B60+0.01 -> 4.27 | C61: Reparacion de domiciliares de acueducto | D61: und | E61: 0 | F61: =+[147]APU!I1341 -> 61056 | G61: =ROUND(F61*E61,2) -> 0
B62: =+B34+1 -> 5 | C62: URBANISMO | G62: =SUM(G63:G70) -> 3.9041875e+09 | H62: =SUM(H63:H69) -> 0 | J62: =G62*1.32 -> 5.1535275e+09
B63: 5.01 | C63: =+'[147]SUB ANALISIS'!B186 -> Suministro, transporte e instalación de ACERO DE REFUERZO FIGURADO FY= 420 Mpa-60000 PSI, corrugado. Incluye transporte con descarga, transporte interno, alambre de amarre, certificados y todos los elementos necesarios para su correcta instalación, según diseño y recomendaciones estructurales. | D63: =+'[147]SUB ANALISIS'!F187 -> KG | E63: 600 | F63: =+'[147]SUB ANALISIS'!F211 -> 4608.5 | G63: =ROUND(F63*E63,2) -> 2765100 | J63: =H54*K64 -> 0
B64: =+B63+0.01 -> 5.02 | C64: Construcción y/o reconstrucción de cordones de andenes en concreto f`c = 210 kg/cm2 | D64: ml | E64: 600 | F64: =+[147]APU!I1370 -> 61090 | G64: =ROUND(F64*E64,2) -> 36654000
B65: =+B64+0.01 -> 5.03 | C65: Construcción y/o reconstrucción de andenes en concreto f`c = 210 kg/cm2 e=0,1m, Incluye Refuerzo | D65: =+D10 -> m² | E65: 100 | F65: =+[147]APU!I1399 -> 72996 | G65: =ROUND(F65*E65,2) -> 7299600
B66: =+B65+0.01 -> 5.04 | C66: construccion de acabado de anden vitrificado | D66: =+D70 -> m² | E66: 100 | F66: =+[147]APU!I1429 -> 44022 | G66: =ROUND(F66*E66,2) -> 4402200
B67: =+B66+0.01 -> 5.05 | C67: Construcción de cuneta triangular en concreto de f´c = 3000PSI (21Mpa), ancho 0,40m, alto 0,20m y e=0,10m, incluye entresuelo en triturado de 0,10m de espesor, incluye Acero | D67: ml | E67: 600 | F67: =+[147]APU!I1458 -> 66918 | G67: =ROUND(F67*E67,2) -> 40150800
B68: =+B67+0.01 -> 5.06 | C68: Suministro, transporte y colocación de base granular de máximo Ø 1½", reacomodado con medios MANUALES y compactado al 100% mínimo del ensayo del proctor modificado, según normas para la construcción de pavimentos del INVIAS, y todo lo necesario para su correcta construcción y funcionamiento. Su medida será tomada en sitio ya compactado. | D68: m³ | E68: =2290.81*0.38 -> 870.5078 | F68: =+[147]APU!I1488 -> 126467 | G68: =ROUND(F68*E68,2) -> 1.1009051e+08
B69: =+B68+0.01 -> 5.07 | C69: CONCRETO PARA PAVIMENTO RIGIDO 24.5 MPa - (3500 PSI), INCLUYE JUNTA EN ASFALTO | D69: m³ | E69: =+E10 -> 4909.3139 | F69: =+[147]APU!I1517 -> 630207 | G69: =ROUND(F69*E69,2) -> 3.093884e+09
B70: =+B69+0.01 -> 5.08 | C70: Construcción de PISO EN ADOQUÍN CUADRADO EN CONCRETO DE 20x20x6cm. Incluye suministro y transporte de los adoquines, cama de asiento en arena limpia de 5 cm, sello de juntas en arena, cortes a máquina. Seguir recomendación del MEP y patrones de instalación del ICPC. El adoquín deberá resellarse por 2 veces con un lapso de 4 meses luego de su instalación y cumplir con la norma NTC 2017. | D70: =+D65 -> m² | E70: =+E11 -> 12596.266 | F70: =+[147]APU!I1580 -> 48343 | G70: =ROUND(F70*E70,2) -> 6.0894128e+08
E73: TOTAL COSTOS DE OBRA | G73: =ROUND(SUM(G7:G70),2)/2 -> 8.6813314e+09 | J73: =SUM(J7:J70) -> 1.2768802e+10 | K73: Costo tota AU incluido
E74: =+[147]RESUMEN!E11 -> 0.27737073 | G74: =ROUND($G$73*E74,2) -> 2.4079472e+09 | J74: =G76 -> 4.3406657e+08 | K74: IVA
E75: 0.02 | G75: =ROUND($G$73*E75,2) -> 1.7362663e+08 | J75: =H79 -> 0
E76: 0.05 | G76: =ROUND($G$73*E76,2) -> 4.3406657e+08
E77: COSTOS INDIRECTOS (A+I+U) | G77: =ROUND(G76+G75+G74,2) -> 3.0156404e+09 | J77: =SUM(J73:J76) -> 1.3202868e+10 | K77: MGA
E78: VALOR TOTAL OBRA (CD+CI) | G78: =+G77+G73 -> 1.1696972e+10
E80: TOTAL COSTOS DE SUMINISTRO | H80: =+H7+H13+H29+H34+H62 -> 1.1003733e+09
E81: =+[147]RESUMEN!E19 -> 0.27737073 | H81: =ROUND($H$80*E81,2) -> 3.0521135e+08
E82: VALOR TOTAL SUMINISTRO (CS+A) | H82: =+H81+H80 -> 1.4055846e+09
E84: TOTAL COSTO OBRA+SUMINISTRO | H84: =+H82+G78 -> 1.3102556e+10
E85: =+[147]RESUMEN!#REF! -> #REF! | H85: =+H84*0.02 -> 2.6205113e+08
E86: TOTAL PROYECTO | H86: =+H85+H84 -> 1.3364608e+10

Sheet ResumenALL
B1: MUNICIPIO DE TÁMESIS - ANTIOQUIA
B2: SECRETARÍA DE PLANEACIÓN - DEPENDENCIA DE INFRAESTRUCTURA Y OBRAS PÚBLICAS
B3: OPTIMIZACIÓN DE ACUEDUCTO Y ALCANTARILLADO EN EL MUNICIPIO DE TÁMESIS - ANTIOQUIA
B5: Botadero | C5: Costo directo Obra Civil/Mano de Obra | D5: Costo directo Suministro
B6: B647 | C6: =+PPTOALL_B647!G43 -> #REF! | D6: =+PPTOALL_B647!H51 -> #REF!
B7: B671 | C7: =+PPTOALL_B671!G41 -> #REF! | D7: =+PPTOALL_B671!H49 -> #REF!
B8: B534 | C8: =+PPTOALL_B534!G42 -> #REF! | D8: =+PPTOALL_B534!H50 -> #REF!
B9: B672 | C9: =+PPTOALL_B672!G46 -> #REF! | D9: =+PPTOALL_B672!H54 -> #REF!
B10: B1112 | C10: =+PPTOALL_B1112!G45 -> #REF! | D10: =+PPTOALL_B1112!H53 -> #REF!
B11: B1109 | C11: =+PPTOALL_B1109!G51 -> #REF! | D11: =+PPTOALL_B1109!H59 -> #REF!
B12: B538 | C12: =+PPTOALL_B538!G48 -> #REF! | D12: =+PPTOALL_B538!H56 -> #REF!
B13: B439A | C13: =+PPTOALL_B439A!G50 -> #REF! | D13: =+PPTOALL_B439A!H58 -> #REF!
B14: B1114 | C14: =+PPTOALL_B1114!G47 -> #REF! | D14: =+PPTOALL_B1114!H55 -> #REF!
B15: B4 | C15: =+PPTOALL_B4!G47 -> #REF! | D15: =+PPTOALL_B4!H55 -> #REF!
B16: B539A | C16: =+PPTOALL_B539A!G50 -> #REF! | D16: =+PPTOALL_B539A!H58 -> #REF!
B17: B511 | C17: =+PPTOALL_B511!G49 -> #REF! | D17: =+PPTOALL_B511!H57 -> #REF!
B18: B515 | C18: =+PPTOALL_B515!G43 -> #REF! | D18: =+PPTOALL_B515!H51 -> #REF!
B19: B1115 | C19: =+PPTOALL_B1115!G41 -> #REF! | D19: =+PPTOALL_B1115!H49 -> #REF!
B20: B1077 | C20: =+PPTOALL_B1077!G41 -> #REF! | D20: =+PPTOALL_B1077!H49 -> #REF!
B21: B184P | C21: =+PPTOALL_B184P!G48 -> #REF! | D21: =+PPTOALL_B184P!H56 -> #REF!
B22: B6 | C22: =+PPTOALL_B6!G49 -> #REF! | D22: =+PPTOALL_B6!H57 -> #REF!
B23: D1 | C23: =+PPTOALL_D1!G45 -> #REF! | D23: =+PPTOALL_D1!H53 -> #REF!
B24: B70 | C24: =+PPTOALL_B70!G49 -> #REF! | D24: =+PPTOALL_B70!H57 -> #REF!
B25: D2 | C25: =+PPTOALL_D2!G42 -> #REF! | D25: =+PPTOALL_D2!H50 -> #REF!
B26: B526 | C26: =+PPTOALL_B526!G49 -> #REF! | D26: =+PPTOALL_B526!H57 -> #REF!
B27: B5 | C27: =+PPTOALL_B5!G44 -> #REF! | D27: =+PPTOALL_B5!H52 -> #REF!
B28: B539 | C28: =+PPTOALL_B539!G48 -> #REF! | D28: =+PPTOALL_B539!H56 -> #REF!
B29: B520 | C29: =+PPTOALL_B520!G50 -> #REF! | D29: =+PPTOALL_B520!H58 -> #REF!
B30: B2 | C30: =+PPTOALL_B2!G46 -> #REF! | D30: =+PPTOALL_B2!H54 -> #REF!
B31: B1 | C31: =+PPTOALL_B1!G42 -> #REF! | D31: =+PPTOALL_B1!H50 -> #REF!
B32: B3 | C32: =+PPTOALL_B3!G45 -> #REF! | D32: =+PPTOALL_B3!H53 -> #REF!
B33: B542 | C33: =+PPTOALL_B542!G47 -> #REF! | D33: =+PPTOALL_B542!H55 -> #REF!
B34: B96 | C34: =+PPTOALL_B96!G49 -> #REF! | D34: =+PPTOALL_B96!H57 -> #REF!
B35: Total | C35: =+SUM(C6:C34) -> #REF! | D35: =+SUM(D6:D34) -> #REF!
B38: TOTAL COSTOS DE OBRA | D38: =+C35 -> #REF!
B39: =+RESUMEN!E12 -> #REF!
B40: =+RESUMEN!#REF! -> #REF!
B41: =+RESUMEN!E13 -> 0.05
B42: =+RESUMEN!#REF! -> #REF!
B43: COSTOS INDIRECTOS (A+I+U)
B44: VALOR TOTAL OBRA (CD+CI)
C46: TOTAL COSTOS DE SUMINISTRO | D46: =+D35 -> #REF!
C47: =+RESUMEN!#REF! -> #REF!
C48: VALOR TOTAL SUMINISTRO (CS+A)
C50: TOTAL COSTO OBRA+SUMINISTRO | D50: =+D48+D44 -> 0
C51: =+RESUMEN!#REF! -> #REF! | D51: =+D50*0.02 -> 0
C52: TOTAL PROYECTO | D52: =D50+D51 -> 0

Sheet INTERV
B2: INTERVENTORÍA, TÉCNICA, ADMINISTRATIVA, AMBIENTAL Y FINANCIERA AL CONTRATO DE EJECUCIÓN DE LAS OBRAS PARA LA CONSTRUCCIÓN DE PLAN MAESTRO DE ACUEDUCTO Y ALCANTARILLADO EN EL MUNICIPIO DE TÁMESIS - ANTIOQUIA
B4: PERSONAL
B5: CONCEPTO | E5: A | F5: B | G5: E | I5: C | J5: D | K5: F
B6: Personal | D6: Cantidad | E6: Sueldo Mes Básico | F6: % Dedicación | G6: No. Meses | H6: Valor parcial | I6: F.M. | J6: Valor Mes (AxBxC) | K6: Total Parcial (DxE)
B7: Director de Interventoría | D7: 1 | E7: 6000000 | F7: 1 | G7: 15 | H7: =+D7*E7*F7*G7 -> 90000000 | I7: =+FM!F36 -> 1.91 | J7: =+D7*I7*F7*E7 -> 11460000 | K7: =+J7*G7 -> 171900000
B8: Residente de Interventoría | D8: 2 | E8: 4800000 | F8: 1 | G8: =+G7 -> 15 | H8: =+D8*E8*F8*G8 -> 144000000 | I8: =+FM!F36 -> 1.91 | J8: =+D8*I8*F8*E8 -> 18336000 | K8: =+J8*G8 -> 275040000
B9: Tecnólogo residente de interventoría | D9: 2 | E9: 2800000 | F9: 1 | G9: =+G8 -> 15 | H9: =+D9*E9*F9*G9 -> 84000000 | I9: =+FM!F36 -> 1.91 | J9: =+D9*I9*F9*E9 -> 10696000 | K9: =+J9*G9 -> 160440000
B10: Profesional ambiental | D10: 1 | E10: 4000000 | F10: 0.7 | G10: =+G9 -> 15 | H10: =+D10*E10*F10*G10 -> 42000000 | I10: =+FM!F36 -> 1.91 | J10: =+D10*I10*F10*E10 -> 5348000 | K10: =+J10*G10 -> 80220000
B11: Profesional social | D11: 1 | E11: 4000000 | F11: 0.7 | G11: =+G10 -> 15 | H11: =+D11*E11*F11*G11 -> 42000000 | I11: =+FM!F36 -> 1.91 | J11: =+D11*I11*F11*E11 -> 5348000 | K11: =+J11*G11 -> 80220000
B12: Profesional en salud ocupacional | D12: 1 | E12: 4000000 | F12: 1 | G12: =+G11 -> 15 | H12: =+D12*E12*F12*G12 -> 60000000 | I12: =+FM!F36 -> 1.91 | J12: =+D12*I12*F12*E12 -> 7640000 | K12: =+J12*G12 -> 114600000
B13: Secretaria | D13: 1 | E13: 2210000 | F13: 1 | G13: =+G12 -> 15 | H13: =+D13*E13*F13*G13 -> 33150000 | I13: =+FM!F36 -> 1.91 | J13: =+D13*I13*F13*E13 -> 4221100 | K13: =+J13*G13 -> 63316500
B14: Provisión horas extras para tecnólogos (Corresponde a la mitad del 0,2% del valor parcial de los tecnólogos sin FM). Este ítem se pagará con autorización previa del supervisor del contrato. | D14: Estimado | E14: =0.002*H9*0.5 -> 84000 | H14: =+E14*G14 -> 0 | I14: =+FM!F36 -> 1.91 | J14: =+H14*I14 -> 0 | K14: =+J14*G14 -> 0
B15: SUBTOTAL COSTO PERSONAL SIN FM | H15: =SUM(H7:H14) -> 495150000
B16: SUBTOTAL COSTO PERSONAL CON FM | K16: =SUM(K7:K14) -> 945736500
B18: OTROS COSTOS DIRECTOS
B19: Otros Costos Directos | H19: Cantidad | I19: No meses | J19: Valor Unitario | K19: Total
B20: COMISIÓN TOPOGRAFICA INCLUYE: Personal: Topografo Certificado, Dos Cadeneros. Equipos con Certificado de verificacion y vigentes para estacion total, nivel de precision. Radios, GPS y otros medios de comunicación. Procesamiento de informacion: Planos en medio fisico y magnetico e informe impreso. Elementos de apoyo, estacas, pintura. (Resolucion 0056 de 2018) | I20: 13 | J20: 6500000 | K20: =+I20*J20 -> 84500000
B21: Arriendo Oficina local, incluye personal oficios varios | H21: 1 | I21: 15 | J21: 2000000 | K21: =+H21*I21*J21 -> 30000000
B22: Servicios públicos oficina local (Agua, energía, teléfono e internet) | H22: =+H21 -> 1 | I22: 15 | J22: 800000 | K22: =+H22*I22*J22 -> 12000000
B23: Auxilio Comunicaciones | H23: 8 | I23: 15 | J23: 40000 | K23: =+H23*I23*J23 -> 4800000
B24: Transporte terrestre | H24: =+H23 -> 8 | I24: 15 | J24: 250000 | K24: =+H24*I24*J24 -> 30000000 | L24: =+J24*H24 -> 2000000
B25: Alojamientos y manutención | H25: 8 | I25: 15 | K25: =+H25*I25*J25 -> 0 | L25: =400000+(600000/8) -> 475000
B26: Provisión para ensayos de laboratorio | G26: Estimado | H26: 1 | I26: 1 | J26: 16000000 | K26: =+H26*I26*J26 -> 16000000
B27: Equipos de cómputo + software | H27: 4 | I27: 15 | J27: 400000 | K27: =+H27*I27*J27 -> 24000000
B28: Provisión asesorías especializadas. Se pagará con autorización previa del supervisor. | G28: Estimado | H28: 1 | I28: 5 | J28: 6000000 | K28: =+H28*I28*J28 -> 30000000
B29: Impresora (Solo se paga una vez) | H29: 1 | I29: 1 | J29: 800000 | K29: =+H29*I29*J29 -> 800000
B30: SUBTOTAL COSTOS DIRECTOS (3) | K30: =SUM(K20:K29) -> 232100000
B32: RESUMEN GENERAL
B33: COSTO TOTAL | K33: =+K16+K30 -> 1177836500
B34: 0.19 | K34: =+K33*0.19 -> 223788935
B35: VALOR TOTAL OFERTA | K35: =SUM(K33:K34) -> 1401625435
B59: PRESUPUESTO DE OBRA | C59: #REF!
B60: % PRESUPUESTO INTERVENTORIA | C60: =+J26/C59 -> #REF!

Sheet FM
B2: FACTOR MULTIPLICADOR INTERVENTORÍA
B3: LIT | C3: FACTOR | E3: PARCIAL | F3: VALOR (%)
B4: A | C4: VALOR BASE | F4: 1
B6: B | C6: PRESTACIONES SOCIALES | F6: =ROUND(SUM(E7:E16),4) -> 0.5829
C7: Cesantias | D7: A/12 | E7: =+F4/12 -> 0.083333333
C8: Intereses de cesantías | D8: =+E8 -> 0.01 | E8: =+F4*0.01 -> 0.01
C9: Prima anual | D9: A/12 | E9: 0.0833
C10: Caja de compensacion | D10: =+E10 -> 0.04 | E10: =+F4*0.04 -> 0.04
C11: SENA | D11: =+E11 -> 0.02 | E11: =+F4*0.02 -> 0.02
C12: ICBF | D12: =+E12 -> 0.03 | E12: =+F4*0.03 -> 0.03
C13: Seguridad Social (salud) | D13: =+E13 -> 0.085 | E13: =+F4*0.085 -> 0.085
C14: Seguridad Social (pensión) | D14: =+E14 -> 0.12 | E14: =+F4*0.12 -> 0.12
C15: ARP | D15: =+E15 -> 0.0696 | E15: =+F4*0.0696 -> 0.0696
C16: Vacaciones | D16: A/24 | E16: =+F4/24 -> 0.041666667
B17: C | C17: GASTOS GENERALES | F17: =SUM(E18:E23) -> 0.08
C18: PAPELERIA Y EQUIPOS DE OFICINA
C19: ASEO Y VIGILANCIA | E19: 0.02
C20: GASTOS DE VEHICULO
C21: ASESORIA JURIDICA, FINANCIERA Y CONTABLE, AMBIENTAL | E21: 0.03
C22: PERSONAL ADMINISTRATIVO OFICINA CENTRAL | E22: 0.01
C23: SEGURIDAD INDUSTRIAL Y OCUPACIONAL | E23: 0.02
B24: D | C24: PÓLIZAS E IMPUESTOS | F24: =ROUND(SUM(E25:E33),6) -> 0.0812
C25: POLIZAS | E25: 0.0082 | H25: 1402374343
C26: IMPUESTOS
C27: Estampilla Bienestar Adulto Mayor | E27: 0.02
C28: Estampilla ProHospital | E28: 0.01
C29: Estampilla Politécnico JIC | E29: 0.004 | H29: =+H25/1.19 -> 1.1784658e+09
C30: Estampilla Prodesarrollo | E30: 0.006
C31: Estampilla prouniversidad Digital | E31: 0.004
C32: Estampilla IUE | E32: 0.004
C33: Tasa Prodeportes | E33: 0.025
B34: D | C34: SUBTOTAL | F34: =+F24+F17+F6+F4 -> 1.7441
B35: E | C35: UTILIDAD | D35: D*10% | E35: =(+F4+F6+F17)*0.1 -> 0.16629 | F35: =+E35 -> 0.16629
C36: FACTOR MULTIPLICADOR | F36: =ROUND(F34+F35,2) -> 1.91

Sheet PÓLIZAS INT
B1: =+RESUMEN!B4 -> OPTIMIZACIÓN REDES DE ACUEDUCTO Y ALCANTARILLADO RESIDUAL Y PLUVIAL DEL MUNICIPIO DE TÁMESIS - ANTIOQUIA
A4: VALOR DE GASTOS LEGALIZACIÓN
A5: VALOR DEL CONTRATO ($) | C5: =+INTERV!K35 -> 1401625435
A6: PLAZO DEL CONTRATO (Días) | C6: 365
A7: ANTICIPO | C7: 0
A9: TIPO DE GARANTÍA | C9: VALOR ASEGURADO | E9: COBERTURA (Días ) | F9: TASA anual | G9: PRIMA
C10: % | D10: VALOR
A11: Cumplimiento | C11: 0.2 | D11: =C5*C11 -> 280325087 | E11: =C6+(6*30) -> 545 | F11: 0.002 | G11: =(D11*F11)/365*E11 -> 837135.19 | H11: =+D11*E11*F11 -> 3.0555434e+08 | I11: 0.002
A12: Buen Manejo y Correcta Inversión del Anticipo | C12: 100% del anticipo | D12: =C5*C7 -> 0 | E12: =C6+(6*30) -> 545 | F12: 0.0015 | G12: =(D12*F12)/365*E12 -> 0 | I12: 0.0015
A13: Salarios y Prestaciones Sociales | C13: 0.2 | D13: =$C$5*C13 -> 280325087 | E13: =C6+(3*360) -> 1445 | F13: 0.002 | G13: =(D13*F13)/365*E13 -> 2219560.3 | I13: 0.001
A14: Estabilidad y Calidad de la Obras | C14: 0.2 | D14: =$C$5*C14 -> 280325087 | E14: =C6+(5*360) -> 2165 | F14: 0.004 | I14: 0.001 | K14: =+G14/2 -> 0 | L14: Estabilidad de las obras es por 3 años
A15: Responsabilidad Civil | C15: 0.2 | D15: =$C$5*C15 -> 280325087 | E15: =C6 -> 365 | F15: 0.0015 | I15: 0.002
A16: Todo Riesgo en Construcción | G16: 0
A17: Subtotal Prima | G17: =SUM(G11:G16) -> 3056695.5
A18: Gastos de expedición | G18: 50000
A19: I.V.A. | G19: =(G17+G18)*19% -> 590272.14
A20: TOTAL PÓLIZAS | G20: =ROUNDUP(G17+G18+G19,0) -> 3696968
A22: Relación | C22: =G20/C5 -> 0.0026376291
A24: Nota: Debido a que la mayoría de las obras a ejecutar no representan un mayor riesgo para la comunidad, ya que son obras menores, no se considera necesario tener en cuenta la póliza Todo Riesgo en Construcción.
A28: TOTAL GASTOS LEGALIZACIÓN | G28: =+G20 -> 3696968
I55: ='[189]25.1. PRESUPUESTO'!#REF! -> #REF!

Sheet Resúmen PTO MGA
B2: PRESUPUESTO ALCANTARILLADO PLUVIAL | AG2: Alcantarillado | AK2: Urbanismo
B3: Item | C3: ACTIVIDADES | D3: VALOR CAPÍTULO | E3: VALOR CAPÍTULO INCLUYE AIU | F3: VALOR IVA | G3: SUBTOTAL IVA INCLUIDO | O3: ITEM | P3: ACTIVIDADES - DESCRIPCIÓN | Q3: SUBTOTAL | X3: Preliminares | Y3: IVA/5 CAPI | Z3: TOTAL IVA INCLUIDO | AA3: Excavaciones | AB3: IVA/5 CAPI | AC3: TOTAL IVA INCLUIDO | AD3: Estructuras | AE3: IVA/5 CAPI | AF3: TOTAL IVA INCLUIDO | AG3: Obra | AH3: IVA/5 CAPI | AI3: TOTAL IVA INCLUIDO | AJ3: Suministro | AK3: Obra | AL3: IVA/5 CAPI | AM3: TOTAL IVA INCLUIDO | AN3: Suministro | AO3: IVA
B4: 1 | C4: PRELIMINARES | E4: =F63 -> 2.1556207e+08 | F4: 0 | G4: =F4+E4 -> 2.1556207e+08 | O4: 1 | P4: PRELIMINARES | Q4: =ROUND((G4+G18+G32),2) -> #REF! | R4: =Q15/10 -> #REF! | S4: =Q4+R4 -> #REF! | T4: =S4/2 -> #REF! | W4: 1 | X4: =[148]PPTOALL_B647!$J$7 -> 6308754.1 | Y4: =AO4/5 -> 193713.73 | Z4: =X4+Y4 -> 6502467.8 | AA4: =[148]PPTOALL_B647!$J$13 -> 68407405 | AB4: =Y4 -> 193713.73 | AC4: =AA4+AB4 -> 68601119 | AD4: =[148]PPTOALL_B647!$J$29 -> 13613345 | AE4: =AB4 -> 193713.73 | AF4: =AD4+AE4 -> 13807059 | AG4: =[148]PPTOALL_B647!$J$38 -> 4453738.3 | AH4: =AE4 -> 193713.73 | AI4: =AG4+AH4 -> 4647452 | AJ4: =[148]PPTOALL_B647!$J$39 -> 25550425 | AK4: =[148]PPTOALL_B647!$J$49 -> 51797439 | AL4: =AH4 -> 193713.73 | AM4: =AK4+AL4 -> 51991153 | AN4: =[148]PPTOALL_B647!$J$50 -> 8696931.3 | AO4: =[148]PPTOALL_B647!$G$65 -> 968568.67
B5: 2 | C5: EXCAVACIONES , RELLENOS Y TERRAPLEN | E5: =F64 -> 2.5738823e+09 | F5: 0 | G5: =F5+E5 -> 2.5738823e+09 | O5: =O4+1 -> 2 | P5: EXCAVACIONES , RELLENOS Y TERRAPLEN | Q5: =ROUND((G5+G19+G33),2) -> #REF! | R5: 4.7648966e+08 | S5: =Q5+R5 -> #REF! | T5: =S5/2 -> #REF! | W5: =W4+1 -> 2 | X5: =[148]PPTOALL_B671!$J$7 -> 477101.74 | Y5: =AO5/5 -> 143951.99 | Z5: =X5+Y5 -> 621053.73 | AA5: =[148]PPTOALL_B671!$J$13 -> 64478539 | AB5: =Y5 -> 143951.99 | AC5: =AA5+AB5 -> 64622491 | AD5: =[148]PPTOALL_B671!$J$29 -> 11354227 | AE5: =AB5 -> 143951.99 | AF5: =AD5+AE5 -> 11498179 | AG5: =[148]PPTOALL_B671!$J$38 -> 3838771.7 | AH5: =AE5 -> 143951.99 | AI5: =AG5+AH5 -> 3982723.7 | AJ5: =[148]PPTOALL_B671!$J$39 -> 20038736 | AK5: =[148]PPTOALL_B671!$J$49 -> 27291736 | AL5: =AH5 -> 143951.99 | AM5: =AK5+AL5 -> 27435688 | AN5: =[148]PPTOALL_B671!$J$50 -> 8696931.3 | AO5: =[148]PPTOALL_B671!$G$65 -> 719759.93
B6: 3 | C6: ESTRUCTURAS | E6: =F65 -> 6.6765506e+08 | F6: 0 | G6: =F6+E6 -> 6.6765506e+08 | O6: =O5+1 -> 3 | P6: ESTRUCTURAS | Q6: =ROUND((G6+G20),2) -> #REF! | R6: 4.7648966e+08 | S6: =Q6+R6 -> #REF! | T6: =S6/3 -> #REF! | W6: =W5+1 -> 3 | X6: =[148]PPTOALL_B534!$J$7 -> 1781611.2 | Y6: =AO6/5 -> 95687.303 | Z6: =X6+Y6 -> 1877298.5 | AA6: =[148]PPTOALL_B534!$J$13 -> 25094276 | AB6: =Y6 -> 95687.303 | AC6: =AA6+AB6 -> 25189963 | AD6: =[148]PPTOALL_B534!$J$29 -> 9917680.2 | AE6: =AB6 -> 95687.303 | AF6: =AD6+AE6 -> 10013367 | AG6: =[148]PPTOALL_B534!$J$38 -> 1535284.7 | AH6: =AE6 -> 95687.303 | AI6: =AG6+AH6 -> 1630972 | AJ6: =[148]PPTOALL_B534!$J$39 -> 8068759.8 | AK6: =[148]PPTOALL_B534!$J$49 -> 33088570 | AL6: =AH6 -> 95687.303 | AM6: =AK6+AL6 -> 33184258 | AN6: =[148]PPTOALL_B534!$J$50 -> 8696931.3 | AO6: =[148]PPTOALL_B534!$G$65 -> 478436.51
B7: 4 | C7: ALCANTARILLADO Y AGUAS RESIDUALES | E7: =F66 -> 59743669 | F7: 0 | G7: =F7+E7 -> 59743669 | O7: =O6+1 -> 4 | P7: ALCANTARILLADO Y AGUAS RESIDUALES | Q7: =G7+G21 -> #REF! | R7: 4.7648966e+08 | S7: =Q7+R7 -> #REF! | T7: =S7/3 -> #REF! | W7: =W6+1 -> 4 | X7: =[148]PPTOALL_B672!$J$7 -> 1154999.2 | Y7: =AO7/5 -> 379582.09 | Z7: =X7+Y7 -> 1534581.3 | AA7: =[148]PPTOALL_B672!$J$13 -> 2.1131105e+08 | AB7: =Y7 -> 379582.09 | AC7: =AA7+AB7 -> 2.1169063e+08 | AD7: =[148]PPTOALL_B672!$J$29 -> 21727157 | AE7: =AB7 -> 379582.09 | AF7: =AD7+AE7 -> 22106739 | AG7: =[148]PPTOALL_B672!$J$38 -> 10802850 | AH7: =AE7 -> 379582.09 | AI7: =AG7+AH7 -> 11182432 | AJ7: =[148]PPTOALL_B672!$J$39 -> 58007997 | AK7: =[148]PPTOALL_B672!$J$49 -> 38309810 | AL7: =AH7 -> 379582.09 | AM7: =AK7+AL7 -> 38689392 | AN7: =[148]PPTOALL_B672!$J$50 -> 8696931.3 | AO7: =[148]PPTOALL_B672!$G$65 -> 1897910.4
B8: 5 | C8: URBANISMO | E8: =F67 -> 1.1788679e+09 | F8: 0 | G8: =F8+E8 -> 1.1788679e+09 | O8: =O7+1 -> 5 | P8: URBANISMO | Q8: =G8+G22+G37 -> #REF! | R8: 4.7648966e+08 | S8: =Q8+R8 -> #REF! | T8: =S8/4 -> #REF! | W8: =W7+1 -> 5 | X8: =[148]PPTOALL_B1112!$J$7 -> 3473085.2 | Y8: =AO8/5 -> 223553.11 | Z8: =X8+Y8 -> 3696638.3 | AA8: =[148]PPTOALL_B1112!$J$13 -> 87751083 | AB8: =Y8 -> 223553.11 | AC8: =AA8+AB8 -> 87974636 | AD8: =[148]PPTOALL_B1112!$J$29 -> 20388671 | AE8: =AB8 -> 223553.11 | AF8: =AD8+AE8 -> 20612224 | AG8: =[148]PPTOALL_B1112!$J$38 -> 4980006.6 | AH8: =AE8 -> 223553.11 | AI8: =AG8+AH8 -> 5203559.7 | AJ8: =[148]PPTOALL_B1112!$J$39 -> 26104014 | AK8: =[148]PPTOALL_B1112!$J$49 -> 50258833 | AL8: =AH8 -> 223553.11 | AM8: =AK8+AL8 -> 50482386 | AN8: =[148]PPTOALL_B1112!$J$50 -> 8696931.3 | AO8: =[148]PPTOALL_B1112!$G$65 -> 1117765.6
D9: TOTAL ALCANTARILLADO PLUVIAL | G9: =SUM(G4:G8) -> 4.6957109e+09 | I9: =+G9 -> 4.6957109e+09 | O9: =O8+1 -> 6 | P9: =C34 -> Válvulas de compuerta, vastago no ascendente sello elástico bridada en los siguientes diámetros: | Q9: =G34 -> #REF! | R9: 4.7648966e+08 | S9: =R9+Q9+Q10 -> #REF! | T9: =(S9)/2 -> #REF! | W9: =W8+1 -> 6 | X9: =[148]PPTOALL_B1109!$J$7 -> 15659364 | Y9: =AO9/5 -> 724368.34 | Z9: =X9+Y9 -> 16383733 | AA9: =[148]PPTOALL_B1109!$J$13 -> 3.0341688e+08 | AB9: =Y9 -> 724368.34 | AC9: =AA9+AB9 -> 3.0414125e+08 | AD9: =[148]PPTOALL_B1109!$J$29 -> 58107523 | AE9: =AB9 -> 724368.34 | AF9: =AD9+AE9 -> 58831891 | AG9: =[148]PPTOALL_B1109!$J$39 -> 15913062 | AH9: =AE9 -> 724368.34 | AI9: =AG9+AH9 -> 16637430 | AJ9: =[148]PPTOALL_B1109!$J$40 -> 82354511 | AK9: =[148]PPTOALL_B1109!$J$50 -> 1.4754459e+08 | AL9: =AH9 -> 724368.34 | AM9: =AK9+AL9 -> 1.4826896e+08 | AN9: =[148]PPTOALL_B1109!$J$51 -> 8696931.3 | AO9: =[148]PPTOALL_B1109!$G$66 -> 3621841.7
O10: =O9+1 -> 7 | P10: =C35 -> Válvulas de compuerta, vastago no ascendente sello elástico bridada en los siguientes diámetros: | Q10: =G35 -> #REF! | W10: =W9+1 -> 7 | X10: =[148]PPTOALL_B538!$J$7 -> 13598236 | Y10: =AO10/5 -> 492801.81 | Z10: =X10+Y10 -> 14091038 | AA10: =[148]PPTOALL_B538!$J$13 -> 2.1903361e+08 | AB10: =Y10 -> 492801.81 | AC10: =AA10+AB10 -> 2.1952641e+08 | AD10: =[148]PPTOALL_B538!$J$29 -> 35390868 | AE10: =AB10 -> 492801.81 | AF10: =AD10+AE10 -> 35883670 | AG10: =[148]PPTOALL_B538!$J$38 -> 11044872 | AH10: =AE10 -> 492801.81 | AI10: =AG10+AH10 -> 11537674 | AJ10: =[148]PPTOALL_B538!$J$39 -> 58292216 | AK10: =[148]PPTOALL_B538!$J$49 -> 88741245 | AL10: =AH10 -> 492801.81 | AM10: =AK10+AL10 -> 89234047 | AN10: =[148]PPTOALL_B538!$J$50 -> 0 | AO10: =[148]PPTOALL_B538!$G$65 -> 2464009.1
I11: 0 | O11: =O10+1 -> 8 | P11: =C36 -> Suministro, transporte e instalación de redes | Q11: =G36 -> #REF! | R11: 4.7648966e+08 | S11: =Q11+R11 -> #REF! | T11: =S11/3 -> #REF! | W11: =W10+1 -> 8 | X11: =[148]PPTOALL_B439A!$J$7 -> 20946775 | Y11: =AO11/5 -> 665942.12 | Z11: =X11+Y11 -> 21612718 | AA11: =[148]PPTOALL_B439A!$J$13 -> 2.5963863e+08 | AB11: =Y11 -> 665942.12 | AC11: =AA11+AB11 -> 2.6030457e+08 | AD11: =[148]PPTOALL_B439A!$J$29 -> 67575535 | AE11: =AB11 -> 665942.12 | AF11: =AD11+AE11 -> 68241478 | AG11: =[148]PPTOALL_B439A!$J$39 -> 14221385 | AH11: =AE11 -> 665942.12 | AI11: =AG11+AH11 -> 14887327 | AJ11: =[148]PPTOALL_B439A!$J$40 -> 75927960 | AK11: =[148]PPTOALL_B439A!$J$50 -> 1.3465196e+08 | AL11: =AH11 -> 665942.12 | AM11: =AK11+AL11 -> 1.353179e+08 | AN11: =[148]PPTOALL_B439A!$J$51 -> 0 | AO11: =[148]PPTOALL_B439A!$G$66 -> 3329710.6
O12: =O11+1 -> 9 | P12: =C38 -> SEÑALIZACIÓN Y ELEMENTOS | Q12: =G38 -> #REF! | R12: 4.7648966e+08 | S12: =Q12+R12 -> #REF! | T12: =S12/2 -> #REF! | W12: =W11+1 -> 9 | X12: =[148]PPTOALL_B1114!$J$7 -> 10480563 | Y12: =AO12/5 -> 308541.27 | Z12: =X12+Y12 -> 10789104 | AA12: =[148]PPTOALL_B1114!$J$13 -> 1.223067e+08 | AB12: =Y12 -> 308541.27 | AC12: =AA12+AB12 -> 1.2261525e+08 | AD12: =[148]PPTOALL_B1114!$J$29 -> 33962302 | AE12: =AB12 -> 308541.27 | AF12: =AD12+AE12 -> 34270844 | AG12: =[148]PPTOALL_B1114!$J$38 -> 7015198.6 | AH12: =AE12 -> 308541.27 | AI12: =AG12+AH12 -> 7323739.9 | AJ12: =[148]PPTOALL_B1114!$J$39 -> 37449125 | AK12: =[148]PPTOALL_B1114!$J$49 -> 56518891 | AL12: =AH12 -> 308541.27 | AM12: =AK12+AL12 -> 56827433 | AN12: =[148]PPTOALL_B1114!$J$50 -> 0 | AO12: =[148]PPTOALL_B1114!$G$65 -> 1542706.4
O13: =O12+1 -> 10 | P13: =C39 -> AUTOMATIZACIÓN PTAP | Q13: =G39 -> #REF! | R13: 4.7648966e+08 | S13: =Q13+R13 -> #REF! | T13: =S13/2 -> #REF! | W13: =W12+1 -> 10 | X13: =[148]PPTOALL_B4!$J$7 -> 14358004 | Y13: =AO13/5 -> 504909.13 | Z13: =X13+Y13 -> 14862913 | AA13: =[148]PPTOALL_B4!$J$13 -> 2.2264702e+08 | AB13: =Y13 -> 504909.13 | AC13: =AA13+AB13 -> 2.2315193e+08 | AD13: =[148]PPTOALL_B4!$J$29 -> 44903631 | AE13: =AB13 -> 504909.13 | AF13: =AD13+AE13 -> 45408540 | AG13: =[148]PPTOALL_B4!$J$39 -> 12759189 | AH13: =AE13 -> 504909.13 | AI13: =AG13+AH13 -> 13264098 | AJ13: =[148]PPTOALL_B4!$J$40 -> 67448336 | AK13: =[148]PPTOALL_B4!$J$50 -> 82177434 | AL13: =AH13 -> 504909.13 | AM13: =AK13+AL13 -> 82682343 | AN13: =[148]PPTOALL_B4!$J$51 -> 0 | AO13: =[148]PPTOALL_B4!$G$66 -> 2524545.7
O14: =O13+1 -> 11 | P14: Suministros | Q14: =G49 -> #REF! | R14: 4.7648966e+08 | S14: =Q14+R14 -> #REF! | T14: =S14/2 -> #REF! | W14: =W13+1 -> 11 | X14: =[148]PPTOALL_B539A!$J$7 -> 30617812 | Y14: =AO14/5 -> 947039.35 | Z14: =X14+Y14 -> 31564851 | AA14: =[148]PPTOALL_B539A!$J$13 -> 3.8854181e+08 | AB14: =Y14 -> 947039.35 | AC14: =AA14+AB14 -> 3.8948885e+08 | AD14: =[148]PPTOALL_B539A!$J$29 -> 88226381 | AE14: =AB14 -> 947039.35 | AF14: =AD14+AE14 -> 89173421 | AG14: =[148]PPTOALL_B539A!$J$39 -> 21356237 | AH14: =AE14 -> 947039.35 | AI14: =AG14+AH14 -> 22303276 | AJ14: =[148]PPTOALL_B539A!$J$40 -> 1.1428054e+08 | AK14: =[148]PPTOALL_B539A!$J$50 -> 1.7809249e+08 | AL14: =AH14 -> 947039.35 | AM14: =AK14+AL14 -> 1.7903953e+08 | AN14: =[148]PPTOALL_B539A!$J$51 -> 8696931.3 | AO14: =[148]PPTOALL_B539A!$G$66 -> 4735196.7
P15: =CONCATENATE(D43,D44,D45,D46) -> ADMINISTRACIÓN 25%IMPREVISTOS 2%UTILIDAD 5%IVA 19% | Q15: =G43+G44+G45+G46 -> #REF! | W15: =W14+1 -> 12 | X15: =[148]PPTOALL_B511!$J$7 -> 11022563 | Y15: =AO15/5 -> 693965.17 | Z15: =X15+Y15 -> 11716528 | AA15: =[148]PPTOALL_B511!$J$13 -> 3.266982e+08 | AB15: =Y15 -> 693965.17 | AC15: =AA15+AB15 -> 3.2739216e+08 | AD15: =[148]PPTOALL_B511!$J$29 -> 50191585 | AE15: =AB15 -> 693965.17 | AF15: =AD15+AE15 -> 50885550 | AG15: =[148]PPTOALL_B511!$J$38 -> 16920642 | AH15: =AE15 -> 693965.17 | AI15: =AG15+AH15 -> 17614607 | AJ15: =[148]PPTOALL_B511!$J$39 -> 87115480 | AK15: =[148]PPTOALL_B511!$J$49 -> 1.1311665e+08 | AL15: =AH15 -> 693965.17 | AM15: =AK15+AL15 -> 1.1381061e+08 | AN15: =[148]PPTOALL_B511!$J$50 -> 13045397 | AO15: =[148]PPTOALL_B511!$G$65 -> 3469825.9
B16: PRESUPUESTO AGUAS RESIDUALES | W16: =W15+1 -> 13 | X16: =[148]PPTOALL_B515!$J$7 -> 3901768.6 | Y16: =AO16/5 -> 209422.44 | Z16: =X16+Y16 -> 4111191 | AA16: =[148]PPTOALL_B515!$J$13 -> 90525075 | AB16: =Y16 -> 209422.44 | AC16: =AA16+AB16 -> 90734497 | AD16: =[148]PPTOALL_B515!$J$29 -> 21446022 | AE16: =AB16 -> 209422.44 | AF16: =AD16+AE16 -> 21655444 | AG16: =[148]PPTOALL_B515!$J$38 -> 5156180.6 | AH16: =AE16 -> 209422.44 | AI16: =AG16+AH16 -> 5365603 | AJ16: =[148]PPTOALL_B515!$J$39 -> 27131078 | AK16: =[148]PPTOALL_B515!$J$49 -> 35276025 | AL16: =AH16 -> 209422.44 | AM16: =AK16+AL16 -> 35485447 | AN16: =[148]PPTOALL_B515!$J$50 -> 4348465.7 | AO16: =[148]PPTOALL_B515!$G$65 -> 1047112.2
B17: Item | C17: ACTIVIDADES | D17: VALOR CAPÍTULO | E17: VALOR CAPÍTULO INCLUYE AIU | F17: VALOR IVA | G17: SUBTOTAL IVA INCLUIDO | J17: 4.6957109e+09 | P17: =D50 -> INTERVENTORÍA | Q17: =G50 -> #REF! | S17: =SUM(S4:S16) -> #REF! | W17: =W16+1 -> 14 | X17: =[148]PPTOALL_B1115!$J$7 -> 2208119.1 | Y17: =AO17/5 -> 100414.47 | Z17: =X17+Y17 -> 2308533.6 | AA17: =[148]PPTOALL_B1115!$J$13 -> 31255450 | AB17: =Y17 -> 100414.47 | AC17: =AA17+AB17 -> 31355865 | AD17: =[148]PPTOALL_B1115!$J$29 -> 10301997 | AE17: =AB17 -> 100414.47 | AF17: =AD17+AE17 -> 10402412 | AG17: =[148]PPTOALL_B1115!$J$38 -> 2148599.7 | AH17: =AE17 -> 100414.47 | AI17: =AG17+AH17 -> 2249014.2 | AJ17: =[148]PPTOALL_B1115!$J$39 -> 11237562 | AK17: =[148]PPTOALL_B1115!$J$49 -> 29031436 | AL17: =AH17 -> 100414.47 | AM17: =AK17+AL17 -> 29131851 | AN17: =[148]PPTOALL_B1115!$J$50 -> 4348465.7 | AO17: =[148]PPTOALL_B1115!$G$65 -> 502072.35
B18: 1 | C18: PRELIMINARES | E18: ='PPTO RES'!G7 -> #REF! | G18: =F18+E18 -> #REF! | J18: 8.6817518e+09 | P18: Componente total MVCT 2% | Q18: 275957317 | W18: =W17+1 -> 15 | X18: =[148]PPTOALL_B1077!$J$7 -> 2330688.5 | Y18: =AO18/5 -> 305673.2 | Z18: =X18+Y18 -> 2636361.7 | AA18: =[148]PPTOALL_B1077!$J$13 -> 1.5074821e+08 | AB18: =Y18 -> 305673.2 | AC18: =AA18+AB18 -> 1.5105389e+08 | AD18: =[148]PPTOALL_B1077!$J$29 -> 33076753 | AE18: =AB18 -> 305673.2 | AF18: =AD18+AE18 -> 33382427 | AG18: =[148]PPTOALL_B1077!$J$38 -> 7594353.2 | AH18: =AE18 -> 305673.2 | AI18: =AG18+AH18 -> 7900026.4 | AJ18: =[148]PPTOALL_B1077!$J$39 -> 39907623 | AK18: =[148]PPTOALL_B1077!$J$49 -> 34393029 | AL18: =AH18 -> 305673.2 | AM18: =AK18+AL18 -> 34698702 | AN18: =[148]PPTOALL_B1077!$J$50 -> 4348465.7 | AO18: =[148]PPTOALL_B1077!$G$65 -> 1528366
B19: 2 | C19: EXCAVACIONES , RELLENOS Y TERRAPLEN | E19: ='PPTO RES'!G13 -> #REF! | G19: =F19+E19 -> #REF! | J19: 1.0835285e+09 | O19: TOTAL PROYECTO | Q19: =SUM(Q4:Q18) -> #REF! | W19: =W18+1 -> 16 | X19: =[148]PPTOALL_B184P!$J$7 -> 18186723 | Y19: =AO19/5 -> 640149.71 | Z19: =X19+Y19 -> 18826872 | AA19: =[148]PPTOALL_B184P!$J$13 -> 2.8248827e+08 | AB19: =Y19 -> 640149.71 | AC19: =AA19+AB19 -> 2.8312842e+08 | AD19: =[148]PPTOALL_B184P!$J$29 -> 43502483 | AE19: =AB19 -> 640149.71 | AF19: =AD19+AE19 -> 44142633 | AG19: =[148]PPTOALL_B184P!$J$38 -> 13025476 | AH19: =AE19 -> 640149.71 | AI19: =AG19+AH19 -> 13665626 | AJ19: =[148]PPTOALL_B184P!$J$39 -> 72130691 | AK19: =[148]PPTOALL_B184P!$J$49 -> 1.2058084e+08 | AL19: =AH19 -> 640149.71 | AM19: =AK19+AL19 -> 1.2122099e+08 | AN19: =[148]PPTOALL_B184P!$J$50 -> 4348465.7 | AO19: =[148]PPTOALL_B184P!$G$65 -> 3200748.6
B20: 3 | C20: ESTRUCTURAS | E20: ='PPTO RES'!G27 -> #REF! | G20: =F20+E20 -> #REF! | J20: 9182760160 | W20: =W19+1 -> 17 | X20: =[148]PPTOALL_B6!$J$7 -> 17206895 | Y20: =AO20/5 -> 634326.78 | Z20: =X20+Y20 -> 17841222 | AA20: =[148]PPTOALL_B6!$J$13 -> 2.4528768e+08 | AB20: =Y20 -> 634326.78 | AC20: =AA20+AB20 -> 2.4592201e+08 | AD20: =[148]PPTOALL_B6!$J$29 -> 70266203 | AE20: =AB20 -> 634326.78 | AF20: =AD20+AE20 -> 70900530 | AG20: =[148]PPTOALL_B6!$J$38 -> 12597145 | AH20: =AE20 -> 634326.78 | AI20: =AG20+AH20 -> 13231472 | AJ20: =[148]PPTOALL_B6!$J$39 -> 66343806 | AK20: =[148]PPTOALL_B6!$J$49 -> 1.2807984e+08 | AL20: =AH20 -> 634326.78 | AM20: =AK20+AL20 -> 1.2871417e+08 | AN20: =[148]PPTOALL_B6!$J$50 -> 8696931.3 | AO20: =[148]PPTOALL_B6!$G$65 -> 3171633.9
B21: 4 | C21: ALCANTARILLADO Y AGUAS RESIDUALES | E21: ='PPTO RES'!G35 -> #REF! | G21: =F21+E21 -> #REF! | W21: =W20+1 -> 18 | X21: =[148]PPTOALL_D1!$J$7 -> 14448577 | Y21: =AO21/5 -> 508581.68 | Z21: =X21+Y21 -> 14957158 | AA21: =[148]PPTOALL_D1!$J$13 -> 2.0280168e+08 | AB21: =Y21 -> 508581.68 | AC21: =AA21+AB21 -> 2.0331026e+08 | AD21: =[148]PPTOALL_D1!$J$29 -> 45568388 | AE21: =AB21 -> 508581.68 | AF21: =AD21+AE21 -> 46076969 | AG21: =[148]PPTOALL_D1!$J$38 -> 10816773 | AH21: =AE21 -> 508581.68 | AI21: =AG21+AH21 -> 11325355 | AJ21: =[148]PPTOALL_D1!$J$39 -> 56942938 | AK21: =[148]PPTOALL_D1!$J$49 -> 1.0595091e+08 | AL21: =AH21 -> 508581.68 | AM21: =AK21+AL21 -> 1.064595e+08 | AN21: =[148]PPTOALL_D1!$J$50 -> 8696931.3 | AO21: =[148]PPTOALL_D1!$G$65 -> 2542908.4
B22: 5 | C22: URBANISMO | E22: ='PPTO RES'!G62 -> #REF! | G22: =F22+E22 -> #REF! | W22: =W21+1 -> 19 | X22: =[148]PPTOALL_B70!$J$7 -> 23855417 | Y22: =AO22/5 -> 814524.69 | Z22: =X22+Y22 -> 24669942 | AA22: =[148]PPTOALL_B70!$J$13 -> 3.1675401e+08 | AB22: =Y22 -> 814524.69 | AC22: =AA22+AB22 -> 3.1756854e+08 | AD22: =[148]PPTOALL_B70!$J$29 -> 66827247 | AE22: =AB22 -> 814524.69 | AF22: =AD22+AE22 -> 67641771 | AG22: =[148]PPTOALL_B70!$J$38 -> 17275553 | AH22: =AE22 -> 814524.69 | AI22: =AG22+AH22 -> 18090077 | AJ22: =[148]PPTOALL_B70!$J$39 -> 94445533 | AK22: =[148]PPTOALL_B70!$J$49 -> 1.8321852e+08 | AL22: =AH22 -> 814524.69 | AM22: =AK22+AL22 -> 1.8403304e+08 | AN22: =[148]PPTOALL_B70!$J$50 -> 26090794 | AO22: =[148]PPTOALL_B70!$G$65 -> 4072623.4
D23: TOTAL AGUAS RESIDUALES | G23: =SUM(G18:G22) -> #REF! | I23: =+G23 -> #REF! | J23: =SUM(J17:J22) -> 2.3643751e+10 | W23: =W22+1 -> 20 | X23: =[148]PPTOALL_D2!$J$7 -> 8061609.2 | Y23: =AO23/5 -> 306896.62 | Z23: =X23+Y23 -> 8368505.9 | AA23: =[148]PPTOALL_D2!$J$13 -> 1.4175118e+08 | AB23: =Y23 -> 306896.62 | AC23: =AA23+AB23 -> 1.4205807e+08 | AD23: =[148]PPTOALL_D2!$J$29 -> 19976209 | AE23: =AB23 -> 306896.62 | AF23: =AD23+AE23 -> 20283105 | AG23: =[148]PPTOALL_D2!$J$38 -> 6687002.5 | AH23: =AE23 -> 306896.62 | AI23: =AG23+AH23 -> 6993899.2 | AJ23: =[148]PPTOALL_D2!$J$39 -> 35266880 | AK23: =[148]PPTOALL_D2!$J$49 -> 52580157 | AL23: =AH23 -> 306896.62 | AM23: =AK23+AL23 -> 52887054 | AN23: =[148]PPTOALL_D2!$J$50 -> 4348465.7 | AO23: =[148]PPTOALL_D2!$G$65 -> 1534483.1
W24: =W23+1 -> 21 | X24: =[148]PPTOALL_B526!$J$7 -> 23327974 | Y24: =AO24/5 -> 704482.93 | Z24: =X24+Y24 -> 24032457 | AA24: =[148]PPTOALL_B526!$J$13 -> 2.7764033e+08 | AB24: =Y24 -> 704482.93 | AC24: =AA24+AB24 -> 2.7834481e+08 | AD24: =[148]PPTOALL_B526!$J$29 -> 68365686 | AE24: =AB24 -> 704482.93 | AF24: =AD24+AE24 -> 69070169 | AG24: =[148]PPTOALL_B526!$J$38 -> 16411850 | AH24: =AE24 -> 704482.93 | AI24: =AG24+AH24 -> 17116333 | AJ24: =[148]PPTOALL_B526!$J$39 -> 87539763 | AK24: =[148]PPTOALL_B526!$J$49 -> 1.4005386e+08 | AL24: =AH24 -> 704482.93 | AM24: =AK24+AL24 -> 1.4075834e+08 | AN24: =[148]PPTOALL_B526!$J$50 -> 4348465.7 | AO24: =[148]PPTOALL_B526!$G$65 -> 3522414.7
W25: =W24+1 -> 22 | X25: =[148]PPTOALL_B5!$J$7 -> 9515850.4 | Y25: =AO25/5 -> 304679.55 | Z25: =X25+Y25 -> 9820530 | AA25: =[148]PPTOALL_B5!$J$13 -> 1.1647065e+08 | AB25: =Y25 -> 304679.55 | AC25: =AA25+AB25 -> 1.1677533e+08 | AD25: =[148]PPTOALL_B5!$J$29 -> 33245575 | AE25: =AB25 -> 304679.55 | AF25: =AD25+AE25 -> 33550254 | AG25: =[148]PPTOALL_B5!$J$38 -> 6991992 | AH25: =AE25 -> 304679.55 | AI25: =AG25+AH25 -> 7296671.5 | AJ25: =[148]PPTOALL_B5!$J$39 -> 36797036 | AK25: =[148]PPTOALL_B5!$J$49 -> 61177346 | AL25: =AH25 -> 304679.55 | AM25: =AK25+AL25 -> 61482026 | AN25: =[148]PPTOALL_B5!$J$50 -> 4348465.7 | AO25: =[148]PPTOALL_B5!$G$65 -> 1523397.8
W26: =W25+1 -> 23 | X26: =[148]PPTOALL_B539!$J$7 -> 14890588 | Y26: =AO26/5 -> 663427.21 | Z26: =X26+Y26 -> 15554015 | AA26: =[148]PPTOALL_B539!$J$13 -> 2.942835e+08 | AB26: =Y26 -> 663427.21 | AC26: =AA26+AB26 -> 2.9494693e+08 | AD26: =[148]PPTOALL_B539!$J$29 -> 60358406 | AE26: =AB26 -> 663427.21 | AF26: =AD26+AE26 -> 61021833 | AG26: =[148]PPTOALL_B539!$J$38 -> 17330072 | AH26: =AE26 -> 663427.21 | AI26: =AG26+AH26 -> 17993500 | AJ26: =[148]PPTOALL_B539!$J$39 -> 88650896 | AK26: =[148]PPTOALL_B539!$J$49 -> 1.0829468e+08 | AL26: =AH26 -> 663427.21 | AM26: =AK26+AL26 -> 1.089581e+08 | AN26: =[148]PPTOALL_B539!$J$50 -> 0 | AO26: =[148]PPTOALL_B539!$G$65 -> 3317136
J27: =RESUMEN!H25 -> #REF! | W27: =W26+1 -> 24 | X27: =[148]PPTOALL_B520!$J$7 -> 10450941 | Y27: =AO27/5 -> 549766.29 | Z27: =X27+Y27 -> 11000707 | AA27: =[148]PPTOALL_B520!$J$13 -> 2.5877721e+08 | AB27: =Y27 -> 549766.29 | AC27: =AA27+AB27 -> 2.5932698e+08 | AD27: =[148]PPTOALL_B520!$J$29 -> 60033652 | AE27: =AB27 -> 549766.29 | AF27: =AD27+AE27 -> 60583418 | AG27: =[148]PPTOALL_B520!$J$38 -> 12142537 | AH27: =AE27 -> 549766.29 | AI27: =AG27+AH27 -> 12692304 | AJ27: =[148]PPTOALL_B520!$J$39 -> 65903240 | AK27: =[148]PPTOALL_B520!$J$49 -> 68920641 | AL27: =AH27 -> 549766.29 | AM27: =AK27+AL27 -> 69470407 | AN27: =[148]PPTOALL_B520!$J$50 -> 0 | AO27: =[148]PPTOALL_B520!$G$65 -> 2748831.4
W28: =W27+1 -> 25 | X28: =[148]PPTOALL_B2!$J$7 -> 12042580 | Y28: =AO28/5 -> 411051.51 | Z28: =X28+Y28 -> 12453632 | AA28: =[148]PPTOALL_B2!$J$13 -> 1.7160598e+08 | AB28: =Y28 -> 411051.51 | AC28: =AA28+AB28 -> 1.7201703e+08 | AD28: =[148]PPTOALL_B2!$J$29 -> 40697542 | AE28: =AB28 -> 411051.51 | AF28: =AD28+AE28 -> 41108594 | AG28: =[148]PPTOALL_B2!$J$39 -> 8664755.2 | AH28: =AE28 -> 411051.51 | AI28: =AG28+AH28 -> 9075806.7 | AJ28: =[148]PPTOALL_B2!$J$40 -> 47322166 | AK28: =[148]PPTOALL_B2!$J$50 -> 73782605 | AL28: =AH28 -> 411051.51 | AM28: =AK28+AL28 -> 74193656 | AN28: =[148]PPTOALL_B2!$J$51 -> 4348465.7 | AO28: =[148]PPTOALL_B2!$G$66 -> 2055257.5
W29: =W28+1 -> 26 | X29: =[148]PPTOALL_B1!$J$7 -> 3250970.7 | Y29: =AO29/5 -> 280505.99 | Z29: =X29+Y29 -> 3531476.7 | AA29: =[148]PPTOALL_B1!$J$13 -> 1.3257823e+08 | AB29: =Y29 -> 280505.99 | AC29: =AA29+AB29 -> 1.3285874e+08 | AD29: =[148]PPTOALL_B1!$J$29 -> 31128889 | AE29: =AB29 -> 280505.99 | AF29: =AD29+AE29 -> 31409395 | AG29: =[148]PPTOALL_B1!$J$38 -> 7978730 | AH29: =AE29 -> 280505.99 | AI29: =AG29+AH29 -> 8259236 | AJ29: =[148]PPTOALL_B1!$J$39 -> 44429572 | AK29: =[148]PPTOALL_B1!$J$49 -> 34422354 | AL29: =AH29 -> 280505.99 | AM29: =AK29+AL29 -> 34702860 | AN29: =[148]PPTOALL_B1!$J$50 -> 0 | AO29: =[148]PPTOALL_B1!$G$65 -> 1402529.9
C30: PRESUPUESTO ACUEDUCTO | J30: =J23-J27 -> #REF! | W30: =W29+1 -> 27 | X30: =[148]PPTOALL_B3!$J$7 -> 25086505 | Y30: =AO30/5 -> 755832.33 | Z30: =X30+Y30 -> 25842338 | AA30: =[148]PPTOALL_B3!$J$13 -> 3.0773704e+08 | AB30: =Y30 -> 755832.33 | AC30: =AA30+AB30 -> 3.0849288e+08 | AD30: =[148]PPTOALL_B3!$J$29 -> 73487859 | AE30: =AB30 -> 755832.33 | AF30: =AD30+AE30 -> 74243692 | AG30: =[148]PPTOALL_B3!$J$38 -> 15344164 | AH30: =AE30 -> 755832.33 | AI30: =AG30+AH30 -> 16099996 | AJ30: =[148]PPTOALL_B3!$J$39 -> 80822969 | AK30: =[148]PPTOALL_B3!$J$49 -> 1.4246939e+08 | AL30: =AH30 -> 755832.33 | AM30: =AK30+AL30 -> 1.4322522e+08 | AN30: =[148]PPTOALL_B3!$J$50 -> 4348465.7 | AO30: =[148]PPTOALL_B3!$G$65 -> 3779161.6
B31: Item | C31: ACTIVIDADES | D31: VALOR CAPÍTULO | E31: VALOR CAPÍTULO INCLUYE AIU | F31: VALOR IVA | G31: SUBTOTAL IVA INCLUIDO | W31: =W30+1 -> 28 | X31: =[148]PPTOALL_B542!$J$7 -> 14603656 | Y31: =AO31/5 -> 540398.86 | Z31: =X31+Y31 -> 15144055 | AA31: =[148]PPTOALL_B542!$J$13 -> 2.273172e+08 | AB31: =Y31 -> 540398.86 | AC31: =AA31+AB31 -> 2.278576e+08 | AD31: =[148]PPTOALL_B542!$J$29 -> 52729194 | AE31: =AB31 -> 540398.86 | AF31: =AD31+AE31 -> 53269593 | AG31: =[148]PPTOALL_B542!$J$38 -> 10698445 | AH31: =AE31 -> 540398.86 | AI31: =AG31+AH31 -> 11238844 | AJ31: =[148]PPTOALL_B542!$J$39 -> 56223302 | AK31: =[148]PPTOALL_B542!$J$49 -> 97984989 | AL31: =AH31 -> 540398.86 | AM31: =AK31+AL31 -> 98525388 | AN31: =[148]PPTOALL_B542!$J$50 -> 4348465.7 | AO31: =[148]PPTOALL_B542!$G$65 -> 2701994.3
B32: 1 | C32: ='[148]PPTO ACTO'!$C$6:$F$6 -> PRELIMINARES | E32: ='PPTO ACTO'!G6 -> #REF! | G32: =F32+E32 -> #REF! | W32: =W31+1 -> 29 | X32: =[148]PPTOALL_B96!$J$7 -> 30571209 | Y32: =AO32/5 -> 968664.42 | Z32: =X32+Y32 -> 31539874 | AA32: =[148]PPTOALL_B96!$J$13 -> 4.0413322e+08 | AB32: =Y32 -> 968664.42 | AC32: =AA32+AB32 -> 4.0510188e+08 | AD32: =[148]PPTOALL_B96!$J$29 -> 75597898 | AE32: =AB32 -> 968664.42 | AF32: =AD32+AE32 -> 76566562 | AG32: =[148]PPTOALL_B96!$J$38 -> 19775348 | AH32: =AE32 -> 968664.42 | AI32: =AG32+AH32 -> 20744012 | AJ32: =[148]PPTOALL_B96!$J$39 -> 1.0929965e+08 | AK32: =[148]PPTOALL_B96!$J$49 -> 1.928972e+08 | AL32: =AH32 -> 968664.42 | AM32: =AK32+AL32 -> 1.9386587e+08 | AN32: =[148]PPTOALL_B96!$J$50 -> 8696931.3 | AO32: =[148]PPTOALL_B96!$G$65 -> 4843322.1
B33: 2 | C33: ='[148]PPTO ACTO'!$C$12:$F$12 -> EXCAVACIONES , RELLENOS Y TERRAPLEN | E33: ='PPTO ACTO'!G12 -> #REF! | G33: =F33+E33 -> #REF! | X33: =SUM(X4:X32) -> 3.6381894e+08 | Z33: =SUM(Z4:Z32) -> 3.778918e+08 | AA33: =SUM(AA4:AA32) -> 5.9514801e+09 | AC33: =SUM(AC4:AC32) -> 5.965553e+09 | AD33: =SUM(AD4:AD32) -> 1.2619689e+09 | AF33: =SUM(AF4:AF32) -> 1.2760418e+09 | AG33: =SUM(AG4:AG32) -> 3.1548021e+08 | AI33: =SUM(AI4:AI32) -> 3.2955307e+08 | AJ33: =SUM(AJ4:AJ32) -> 1.6810328e+09 | AK33: =SUM(AK4:AK32) -> 2.6107035e+09 | AL33: =AH33 -> 0 | AM33: =SUM(AM4:AM32) -> 2.6247763e+09 | AN33: =SUM(AN4:AN32) -> 1.6959016e+08 | AO33: =SUM(AO4:AO32) -> 70364270
B34: 3 | C34: ='[148]PPTO ACTO'!$C$20:$F$20 -> Válvulas de compuerta, vastago no ascendente sello elástico bridada en los siguientes diámetros: | E34: ='PPTO ACTO'!G20 -> #REF! | G34: =F34+E34 -> #REF! | AL34: =AH34 -> 0
B35: 4 | C35: ='[148]PPTO ACTO'!$C$27:$F$27 -> Válvulas de compuerta, vastago no ascendente sello elástico bridada en los siguientes diámetros: | E35: ='PPTO ACTO'!G27 -> #REF! | G35: =F35+E35 -> #REF! | Y35: =SUM(Y4:Y34) -> 14072854 | AB35: =SUM(AB4:AB34) -> 14072854 | AE35: =SUM(AE4:AE34) -> 14072854 | AH35: =SUM(AH4:AH34) -> 14072854 | AL35: =SUM(AL4:AL34) -> 14072854 | AO35: =AO33/5 -> 14072854
B36: 5 | C36: ='[148]PPTO ACTO'!$C$34:$F$34 -> Suministro, transporte e instalación de redes | E36: ='PPTO ACTO'!G34 -> #REF! | G36: =F36+E36 -> #REF! | AE36: Obra | AF36: =Z33+AC33+AF33+AI33+AM33 -> 1.0573816e+10
B37: 6 | C37: ='[148]PPTO ACTO'!$C$41:$F$41 -> URBANISMO | E37: ='PPTO ACTO'!G41 -> #REF! | G37: =F37+E37 -> #REF! | Y37: =Y35*5 -> 70364270 | AE37: Suministros | AF37: =AJ33+AN33 -> 1.850623e+09 | AG37: Total obra ALL: | AJ37: =Z33+AC33+AF33+AI33+AM33 -> 1.0573816e+10
B38: 7 | C38: ='[148]PPTO ACTO'!$C$51:$F$51 -> SEÑALIZACIÓN Y ELEMENTOS | E38: ='PPTO ACTO'!G51 -> #REF! | G38: =F38+E38 -> #REF! | AF38: =SUM(AF36:AF37) -> 1.2424439e+10 | AG38: Suministros ALL | AJ38: =AN33+AJ33 -> 1.850623e+09
B39: 8 | C39: ='[148]PPTO ACTO'!$C$54:$F$54 -> AUTOMATIZACIÓN PTAP | E39: ='PPTO ACTO'!G54 -> #REF! | G39: =F39+E39 -> #REF!
D40: TOTAL ACUEDUCTO | G40: =SUM(G32:G39) -> #REF! | I40: =+G40 -> #REF! | AG40: Subtotal Total ALL obra+Sum | AJ40: =SUM(AJ37:AJ39) -> 1.2424439e+10
D42: COSTO TOTAL OBRA | G42: =4695710939.51+I23+I40 -> #REF!
D43: ADMINISTRACIÓN 25% | G43: =+G42*0.25 -> #REF! | I43: =+G9 -> 4.6957109e+09
D44: IMPREVISTOS 2% | G44: =+G42*0.02 -> #REF!
D45: UTILIDAD 5% | G45: =++G42*0.05 -> #REF!
D46: IVA 19% | G46: =+G45*0.19 -> #REF!
D47: =RESUMEN!E14 -> COSTOS INDIRECTOS (A+I+U) | G47: =+G43+G44+G45+G46 -> #REF!
D48: Fortalecimiento institucional | G48: 50000000
D49: Total suministros | G49: =RESUMEN!H18 -> #REF!
D50: INTERVENTORÍA | G50: =RESUMEN!H23 -> #REF!
D52: TOTAL PROYECTO | G52: =SUM(G47:G51) -> #REF!
D54: TOTAL PROYECTO | G54: =+RESUMEN!G7+RESUMEN!G8+RESUMEN!G9+'Resúmen PTO MGA'!G47+'Resúmen PTO MGA'!G49+'Resúmen PTO MGA'!G50 -> #REF!
D63: 1 | E63: PRELIMINARES | F63: 2.1556207e+08
D64: 2 | E64: EXCAVACIONES , RELLENOS Y TERRAPLEN | F64: 2.5738823e+09
D65: 3 | E65: ESTRUCTURAS | F65: 6.6765506e+08
D66: 4 | E66: ALCANTARILLADO Y AGUAS RESIDUALES | F66: 59743669
D67: 5 | E67: URBANISMO | F67: 1.1788679e+09
F69: 4.6957109e+09

Sheet PPTOALL_B647
B2: MUNICIPIO DE TÁMESIS - ANTIOQUIA
B3: SECRETARÍA DE PLANEACIÓN - DEPENDENCIA DE INFRAESTRUCTURA Y OBRAS PÚBLICAS
B4: =+RESUMEN!B4 -> OPTIMIZACIÓN REDES DE ACUEDUCTO Y ALCANTARILLADO RESIDUAL Y PLUVIAL DEL MUNICIPIO DE TÁMESIS - ANTIOQUIA
D5: Distancia botadero | F5: 10 | G5: Distancia Fuente materiales | H5: =+#REF! -> #REF!
B6: ITEM | C6: DESCRIPCIÓN | D6: UNIDAD | E6: CANTIDAD TOTAL | F6: VALOR UNITARIO | G6: VALOR OBRA CIVIL | H6: VALOR SUMUNISTRO
B7: 1 | C7: PRELIMINARES | G7: =ROUND(SUM(G8:G9),2) -> #REF! | H7: =ROUND(SUM(H8:H9),2) -> 0
B8: 1.01 | C8: LOCALIZACIÓN TRAZADO Y REPLANTEO | D8: =+'APU ITEM DE PAGO'!H4 -> 0 | E8: 109.64 | F8: =+'APU ITEM DE PAGO'!H31 -> 0 | G8: =ROUND(F8*E8,2) -> 0
B9: =+#REF!+0.01 -> #REF! | C9: =+#REF! -> #REF! | D9: =+'APU ITEM DE PAGO'!#REF! -> #REF! | E9: 189.9 | F9: =+#REF! -> #REF! | G9: =ROUND(F9*E9,2) -> #REF!
B10: =+B7+1 -> 2 | C10: EXCAVACIONES , RELLENOS Y TERRAPLEN | G10: =ROUND(SUM(G11:G21),2) -> #REF! | H10: =ROUND(SUM(H11:H21),2) -> 0
B11: 2.01 | C11: =#REF! -> #REF! | D11: =#REF! -> #REF! | E11: 30.264046 | F11: =+#REF! -> #REF! | G11: =ROUND(F11*E11,2) -> #REF!
B12: =+B11+0.01 -> 2.02 | C12: =#REF! -> #REF! | D12: =#REF! -> #REF! | E12: 121.05619 | F12: =+#REF! -> #REF! | G12: =ROUND(F12*E12,2) -> #REF!
B13: =+B12+0.01 -> 2.03 | C13: Excavación en Roca a cualquier profundidad y bajo cualquier condición de humedad por métodos no explosivos, Incluye cargue, transporte y botada de escombros hasta 10km hasta el sitio que lo indique la interventoría. | D13: m³ | E13: =44.979528*0.2 -> 8.9959056 | F13: =+#REF! -> #REF! | G13: =ROUND(F13*E13,2) -> #REF!
B14: =+B13+0.01 -> 2.04 | C14: Excavación en Roca con Compresor | D14: m³ | E14: =44.979528*0.8 -> 35.983622 | F14: 125000 | G14: =ROUND(F14*E14,2) -> 4497952.8 | J14: =+E11+E12+E13+E14-E18+E20 -> 90.558062
B15: =+B14+0.01 -> 2.05 | C15: Entibado temporal de zanja | D15: m² | E15: 314.47987 | F15: =+#REF! -> #REF! | G15: =ROUND(F15*E15,2) -> #REF!
B16: =+B15+0.01 -> 2.06 | C16: entibado permanente de zanjas | D16: m² | E16: 34.942208 | F16: =+#REF! -> #REF! | G16: =ROUND(F16*E16,2) -> #REF!
B17: =+B16+0.01 -> 2.07 | C17: Lleno con material granular, triturado de 3/4" para apoyo de tubería | D17: m³ | E17: 24.316139 | F17: =+#REF! -> #REF! | G17: =ROUND(F17*E17,2) -> #REF!
B18: =+B17+0.01 -> 2.08 | C18: Lleno y apisonado de zanjas con material seleccionado de la excavación, densidad de compactación >90% PM | D18: m³ | E18: 107.50099 | F18: =+#REF! -> #REF! | G18: =ROUND(F18*E18,2) -> #REF!
B19: =+B18+0.01 -> 2.09 | C19: Lleno compactado mecanicamente con material de préstamo densidad de compactación >90% PM | D19: m³ | E19: 36.473187 | F19: =+#REF! -> #REF! | G19: =ROUND(F19*E19,2) -> #REF!
B20: =+B19+0.01 -> 2.1 | C20: Demolición de cámaras de inspección MH | D20: m³ | E20: =+(((PI()*0.8^2)-(PI()*0.6^2))*2)*1 -> 1.7592919 | F20: =+#REF! -> #REF! | G20: =ROUND(F20*E20,2) -> #REF!
B21: =+#REF!+0.01 -> #REF! | C21: Retiro y botada de materiales resultantes de la excavacion y demoliciones a cualquier distancia incluye cargue | D21: m³/Km | E21: =J14*F5 -> 905.58062 | F21: =+'APU ITEM DE PAGO'!#REF! -> #REF! | G21: =ROUND(F21*E21,2) -> #REF!
B22: =+B10+1 -> 3 | C22: ESTRUCTURAS | G22: =SUM(G23:G26) -> #REF! | H22: =SUM(H23:H26) -> 0
B23: 3.01 | C23: =#REF! -> #REF! | D23: =#REF! -> #REF! | E23: 1.81 | F23: =#REF! -> #REF! | G23: =ROUND(F23*E23,2) -> #REF!
B24: =+B23+0.01 -> 3.02 | C24: =#REF! -> #REF! | D24: =#REF! -> #REF! | E24: 2 | F24: =#REF! -> #REF! | G24: =ROUND(F24*E24,2) -> #REF!
B25: =+B24+0.01 -> 3.03 | C25: =#REF! -> #REF! | D25: =#REF! -> #REF! | E25: 2.4798496 | F25: =#REF! -> #REF! | G25: =ROUND(F25*E25,2) -> #REF!
B26: =+B25+0.01 -> 3.04 | C26: suministro transporte e instalacion de concreto de 28 Mpa. Para Cabezote de descarga, | D26: =+D25 -> #REF! | E26: 1.1 | F26: =+'APU ITEM DE PAGO'!#REF! -> #REF! | G26: =ROUND(F26*E26,2) -> #REF!
B27: =+B22+1 -> 4 | C27: ALCANTARILLADO Y AGUAS RESIDUALES | G27: =SUM(G28:G33) -> #REF! | H27: =SUM(H28:H33) -> #REF!
B28: 4.05 | C28: Suministro de tubería de 10" de Pared Estructural para Alcantarillado, según Norma NTC 3722-1 (Novafort o Similar) para conexiones domiciliarias | D28: ml | E28: 0 | F28: =+'APU ITEM DE PAGO'!#REF!+'APU ITEM DE PAGO'!#REF! -> #REF! | H28: =ROUND(E28*F28,2) -> #REF!
B29: =+B28+0.01 -> 4.06 | C29: instalación de tubería de 10" de Pared Estructural para Alcantarillado, según Norma NTC 3722-1 (Novafort o Similar) para conexiones domiciliarias | D29: ml | E29: 0 | F29: =+'APU ITEM DE PAGO'!#REF!+'APU ITEM DE PAGO'!#REF! -> #REF! | G29: =ROUND(F29*E29,2) -> #REF!
B30: =+B29+0.01 -> 4.07 | C30: =#REF! -> #REF! | D30: =#REF! -> #REF! | E30: 91.767206 | F30: =#REF! -> #REF! | H30: =ROUND(E30*F30,2) -> #REF!
B31: =+B30+0.01 -> 4.08 | C31: =#REF! -> #REF! | D31: =#REF! -> #REF! | E31: =+E30 -> 91.767206 | F31: =#REF! -> #REF! | G31: =ROUND(F31*E31,2) -> #REF!
B32: =+B31+0.01 -> 4.09 | C32: =#REF! -> #REF! | D32: =#REF! -> #REF! | E32: 16.219149 | F32: =#REF! -> #REF! | H32: =ROUND(E32*F32,2) -> #REF!
B33: =+B32+0.01 -> 4.1 | C33: =#REF! -> #REF! | D33: =#REF! -> #REF! | E33: =+E32 -> 16.219149 | F33: =#REF! -> #REF! | G33: =ROUND(F33*E33,2) -> #REF!
B34: =+B27+1 -> 5 | C34: URBANISMO | G34: =SUM(G35:G41) -> #REF! | H34: =SUM(H35:H41) -> #REF!
B35: 5.01 | C35: =+#REF! -> #REF! | D35: Kg | E35: =100*(E26) -> 110 | F35: =+#REF! -> #REF! | G35: =ROUND(F35*E35,2) -> #REF!
B36: =+B35+0.01 -> 5.02 | C36: =+#REF! -> #REF! | D36: =+#REF! -> #REF! | E36: =+E8*0.1 -> 10.964 | F36: =+#REF! -> #REF! | G36: =ROUND(F36*E36,2) -> #REF!
B37: =+B36+0.01 -> 5.03 | C37: =+#REF! -> #REF! | D37: =+#REF! -> #REF! | E37: =+E36 -> 10.964 | F37: =+#REF! -> #REF! | G37: =ROUND(F37*E37,2) -> #REF!
B38: =+B37+0.01 -> 5.04 | C38: =+#REF! -> #REF! | D38: =+#REF! -> #REF! | E38: 12.62 | F38: =+#REF! -> #REF! | G38: =ROUND(F38*E38,2) -> #REF!
B39: =+B38+0.01 -> 5.05 | C39: =+#REF! -> #REF! | D39: =+#REF! -> #REF! | E39: 189.9 | F39: =+#REF! -> #REF! | G39: =ROUND(F39*E39,2) -> #REF!
B40: =+B39+0.01 -> 5.06 | C40: Construcción de Sumidero Tipo B para aguas lluvias incluye canastilla | D40: un | E40: 4 | F40: =+'APU ITEM DE PAGO'!#REF! -> #REF! | G40: =ROUND(F40*E40,2) -> #REF!
B41: =+B40+0.01 -> 5.07 | C41: CÁRCAMOS DE 7 ME DE LONGITUD, INCLUYE CAJA DE DESCARGA, 5 M DE TUBERÍA PVC DE 10 PULGADAS PARA CONEXIÓN A RED DE ALCANTARILLADO PLUVIAL, EXCAVACIÓN, BOTADA DE MATERIAL Y REJILLA EN HIERRO DUCTIL PARA TRÁFICO VEHICULAR | D41: UN | E41: 2 | F41: =+#REF! -> #REF! | G41: =ROUND(F41*E41,2) -> #REF! | H41: =E41*#REF! -> #REF!
E43: TOTAL COSTOS DE OBRA | G43: =+ROUND(G34+G27+G22+G10+G7,0) -> #REF!
E44: =+RESUMEN!E12 -> #REF!
E45: =+RESUMEN!#REF! -> #REF!
E46: =+RESUMEN!E13 -> 0.05
E47: =+RESUMEN!#REF! -> #REF!
E48: COSTOS INDIRECTOS (A+I+U)
E49: VALOR TOTAL OBRA (CD+CI)
E51: TOTAL COSTOS DE SUMINISTRO | H51: =+H27+H34 -> #REF!
E52: =+RESUMEN!#REF! -> #REF!
E53: VALOR TOTAL SUMINISTRO (CS+A)
E55: TOTAL COSTO OBRA+SUMINISTRO | H55: =+H53+G49 -> 0
E56: =+RESUMEN!#REF! -> #REF! | H56: =+H55*0.02 -> 0
E57: TOTAL PROYECTO | H57: =H55+H56 -> 0

Sheet PPTOALL_B671
B2: MUNICIPIO DE TÁMESIS - ANTIOQUIA
B3: SECRETARÍA DE PLANEACIÓN - DEPENDENCIA DE INFRAESTRUCTURA Y OBRAS PÚBLICAS
B4: =+RESUMEN!B4 -> OPTIMIZACIÓN REDES DE ACUEDUCTO Y ALCANTARILLADO RESIDUAL Y PLUVIAL DEL MUNICIPIO DE TÁMESIS - ANTIOQUIA
D5: Distancia botadero | F5: =+#REF! -> #REF! | G5: Distancia Fuente materiales | H5: =+#REF! -> #REF!
B6: ITEM | C6: DESCRIPCIÓN | D6: UNIDAD | E6: CANTIDAD TOTAL | F6: VALOR UNITARIO | G6: VALOR OBRA CIVIL | H6: VALOR SUMUNISTRO
B7: 1 | C7: PRELIMINARES | G7: =ROUND(SUM(G8:G8),2) -> 0 | H7: =ROUND(SUM(H8:H8),2) -> 0
B8: 1.01 | C8: LOCALIZACIÓN TRAZADO Y REPLANTEO | D8: =+'APU ITEM DE PAGO'!H4 -> 0 | E8: 112.53 | F8: =+'APU ITEM DE PAGO'!H31 -> 0 | G8: =ROUND(F8*E8,2) -> 0
B9: =+B7+1 -> 2 | C9: EXCAVACIONES , RELLENOS Y TERRAPLEN | G9: =ROUND(SUM(G10:G21),2) -> #REF! | H9: =ROUND(SUM(H10:H21),2) -> 0
B10: 2.01 | C10: =#REF! -> #REF! | D10: =#REF! -> #REF! | E10: 28.508794 | F10: =+#REF! -> #REF! | G10: =ROUND(F10*E10,2) -> #REF!
B11: =+B10+0.01 -> 2.02 | C11: =#REF! -> #REF! | D11: =#REF! -> #REF! | E11: 114.03517 | F11: =+#REF! -> #REF! | G11: =ROUND(F11*E11,2) -> #REF!
B12: =+B11+0.01 -> 2.03 | C12: Excavación en Roca a cualquier profundidad y bajo cualquier condición de humedad por métodos no explosivos, Incluye cargue, transporte y botada de escombros hasta 10km hasta el sitio que lo indique la interventoría. | D12: m³ | E12: =41.21827215*0.2 -> 8.2436544 | F12: =+#REF! -> #REF! | G12: =ROUND(F12*E12,2) -> #REF!
C13: Excavación en Roca con Compresor | D13: m³ | E13: =41.21827215*0.8 -> 32.974618 | F13: 125000 | G13: =ROUND(F13*E13,2) -> 4121827.2
B14: =+B12+0.01 -> 2.04 | C14: Entibado temporal de zanja | D14: m² | E14: 325.02735 | F14: =+#REF! -> #REF! | G14: =ROUND(F14*E14,2) -> #REF!
B15: =+B14+0.01 -> 2.05 | C15: entibado permanente de zanjas | D15: m² | E15: 36.11415 | F15: =+#REF! -> #REF! | G15: =ROUND(F15*E15,2) -> #REF!
B16: =+B15+0.01 -> 2.06 | C16: Lleno con material granular, triturado de 3/4" para apoyo de tubería | D16: m³ | E16: 18.178702 | F16: =+#REF! -> #REF! | G16: =ROUND(F16*E16,2) -> #REF!
B17: =+B16+0.01 -> 2.07 | C17: Lleno y apisonado de zanjas con material seleccionado de la excavación, densidad de compactación >90% PM | D17: m³ | E17: 111.44732 | F17: =+#REF! -> #REF! | G17: =ROUND(F17*E17,2) -> #REF! | J17: =+E10+E11+E12-E17+E13 -> 72.314924
B18: =+B17+0.01 -> 2.08 | C18: Lleno compactado mecanicamente con material de préstamo densidad de compactación >90% PM | D18: m³ | E18: 37.399768 | F18: =+#REF! -> #REF! | G18: =ROUND(F18*E18,2) -> #REF!
B19: =+B18+0.01 -> 2.09 | C19: Demolición de cámaras de inspección MH | D19: m³ | E19: =+(((PI()*0.8^2)-(PI()*0.6^2))*2)*1 -> 1.7592919 | F19: =+#REF! -> #REF! | G19: =ROUND(F19*E19,2) -> #REF!
B20: =+B19+0.01 -> 2.1 | C20: Demolición y extracción de tubería existente | D20: ml | E20: 94 | F20: =+#REF! -> #REF! | G20: =ROUND(F20*E20,2) -> #REF!
B21: =+B20+0.01 -> 2.11 | C21: Retiro y botada de materiales resultantes de la excavacion y demoliciones a cualquier distancia incluye cargue | D21: m³/Km | E21: =+J17*F5 -> #REF! | F21: =+'APU ITEM DE PAGO'!#REF! -> #REF! | G21: =ROUND(F21*E21,2) -> #REF!
B22: =+B9+1 -> 3 | C22: ESTRUCTURAS | G22: =SUM(G23:G27) -> #REF! | H22: =SUM(H23:H27) -> 0
B23: 3.01 | C23: =#REF! -> #REF! | D23: =#REF! -> #REF! | E23: 1.39 | F23: =#REF! -> #REF! | G23: =ROUND(F23*E23,2) -> #REF!
B24: =+B23+0.01 -> 3.02 | C24: =#REF! -> #REF! | D24: =#REF! -> #REF! | E24: 2 | F24: =#REF! -> #REF! | G24: =ROUND(F24*E24,2) -> #REF!
B25: =+#REF!+0.01 -> #REF! | C25: =#REF! -> #REF! | D25: =#REF! -> #REF! | E25: 1.191 | F25: =#REF! -> #REF! | G25: =ROUND(F25*E25,2) -> #REF!
B26: 3.07 | C26: suministro transporte e instalacion de concreto de 28 Mpa. Para Cabezote de descarga, | D26: =+D25 -> #REF! | E26: 1.1 | F26: =+'APU ITEM DE PAGO'!#REF! -> #REF! | G26: =ROUND(F26*E26,2) -> #REF!
B27: 3.09 | C27: Concreto de 28 Mpa para canales escalonados o estructuras de discipación de energia en las descargas de aguas lluvias a las fuentes, con dimensiones de 0.3 de huellla y 0.25 de contrahuella, espesor de muros de 0.15, ancho del canal de 0.6 y altura de muros de 0.6, incluye una llave de anclaje. No incluye acero de refuerzo | D27: ml | E27: 1.5 | F27: =+'APU ITEM DE PAGO'!#REF! -> #REF! | G27: =ROUND(F27*E27,2) -> #REF!
B28: =+B22+1 -> 4 | C28: ALCANTARILLADO Y AGUAS RESIDUALES | G28: =SUM(G29:G32) -> #REF! | H28: =SUM(H29:H32) -> #REF!
B29: 4.05 | C29: Suministro de tubería de 10" de Pared Estructural para Alcantarillado, según Norma NTC 3722-1 (Novafort o Similar) para conexiones domiciliarias | D29: ml | E29: 0 | F29: =+'APU ITEM DE PAGO'!#REF!+'APU ITEM DE PAGO'!#REF! -> #REF! | H29: =ROUND(E29*F29,2) -> #REF!
B30: =+B29+0.01 -> 4.06 | C30: instalación de tubería de 10" de Pared Estructural para Alcantarillado, según Norma NTC 3722-1 (Novafort o Similar) para conexiones domiciliarias | D30: ml | E30: 0 | F30: =+'APU ITEM DE PAGO'!#REF!+'APU ITEM DE PAGO'!#REF! -> #REF! | G30: =ROUND(F30*E30,2) -> #REF!
B31: =+B30+0.01 -> 4.07 | C31: =#REF! -> #REF! | D31: =#REF! -> #REF! | E31: 110.17905 | F31: =#REF! -> #REF! | H31: =ROUND(E31*F31,2) -> #REF!
B32: =+B31+0.01 -> 4.08 | C32: =#REF! -> #REF! | D32: =#REF! -> #REF! | E32: =+E31 -> 110.17905 | F32: =#REF! -> #REF! | G32: =ROUND(F32*E32,2) -> #REF!
B33: =+B28+1 -> 5 | C33: URBANISMO | G33: =SUM(G34:G39) -> #REF! | H33: =SUM(H34:H39) -> #REF!
B34: 5.01 | C34: =+#REF! -> #REF! | D34: Kg | E34: =100*(E26+E27) -> 260 | F34: =+#REF! -> #REF! | G34: =ROUND(F34*E34,2) -> #REF!
B35: =+B34+0.01 -> 5.02 | C35: =+#REF! -> #REF! | D35: =+#REF! -> #REF! | E35: =+E8*0.1 -> 11.253 | F35: =+#REF! -> #REF! | G35: =ROUND(F35*E35,2) -> #REF!
B36: =+#REF!+0.01 -> #REF! | C36: =+#REF! -> #REF! | D36: =+#REF! -> #REF! | E36: =+E35 -> 11.253 | F36: =+#REF! -> #REF! | G36: =ROUND(F36*E36,2) -> #REF!
B37: =+B36+0.01 -> #REF! | C37: =+#REF! -> #REF! | D37: =+#REF! -> #REF! | E37: 12.3141 | F37: =+#REF! -> #REF! | G37: =ROUND(F37*E37,2) -> #REF!
B38: =+#REF!+0.01 -> #REF! | C38: Construcción de Sumidero Tipo B para aguas lluvias incluye canastilla | D38: un | E38: 4 | F38: =+'APU ITEM DE PAGO'!#REF! -> #REF! | G38: =ROUND(F38*E38,2) -> #REF!
B39: 5.1 | C39: CÁRCAMOS DE 7 ME DE LONGITUD, INCLUYE CAJA DE DESCARGA, 5 M DE TUBERÍA PVC DE 10 PULGADAS PARA CONEXIÓN A RED DE ALCANTARILLADO PLUVIAL, EXCAVACIÓN, BOTADA DE MATERIAL Y REJILLA EN HIERRO DUCTIL PARA TRÁFICO VEHICULAR | D39: UN | E39: 2 | F39: =+#REF! -> #REF! | G39: =ROUND(F39*E39,2) -> #REF! | H39: =E39*#REF! -> #REF!
E41: TOTAL COSTOS DE OBRA | G41: =+ROUND(G33+G28+G22+G9+G7,0) -> #REF!
E42: =+RESUMEN!E12 -> #REF!
E43: =+RESUMEN!#REF! -> #REF!
E44: =+RESUMEN!E13 -> 0.05
E45: =+RESUMEN!#REF! -> #REF!
E46: COSTOS INDIRECTOS (A+I+U)
E47: VALOR TOTAL OBRA (CD+CI)
E49: TOTAL COSTOS DE SUMINISTRO | H49: =+H28+H33 -> #REF!
E50: =+RESUMEN!#REF! -> #REF!
E51: VALOR TOTAL SUMINISTRO (CS+A)
E53: TOTAL COSTO OBRA+SUMINISTRO | H53: =+H51+G47 -> 0
E54: =+RESUMEN!#REF! -> #REF! | H54: =+H53*0.02 -> 0
E55: TOTAL PROYECTO | H55: =H53+H54 -> 0

Sheet PPTOALL_B534
B2: MUNICIPIO DE TÁMESIS - ANTIOQUIA
B3: SECRETARÍA DE PLANEACIÓN - DEPENDENCIA DE INFRAESTRUCTURA Y OBRAS PÚBLICAS
B4: =+RESUMEN!B4 -> OPTIMIZACIÓN REDES DE ACUEDUCTO Y ALCANTARILLADO RESIDUAL Y PLUVIAL DEL MUNICIPIO DE TÁMESIS - ANTIOQUIA
D5: Distancia botadero | F5: 10 | G5: Distancia Fuente materiales | H5: =+#REF! -> #REF!
B6: ITEM | C6: DESCRIPCIÓN | D6: UNIDAD | E6: CANTIDAD TOTAL | F6: VALOR UNITARIO | G6: VALOR OBRA CIVIL | H6: VALOR SUMUNISTRO
B7: 1 | C7: PRELIMINARES | G7: =ROUND(SUM(G8:G9),2) -> #REF! | H7: =ROUND(SUM(H8:H9),2) -> 0
B8: 1.01 | C8: LOCALIZACIÓN TRAZADO Y REPLANTEO | D8: =+'APU ITEM DE PAGO'!H4 -> 0 | E8: 53.29 | F8: =+'APU ITEM DE PAGO'!H31 -> 0 | G8: =ROUND(F8*E8,2) -> 0
B9: =B8+0.01 -> 1.02 | C9: =+#REF! -> #REF! | D9: =+'APU ITEM DE PAGO'!#REF! -> #REF! | E9: 40.552 | F9: =+#REF! -> #REF! | G9: =ROUND(F9*E9,2) -> #REF!
B10: =+B7+1 -> 2 | C10: EXCAVACIONES , RELLENOS Y TERRAPLEN | G10: =ROUND(SUM(G11:G20),2) -> #REF! | H10: =ROUND(SUM(H11:H20),2) -> 0
B11: 2.01 | C11: =#REF! -> #REF! | D11: =#REF! -> #REF! | E11: 10.263422 | F11: =+#REF! -> #REF! | G11: =ROUND(F11*E11,2) -> #REF!
B12: =+B11+0.01 -> 2.02 | C12: =#REF! -> #REF! | D12: =#REF! -> #REF! | E12: 41.053687 | F12: =+#REF! -> #REF! | G12: =ROUND(F12*E12,2) -> #REF!
B13: =+B12+0.01 -> 2.03 | C13: Excavación en Roca a cualquier profundidad y bajo cualquier condición de humedad por métodos no explosivos, Incluye cargue, transporte y botada de escombros hasta 10km hasta el sitio que lo indique la interventoría. | D13: m³ | E13: =17.0250468*0.2 -> 3.4050094 | F13: =+#REF! -> #REF! | G13: =ROUND(F13*E13,2) -> #REF! | J13: =+E11+E12+E13-E18+E14 -> 36.957591
B14: =+B13+0.01 -> 2.04 | C14: Excavación en Roca con Compresor | D14: m³ | E14: =17.0250468*0.8 -> 13.620037 | F14: 125000 | G14: =ROUND(F14*E14,2) -> 1702504.7
B15: =+B14+0.01 -> 2.05 | C15: Entibado temporal de zanja | D15: m² | E15: 148.24457 | F15: =+#REF! -> #REF! | G15: =ROUND(F15*E15,2) -> #REF!
B16: =+B15+0.01 -> 2.06 | C16: entibado permanente de zanjas | D16: m² | E16: 16.471619 | F16: =+#REF! -> #REF! | G16: =ROUND(F16*E16,2) -> #REF!
B17: =+B16+0.01 -> 2.07 | C17: Lleno con material granular, triturado de 3/4" para apoyo de tubería | D17: m³ | E17: 8.4669754 | F17: =+#REF! -> #REF! | G17: =ROUND(F17*E17,2) -> #REF!
B18: =+B17+0.01 -> 2.08 | C18: Lleno y apisonado de zanjas con material seleccionado de la excavación, densidad de compactación >90% PM | D18: m³ | E18: 31.384565 | F18: =+#REF! -> #REF! | G18: =ROUND(F18*E18,2) -> #REF!
B19: =+B18+0.01 -> 2.09 | C19: Lleno compactado mecanicamente con material de préstamo densidad de compactación >90% PM | D19: m³ | E19: 10.200626 | F19: =+#REF! -> #REF! | G19: =ROUND(F19*E19,2) -> #REF!
B20: =+B19+0.01 -> 2.1 | C20: Retiro y botada de materiales resultantes de la excavacion y demoliciones a cualquier distancia incluye cargue | D20: m³/Km | E20: =+J13*F5 -> 369.57591 | F20: =+'APU ITEM DE PAGO'!#REF! -> #REF! | G20: =ROUND(F20*E20,2) -> #REF!
B21: =+B10+1 -> 3 | C21: ESTRUCTURAS | G21: =SUM(G22:G27) -> #REF! | H21: =SUM(H22:H27) -> 0
B22: 3.01 | C22: =#REF! -> #REF! | D22: =#REF! -> #REF! | E22: 1.19 | F22: =#REF! -> #REF! | G22: =ROUND(F22*E22,2) -> #REF!
B23: =+B22+0.01 -> 3.02 | C23: =#REF! -> #REF! | D23: =#REF! -> #REF! | E23: 2 | F23: =#REF! -> #REF! | G23: =ROUND(F23*E23,2) -> #REF!
B24: =+B23+0.01 -> 3.03 | C24: =#REF! -> #REF! | D24: =#REF! -> #REF! | F24: =#REF! -> #REF! | G24: =ROUND(F24*E24,2) -> #REF!
B25: =+B24+0.01 -> 3.04 | C25: =#REF! -> #REF! | D25: =#REF! -> #REF! | E25: 0.29775 | F25: =#REF! -> #REF! | G25: =ROUND(F25*E25,2) -> #REF!
B26: 3.07 | C26: suministro transporte e instalacion de concreto de 28 Mpa. Para Cabezote de descarga, | D26: =+D25 -> #REF! | E26: 1.1 | F26: =+'APU ITEM DE PAGO'!#REF! -> #REF! | G26: =ROUND(F26*E26,2) -> #REF!
B27: 3.09 | C27: Concreto de 28 Mpa para canales escalonados o estructuras de discipación de energia en las descargas de aguas lluvias a las fuentes, con dimensiones de 0.3 de huellla y 0.25 de contrahuella, espesor de muros de 0.15, ancho del canal de 0.6 y altura de muros de 0.6, incluye una llave de anclaje. No incluye acero de refuerzo | D27: ml | E27: 1.5 | F27: =+'APU ITEM DE PAGO'!#REF! -> #REF! | G27: =ROUND(F27*E27,2) -> #REF!
B28: =+B21+1 -> 4 | C28: ALCANTARILLADO Y AGUAS RESIDUALES | G28: =SUM(G29:G32) -> #REF! | H28: =SUM(H29:H32) -> #REF!
B29: =+B28+0.01 -> 4.01 | C29: Suministro de tubería de 10" de Pared Estructural para Alcantarillado, según Norma NTC 3722-1 (Novafort o Similar) para conexiones domiciliarias | D29: ml | E29: 0 | F29: =+'APU ITEM DE PAGO'!#REF!+'APU ITEM DE PAGO'!#REF! -> #REF! | H29: =ROUND(E29*F29,2) -> #REF!
B30: =+B29+0.01 -> 4.02 | C30: instalación de tubería de 10" de Pared Estructural para Alcantarillado, según Norma NTC 3722-1 (Novafort o Similar) para conexiones domiciliarias | D30: ml | E30: =+E29 -> 0 | F30: =+'APU ITEM DE PAGO'!#REF!+'APU ITEM DE PAGO'!#REF! -> #REF! | G30: =ROUND(F30*E30,2) -> #REF!
B31: =+B30+0.01 -> 4.03 | C31: =#REF! -> #REF! | D31: =#REF! -> #REF! | E31: 51.56182 | F31: =#REF! -> #REF! | H31: =ROUND(E31*F31,2) -> #REF!
B32: =+B31+0.01 -> 4.04 | C32: =#REF! -> #REF! | D32: =#REF! -> #REF! | E32: =+E31 -> 51.56182 | F32: =#REF! -> #REF! | G32: =ROUND(F32*E32,2) -> #REF!
B33: =+B28+1 -> 5 | C33: URBANISMO | G33: =SUM(G34:G40) -> #REF! | H33: =SUM(H34:H40) -> #REF!
B34: 5.01 | C34: =+#REF! -> #REF! | D34: Kg | E34: =100*(E26+E27) -> 260 | F34: =+#REF! -> #REF! | G34: =ROUND(F34*E34,2) -> #REF!
B35: =+B34+0.01 -> 5.02 | C35: =+#REF! -> #REF! | D35: =+#REF! -> #REF! | E35: =+E8*0.1 -> 5.329 | F35: =+#REF! -> #REF! | G35: =ROUND(F35*E35,2) -> #REF!
B36: =+B35+0.01 -> 5.03 | C36: =+#REF! -> #REF! | D36: =+#REF! -> #REF! | E36: =+E35 -> 5.329 | F36: =+#REF! -> #REF! | G36: =ROUND(F36*E36,2) -> #REF!
B37: =+B36+0.01 -> 5.04 | C37: =+#REF! -> #REF! | D37: =+#REF! -> #REF! | E37: 13.0656 | F37: =+#REF! -> #REF! | G37: =ROUND(F37*E37,2) -> #REF!
B38: =+B37+0.01 -> 5.05 | C38: =+#REF! -> #REF! | D38: =+#REF! -> #REF! | E38: 8.1104 | F38: =+#REF! -> #REF! | G38: =ROUND(F38*E38,2) -> #REF!
B39: =+B38+0.01 -> 5.06 | C39: Construcción de Sumidero Tipo B para aguas lluvias incluye canastilla | D39: un | E39: 1 | F39: =+'APU ITEM DE PAGO'!#REF! -> #REF! | G39: =ROUND(F39*E39,2) -> #REF!
B40: =+B39+0.01 -> 5.07 | C40: CÁRCAMOS DE 7 ME DE LONGITUD, INCLUYE CAJA DE DESCARGA, 5 M DE TUBERÍA PVC DE 10 PULGADAS PARA CONEXIÓN A RED DE ALCANTARILLADO PLUVIAL, EXCAVACIÓN, BOTADA DE MATERIAL Y REJILLA EN HIERRO DUCTIL PARA TRÁFICO VEHICULAR | D40: UN | E40: 2 | F40: =+#REF! -> #REF! | G40: =ROUND(F40*E40,2) -> #REF! | H40: =+E40*#REF! -> #REF!
E42: TOTAL COSTOS DE OBRA | G42: =ROUND(+G33+G28+G21+G10+G7,0) -> #REF!
E43: =+RESUMEN!E12 -> #REF!
E44: =+RESUMEN!#REF! -> #REF!
E45: =+RESUMEN!E13 -> 0.05
E46: =+RESUMEN!#REF! -> #REF!
E47: COSTOS INDIRECTOS (A+I+U)
E48: VALOR TOTAL OBRA (CD+CI)
E50: TOTAL COSTOS DE SUMINISTRO | H50: =+H28+H33 -> #REF!
E51: =+RESUMEN!#REF! -> #REF!
E52: VALOR TOTAL SUMINISTRO (CS+A)
E54: TOTAL COSTO OBRA+SUMINISTRO | H54: =+H52+G48 -> 0
E55: =+RESUMEN!#REF! -> #REF! | H55: =+H54*0.02 -> 0
E56: TOTAL PROYECTO | H56: =H54+H55 -> 0

Sheet PPTOALL_B672
B2: MUNICIPIO DE TÁMESIS - ANTIOQUIA
B3: SECRETARÍA DE PLANEACIÓN - DEPENDENCIA DE INFRAESTRUCTURA Y OBRAS PÚBLICAS
B4: =+RESUMEN!B4 -> OPTIMIZACIÓN REDES DE ACUEDUCTO Y ALCANTARILLADO RESIDUAL Y PLUVIAL DEL MUNICIPIO DE TÁMESIS - ANTIOQUIA
D5: Distancia botadero | F5: 10 | G5: Distancia Fuente materiales | H5: =+#REF! -> #REF!
B6: ITEM | C6: DESCRIPCIÓN | D6: UNIDAD | E6: CANTIDAD TOTAL | F6: VALOR UNITARIO | G6: VALOR OBRA CIVIL | H6: VALOR SUMUNISTRO
B7: 1 | C7: PRELIMINARES | G7: =ROUND(SUM(G8:G8),2) -> 0 | H7: =ROUND(SUM(H8:H8),2) -> 0
B8: 1.01 | C8: LOCALIZACIÓN TRAZADO Y REPLANTEO | D8: =+'APU ITEM DE PAGO'!H4 -> 0 | E8: 272.42 | F8: =+'APU ITEM DE PAGO'!H31 -> 0 | G8: =ROUND(F8*E8,2) -> 0
B9: =+B7+1 -> 2 | C9: EXCAVACIONES , RELLENOS Y TERRAPLEN | G9: =ROUND(SUM(G10:G22),2) -> #REF! | H9: =ROUND(SUM(H10:H22),2) -> 0
B10: 2.01 | C10: =#REF! -> #REF! | D10: =#REF! -> #REF! | E10: 72.998829 | F10: =+#REF! -> #REF! | G10: =ROUND(F10*E10,2) -> #REF!
B11: =+B10+0.01 -> 2.02 | C11: =#REF! -> #REF! | D11: =#REF! -> #REF! | E11: 291.99531 | F11: =+#REF! -> #REF! | G11: =ROUND(F11*E11,2) -> #REF!
B12: =+B11+0.01 -> 2.03 | C12: =#REF! -> #REF! | D12: =#REF! -> #REF! | E12: 6.8603601 | F12: =+#REF! -> #REF! | G12: =ROUND(F12*E12,2) -> #REF!
C13: =#REF! -> #REF! | D13: =#REF! -> #REF! | E13: 1.71509 | F13: =+#REF! -> #REF! | G13: =ROUND(F13*E13,2) -> #REF!
B14: =+B12+0.01 -> 2.04 | C14: Excavación en Roca a cualquier profundidad y bajo cualquier condición de humedad por métodos no explosivos, Incluye cargue, transporte y botada de escombros hasta 10km hasta el sitio que lo indique la interventoría. | D14: m³ | E14: =125.7983973*0.2 -> 25.159679 | F14: =+#REF! -> #REF! | G14: =ROUND(F14*E14,2) -> #REF! | J14: =+E10+E11+E12+E13+E14-E19+E15 -> 193.67971
C15: Excavación en Roca con Compresor | D15: m³ | E15: =125.7983973*0.8 -> 100.63872 | F15: 125000 | G15: =ROUND(F15*E15,2) -> 12579840
B16: =+B14+0.01 -> 2.05 | C16: Entibado temporal de zanja | D16: m² | E16: 932.39774 | F16: =+#REF! -> #REF! | G16: =ROUND(F16*E16,2) -> #REF!
B17: =+B16+0.01 -> 2.06 | C17: entibado permanente de zanjas | D17: m² | E17: 103.59975 | F17: =+#REF! -> #REF! | G17: =ROUND(F17*E17,2) -> #REF!
B18: =+B17+0.01 -> 2.07 | C18: Lleno con material granular, triturado de 3/4" para apoyo de tubería | D18: m³ | E18: 58.67943 | F18: =+#REF! -> #REF! | G18: =ROUND(F18*E18,2) -> #REF!
B19: =+B18+0.01 -> 2.08 | C19: Lleno y apisonado de zanjas con material seleccionado de la excavación, densidad de compactación >90% PM | D19: m³ | E19: 305.68828 | F19: =+#REF! -> #REF! | G19: =ROUND(F19*E19,2) -> #REF!
B20: =+B19+0.01 -> 2.09 | C20: Lleno compactado mecanicamente con material de préstamo densidad de compactación >90% PM | D20: m³ | E20: 92.747463 | F20: =+#REF! -> #REF! | G20: =ROUND(F20*E20,2) -> #REF!
B21: =+B20+0.01 -> 2.1 | C21: Demolición de cámaras de inspección MH | D21: m³ | E21: =+(((PI()*0.8^2)-(PI()*0.6^2))*2)*1 -> 1.7592919 | F21: =+#REF! -> #REF! | G21: =ROUND(F21*E21,2) -> #REF!
B22: =+B21+0.01 -> 2.11 | C22: Retiro y botada de materiales resultantes de la excavacion y demoliciones a cualquier distancia incluye cargue | D22: m³/Km | E22: =+J14*F5 -> 1936.7971 | F22: =+'APU ITEM DE PAGO'!#REF! -> #REF! | G22: =ROUND(F22*E22,2) -> #REF!
B23: =+B9+1 -> 3 | C23: ESTRUCTURAS | G23: =SUM(G24:G28) -> #REF! | H23: =SUM(H24:H28) -> 0
B24: 3.01 | C24: =#REF! -> #REF! | D24: =#REF! -> #REF! | E24: 3.35 | F24: =#REF! -> #REF! | G24: =ROUND(F24*E24,2) -> #REF!
B25: =+B24+0.01 -> 3.02 | C25: =#REF! -> #REF! | D25: =#REF! -> #REF! | E25: 4 | F25: =#REF! -> #REF! | G25: =ROUND(F25*E25,2) -> #REF!
B26: =+B25+0.01 -> 3.03 | C26: =#REF! -> #REF! | D26: =#REF! -> #REF! | E26: 2.08425 | F26: =#REF! -> #REF! | G26: =ROUND(F26*E26,2) -> #REF!
B27: =+B26+0.01 -> 3.04 | C27: suministro transporte e instalacion de concreto de 28 Mpa. Para Cabezote de descarga, | D27: =+D26 -> #REF! | E27: 1.1 | F27: =+'APU ITEM DE PAGO'!#REF! -> #REF! | G27: =ROUND(F27*E27,2) -> #REF!
B28: =+B27+0.01 -> 3.05 | C28: Concreto de 28 Mpa para canales escalonados o estructuras de discipación de energia en las descargas de aguas lluvias a las fuentes, con dimensiones de 0.3 de huellla y 0.25 de contrahuella, espesor de muros de 0.15, ancho del canal de 0.6 y altura de muros de 0.6, incluye una llave de anclaje. No incluye acero de refuerzo | D28: ml | E28: 1.5 | F28: =+'APU ITEM DE PAGO'!#REF! -> #REF! | G28: =ROUND(F28*E28,2) -> #REF!
B29: =+B23+1 -> 4 | C29: ALCANTARILLADO Y AGUAS RESIDUALES | G29: =SUM(G30:G37) -> #REF! | H29: =SUM(H30:H37) -> #REF!
B30: =+B29+0.01 -> 4.01 | C30: Suministro de tubería de 10" de Pared Estructural para Alcantarillado, según Norma NTC 3722-1 (Novafort o Similar) para conexiones domiciliarias | D30: ml | E30: 0 | F30: =+'APU ITEM DE PAGO'!#REF!+'APU ITEM DE PAGO'!#REF! -> #REF! | H30: =ROUND(E30*F30,2) -> #REF!
B31: =+B30+0.01 -> 4.02 | C31: instalación de tubería de 10" de Pared Estructural para Alcantarillado, según Norma NTC 3722-1 (Novafort o Similar) para conexiones domiciliarias | D31: ml | E31: =+E30 -> 0 | F31: =+'APU ITEM DE PAGO'!#REF!+'APU ITEM DE PAGO'!#REF! -> #REF! | G31: =ROUND(F31*E31,2) -> #REF!
B32: =+B31+0.01 -> 4.03 | C32: =#REF! -> #REF! | D32: =#REF! -> #REF! | E32: 77.162722 | F32: =#REF! -> #REF! | H32: =ROUND(E32*F32,2) -> #REF!
B33: =+B32+0.01 -> 4.04 | C33: =#REF! -> #REF! | D33: =#REF! -> #REF! | E33: =+E32 -> 77.162722 | F33: =#REF! -> #REF! | G33: =ROUND(F33*E33,2) -> #REF!
B34: =+B33+0.01 -> 4.05 | C34: =#REF! -> #REF! | D34: =#REF! -> #REF! | E34: 88.022945 | F34: =#REF! -> #REF! | H34: =ROUND(E34*F34,2) -> #REF!
B35: =+B34+0.01 -> 4.06 | C35: =#REF! -> #REF! | D35: =#REF! -> #REF! | E35: =+E34 -> 88.022945 | F35: =#REF! -> #REF! | G35: =ROUND(F35*E35,2) -> #REF!
B36: =+B35+0.01 -> 4.07 | C36: =#REF! -> #REF! | D36: =#REF! -> #REF! | E36: 103.34718 | F36: =#REF! -> #REF! | H36: =ROUND(E36*F36,2) -> #REF!
B37: =+B36+0.01 -> 4.08 | C37: =#REF! -> #REF! | D37: =#REF! -> #REF! | E37: =+E36 -> 103.34718 | F37: =#REF! -> #REF! | G37: =ROUND(F37*E37,2) -> #REF!
B38: =+B29+1 -> 5 | C38: URBANISMO | G38: =SUM(G39:G44) -> #REF! | H38: =SUM(H39:H44) -> #REF!
B39: 5.01 | C39: =+#REF! -> #REF! | D39: Kg | E39: =100*(E27+E28) -> 260 | F39: =+#REF! -> #REF! | G39: =ROUND(F39*E39,2) -> #REF!
B40: =+B39+0.01 -> 5.02 | C40: =+#REF! -> #REF! | D40: =+#REF! -> #REF! | E40: =+E8*0.1 -> 27.242 | F40: =+#REF! -> #REF! | G40: =ROUND(F40*E40,2) -> #REF!
B41: =+#REF!+0.01 -> #REF! | C41: =+#REF! -> #REF! | D41: =+#REF! -> #REF! | E41: =+E40 -> 27.242 | F41: =+#REF! -> #REF! | G41: =ROUND(F41*E41,2) -> #REF!
B42: =+B41+0.01 -> #REF! | C42: =+#REF! -> #REF! | D42: =+#REF! -> #REF! | E42: 29.0926 | F42: =+#REF! -> #REF! | G42: =ROUND(F42*E42,2) -> #REF!
B43: =+#REF!+0.01 -> #REF! | C43: Construcción de Sumidero Tipo B para aguas lluvias incluye canastilla | D43: un | E43: 7 | F43: =+'APU ITEM DE PAGO'!#REF! -> #REF! | G43: =ROUND(F43*E43,2) -> #REF!
B44: 5.1 | C44: CÁRCAMOS DE 7 ME DE LONGITUD, INCLUYE CAJA DE DESCARGA, 5 M DE TUBERÍA PVC DE 10 PULGADAS PARA CONEXIÓN A RED DE ALCANTARILLADO PLUVIAL, EXCAVACIÓN, BOTADA DE MATERIAL Y REJILLA EN HIERRO DUCTIL PARA TRÁFICO VEHICULAR | D44: UN | E44: 2 | F44: =+#REF! -> #REF! | G44: =ROUND(F44*E44,2) -> #REF! | H44: =+E44*#REF! -> #REF!
E46: TOTAL COSTOS DE OBRA | G46: =+ROUND(G38+G29+G23+G9+G7,0) -> #REF!
E47: =+RESUMEN!E12 -> #REF!
E48: =+RESUMEN!#REF! -> #REF!
E49: =+RESUMEN!E13 -> 0.05
E50: =+RESUMEN!#REF! -> #REF!
E51: COSTOS INDIRECTOS (A+I+U)
E52: VALOR TOTAL OBRA (CD+CI)
E54: TOTAL COSTOS DE SUMINISTRO | H54: =+H29+H38 -> #REF!
E55: =+RESUMEN!#REF! -> #REF!
E56: VALOR TOTAL SUMINISTRO (CS+A)
E58: TOTAL COSTO OBRA+SUMINISTRO | H58: =+H56+G52 -> 0
E59: =+RESUMEN!#REF! -> #REF! | H59: =+H58*0.02 -> 0
E60: TOTAL PROYECTO | H60: =+H58+H59 -> 0

Sheet PPTOALL_B1112
B2: MUNICIPIO DE TÁMESIS - ANTIOQUIA
B3: SECRETARÍA DE PLANEACIÓN - DEPENDENCIA DE INFRAESTRUCTURA Y OBRAS PÚBLICAS
B4: =+RESUMEN!B4 -> OPTIMIZACIÓN REDES DE ACUEDUCTO Y ALCANTARILLADO RESIDUAL Y PLUVIAL DEL MUNICIPIO DE TÁMESIS - ANTIOQUIA
D5: Distancia botadero | F5: 10 | G5: Distancia Fuente materiales | H5: =+#REF! -> #REF!
B6: ITEM | C6: DESCRIPCIÓN | D6: UNIDAD | E6: CANTIDAD TOTAL | F6: VALOR UNITARIO | G6: VALOR OBRA CIVIL | H6: VALOR SUMUNISTRO
B7: 1 | C7: PRELIMINARES | G7: =ROUND(SUM(G8:G9),2) -> #REF! | H7: =ROUND(SUM(H8:H9),2) -> 0
B8: 1.01 | C8: LOCALIZACIÓN TRAZADO Y REPLANTEO | D8: =+'APU ITEM DE PAGO'!H4 -> 0 | E8: 161.47 | F8: =+'APU ITEM DE PAGO'!H31 -> 0 | G8: =ROUND(F8*E8,2) -> 0
B9: =+#REF!+0.01 -> #REF! | C9: =+#REF! -> #REF! | D9: =+'APU ITEM DE PAGO'!#REF! -> #REF! | E9: 72.688 | F9: =+#REF! -> #REF! | G9: =ROUND(F9*E9,2) -> #REF!
B10: =+B7+1 -> 2 | C10: EXCAVACIONES , RELLENOS Y TERRAPLEN | G10: =ROUND(SUM(G11:G24),2) -> #REF! | H10: =ROUND(SUM(H11:H24),2) -> 0
B11: 2.01 | C11: =#REF! -> #REF! | D11: =#REF! -> #REF! | E11: 36.701451 | F11: =+#REF! -> #REF! | G11: =ROUND(F11*E11,2) -> #REF!
B12: =+B11+0.01 -> 2.02 | C12: =#REF! -> #REF! | D12: =#REF! -> #REF! | E12: 146.80581 | F12: =+#REF! -> #REF! | G12: =ROUND(F12*E12,2) -> #REF!
B13: =+B12+0.01 -> 2.03 | C13: =#REF! -> #REF! | D13: =#REF! -> #REF! | E13: 0.09434656 | F13: =+#REF! -> #REF! | G13: =ROUND(F13*E13,2) -> #REF!
C14: =#REF! -> #REF! | D14: =#REF! -> #REF! | E14: 0.02358664 | F14: =+#REF! -> #REF! | G14: =ROUND(F14*E14,2) -> #REF!
B15: =+B13+0.01 -> 2.04 | C15: Excavación en Roca a cualquier profundidad y bajo cualquier condición de humedad por métodos no explosivos, Incluye cargue, transporte y botada de escombros hasta 10km hasta el sitio que lo indique la interventoría. | D15: m³ | E15: =58.82451015*0.2 -> 11.764902 | F15: =+#REF! -> #REF! | G15: =ROUND(F15*E15,2) -> #REF!
C16: Excavación en Roca con Compresor | D16: m³ | E16: =58.82451015*0.8 -> 47.059608 | F16: 125000 | G16: =ROUND(F16*E16,2) -> 5882451
B17: =+B15+0.01 -> 2.05 | C17: Entibado temporal de zanja | D17: m² | E17: 475.43636 | F17: =+#REF! -> #REF! | G17: =ROUND(F17*E17,2) -> #REF!
B18: =+B17+0.01 -> 2.06 | C18: entibado permanente de zanjas | D18: m² | E18: 52.826262 | F18: =+#REF! -> #REF! | G18: =ROUND(F18*E18,2) -> #REF!
B19: =+B18+0.01 -> 2.07 | C19: Lleno con material granular, triturado de 3/4" para apoyo de tubería | D19: m³ | E19: 25.771788 | F19: =+#REF! -> #REF! | G19: =ROUND(F19*E19,2) -> #REF!
B20: =+B19+0.01 -> 2.08 | C20: Lleno y apisonado de zanjas con material seleccionado de la excavación, densidad de compactación >90% PM | D20: m³ | E20: 131.84463 | F20: =+#REF! -> #REF! | G20: =ROUND(F20*E20,2) -> #REF!
B21: =+B20+0.01 -> 2.09 | C21: Lleno compactado mecanicamente con material de préstamo densidad de compactación >90% PM | D21: m³ | E21: 42.439097 | F21: =+#REF! -> #REF! | G21: =ROUND(F21*E21,2) -> #REF!
B22: =+B21+0.01 -> 2.1 | C22: Demolición de cámaras de inspección MH | D22: m³ | E22: =+(((PI()*0.8^2)-(PI()*0.6^2))*2)*1 -> 1.7592919 | F22: =+#REF! -> #REF! | G22: =ROUND(F22*E22,2) -> #REF!
B23: =+#REF!+0.01 -> #REF! | C23: Demolición y extracción de tubería existente | D23: ml | E23: 95 | F23: =+#REF! -> #REF! | G23: =ROUND(F23*E23,2) -> #REF!
B24: =+B23+0.01 -> #REF! | C24: Retiro y botada de materiales resultantes de la excavacion y demoliciones a cualquier distancia incluye cargue | D24: m³/Km | E24: =+J24*F5 -> 1106.0507 | F24: =+'APU ITEM DE PAGO'!#REF! -> #REF! | G24: =ROUND(F24*E24,2) -> #REF! | J24: =+E11+E12+E13+E14+E15+E16-E20 -> 110.60507
B25: =+B10+1 -> 3 | C25: ESTRUCTURAS | G25: =SUM(G26:G30) -> #REF! | H25: =SUM(H26:H30) -> 0
B26: 3.01 | C26: =#REF! -> #REF! | D26: =#REF! -> #REF! | E26: 3.49 | F26: =#REF! -> #REF! | G26: =ROUND(F26*E26,2) -> #REF!
B27: =+B26+0.01 -> 3.02 | C27: =#REF! -> #REF! | D27: =#REF! -> #REF! | E27: 4 | F27: =#REF! -> #REF! | G27: =ROUND(F27*E27,2) -> #REF!
B28: =+#REF!+0.01 -> #REF! | C28: =#REF! -> #REF! | D28: =#REF! -> #REF! | E28: 2.2117516 | F28: =#REF! -> #REF! | G28: =ROUND(F28*E28,2) -> #REF!
B29: 3.07 | C29: suministro transporte e instalacion de concreto de 28 Mpa. Para Cabezote de descarga, | D29: =+D28 -> #REF! | E29: 1.1 | F29: =+'APU ITEM DE PAGO'!#REF! -> #REF! | G29: =ROUND(F29*E29,2) -> #REF!
B30: 3.09 | C30: Concreto de 28 Mpa para canales escalonados o estructuras de discipación de energia en las descargas de aguas lluvias a las fuentes, con dimensiones de 0.3 de huellla y 0.25 de contrahuella, espesor de muros de 0.15, ancho del canal de 0.6 y altura de muros de 0.6, incluye una llave de anclaje. No incluye acero de refuerzo | D30: ml | E30: 1.5 | F30: =+'APU ITEM DE PAGO'!#REF! -> #REF! | G30: =ROUND(F30*E30,2) -> #REF!
B31: =+B25+1 -> 4 | C31: ALCANTARILLADO Y AGUAS RESIDUALES | G31: =SUM(G32:G35) -> #REF! | H31: =SUM(H32:H35) -> #REF!
B32: =+B31+0.01 -> 4.01 | C32: Suministro de tubería de 10" de Pared Estructural para Alcantarillado, según Norma NTC 3722-1 (Novafort o Similar) para conexiones domiciliarias | D32: ml | E32: 0 | F32: =+'APU ITEM DE PAGO'!#REF!+'APU ITEM DE PAGO'!#REF! -> #REF! | H32: =ROUND(E32*F32,2) -> #REF!
B33: =+B32+0.01 -> 4.02 | C33: instalación de tubería de 10" de Pared Estructural para Alcantarillado, según Norma NTC 3722-1 (Novafort o Similar) para conexiones domiciliarias | D33: ml | E33: =+E32 -> 0 | F33: =+'APU ITEM DE PAGO'!#REF!+'APU ITEM DE PAGO'!#REF! -> #REF! | G33: =ROUND(F33*E33,2) -> #REF!
B34: =+B33+0.01 -> 4.03 | C34: =#REF! -> #REF! | D34: =#REF! -> #REF! | E34: 157.79805 | F34: =#REF! -> #REF! | H34: =ROUND(E34*F34,2) -> #REF!
B35: =+B34+0.01 -> 4.04 | C35: =#REF! -> #REF! | D35: =#REF! -> #REF! | E35: =+E34 -> 157.79805 | F35: =#REF! -> #REF! | G35: =ROUND(F35*E35,2) -> #REF!
B36: =+B31+1 -> 5 | C36: URBANISMO | G36: =SUM(G37:G43) -> #REF! | H36: =SUM(H37:H43) -> #REF!
B37: 5.01 | C37: =+#REF! -> #REF! | D37: Kg | E37: =100*(E29+E30) -> 260 | F37: =+#REF! -> #REF! | G37: =ROUND(F37*E37,2) -> #REF!
B38: =+B37+0.01 -> 5.02 | C38: =+#REF! -> #REF! | D38: =+#REF! -> #REF! | E38: =+E8*0.1 -> 16.147 | F38: =+#REF! -> #REF! | G38: =ROUND(F38*E38,2) -> #REF!
B39: =+B38+0.01 -> 5.03 | C39: =+#REF! -> #REF! | D39: =+#REF! -> #REF! | E39: =+E38 -> 16.147 | F39: =+#REF! -> #REF! | G39: =ROUND(F39*E39,2) -> #REF!
B40: =+B39+0.01 -> 5.04 | C40: =+#REF! -> #REF! | D40: =+#REF! -> #REF! | E40: 30.5017 | F40: =+#REF! -> #REF! | G40: =ROUND(F40*E40,2) -> #REF!
B41: =+B40+0.01 -> 5.05 | C41: =+#REF! -> #REF! | D41: =+#REF! -> #REF! | E41: 14.5376 | F41: =+#REF! -> #REF! | G41: =ROUND(F41*E41,2) -> #REF!
B42: =+B41+0.01 -> 5.06 | C42: Construcción de Sumidero Tipo B para aguas lluvias incluye canastilla | D42: un | E42: 4 | F42: =+'APU ITEM DE PAGO'!#REF! -> #REF! | G42: =ROUND(F42*E42,2) -> #REF!
B43: =+B42+0.01 -> 5.07 | C43: CÁRCAMOS DE 7 ME DE LONGITUD, INCLUYE CAJA DE DESCARGA, 5 M DE TUBERÍA PVC DE 10 PULGADAS PARA CONEXIÓN A RED DE ALCANTARILLADO PLUVIAL, EXCAVACIÓN, BOTADA DE MATERIAL Y REJILLA EN HIERRO DUCTIL PARA TRÁFICO VEHICULAR | D43: UN | E43: 2 | F43: =+#REF! -> #REF! | G43: =ROUND(F43*E43,2) -> #REF! | H43: =+E43*#REF! -> #REF!
E45: TOTAL COSTOS DE OBRA | G45: =ROUND(+G36+G31+G25+G10+G7,0) -> #REF!
E46: =+RESUMEN!E12 -> #REF!
E47: =+RESUMEN!#REF! -> #REF!
E48: =+RESUMEN!E13 -> 0.05
E49: =+RESUMEN!#REF! -> #REF!
E50: COSTOS INDIRECTOS (A+I+U)
E51: VALOR TOTAL OBRA (CD+CI)
E53: TOTAL COSTOS DE SUMINISTRO | H53: =+H31+H36 -> #REF!
E54: =+RESUMEN!#REF! -> #REF!
E55: VALOR TOTAL SUMINISTRO (CS+A)
E57: TOTAL COSTO OBRA+SUMINISTRO | H57: =+H55+G51 -> 0
E58: =+RESUMEN!#REF! -> #REF! | H58: =+H57*0.02 -> 0
E59: TOTAL PROYECTO | H59: =H57+H58 -> 0

Sheet PPTOALL_B1109
B2: MUNICIPIO DE TÁMESIS - ANTIOQUIA
B3: SECRETARÍA DE PLANEACIÓN - DEPENDENCIA DE INFRAESTRUCTURA Y OBRAS PÚBLICAS
B4: =+RESUMEN!B4 -> OPTIMIZACIÓN REDES DE ACUEDUCTO Y ALCANTARILLADO RESIDUAL Y PLUVIAL DEL MUNICIPIO DE TÁMESIS - ANTIOQUIA
D5: Distancia botadero | F5: =+#REF! -> #REF! | G5: Distancia Fuente materiales | H5: =+#REF! -> #REF!
B6: ITEM | C6: DESCRIPCIÓN | D6: UNIDAD | E6: CANTIDAD TOTAL | F6: VALOR UNITARIO | G6: VALOR OBRA CIVIL | H6: VALOR SUMUNISTRO
B7: 1 | C7: PRELIMINARES | G7: =ROUND(SUM(G8:G9),2) -> #REF! | H7: =ROUND(SUM(H8:H9),2) -> 0
B8: 1.01 | C8: LOCALIZACIÓN TRAZADO Y REPLANTEO | D8: =+'APU ITEM DE PAGO'!H4 -> 0 | E8: 426.16 | F8: =+'APU ITEM DE PAGO'!H31 -> 0 | G8: =ROUND(F8*E8,2) -> 0
B9: =+#REF!+0.01 -> #REF! | C9: =+#REF! -> #REF! | D9: =+'APU ITEM DE PAGO'!#REF! -> #REF! | E9: 361.0965 | F9: =+#REF! -> #REF! | G9: =ROUND(F9*E9,2) -> #REF!
B10: =+B7+1 -> 2 | C10: EXCAVACIONES , RELLENOS Y TERRAPLEN | G10: =ROUND(SUM(G11:G22),2) -> #REF! | H10: =ROUND(SUM(H11:H22),2) -> 0
B11: 2.01 | C11: =#REF! -> #REF! | D11: =#REF! -> #REF! | E11: 94.856315 | F11: =+#REF! -> #REF! | G11: =ROUND(F11*E11,2) -> #REF!
B12: =+B11+0.01 -> 2.02 | C12: =#REF! -> #REF! | D12: =#REF! -> #REF! | E12: 379.42526 | F12: =+#REF! -> #REF! | G12: =ROUND(F12*E12,2) -> #REF!
B13: =+B12+0.01 -> 2.03 | C13: =#REF! -> #REF! | D13: =#REF! -> #REF! | E13: 22.352691 | F13: =+#REF! -> #REF! | G13: =ROUND(F13*E13,2) -> #REF!
B14: =+B13+0.01 -> 2.04 | C14: =#REF! -> #REF! | D14: =#REF! -> #REF! | E14: 5.5881727 | F14: =+#REF! -> #REF! | G14: =ROUND(F14*E14,2) -> #REF!
B15: =+B14+0.01 -> 2.05 | C15: Excavación en Roca a cualquier profundidad y bajo cualquier condición de humedad por métodos no explosivos, Incluye cargue, transporte y botada de escombros hasta 10km hasta el sitio que lo indique la interventoría. | D15: m³ | E15: =180.698760225*0.2 -> 36.139752 | F15: =+#REF! -> #REF! | G15: =ROUND(F15*E15,2) -> #REF!
B16: =+B15+0.01 -> 2.06 | C16: Excavación en Roca con Compresor | D16: m³ | E16: =58.82451015*0.8 -> 47.059608 | F16: 125000 | G16: =ROUND(F16*E16,2) -> 5882451
B17: =+B16+0.01 -> 2.07 | C17: Entibado temporal de zanja | D17: m² | E17: 1375.9646 | F17: =+#REF! -> #REF! | G17: =ROUND(F17*E17,2) -> #REF!
B18: =+B17+0.01 -> 2.08 | C18: entibado permanente de zanjas | D18: m² | E18: 152.88496 | F18: =+#REF! -> #REF! | G18: =ROUND(F18*E18,2) -> #REF!
B19: =+B18+0.01 -> 2.09 | C19: Lleno con material granular, triturado de 3/4" para apoyo de tubería | D19: m³ | E19: 85.196643 | F19: =+#REF! -> #REF! | G19: =ROUND(F19*E19,2) -> #REF!
B20: =+B19+0.01 -> 2.1 | C20: Lleno y apisonado de zanjas con material seleccionado de la excavación, densidad de compactación >90% PM | D20: m³ | E20: 335.2852 | F20: =+#REF! -> #REF! | G20: =ROUND(F20*E20,2) -> #REF!
B21: =+B20+0.01 -> 2.11 | C21: Lleno compactado mecanicamente con material de préstamo densidad de compactación >90% PM | D21: m³ | E21: 100.28469 | F21: =+#REF! -> #REF! | G21: =ROUND(F21*E21,2) -> #REF!
B22: =+B21+0.01 -> 2.12 | C22: Retiro y botada de materiales resultantes de la excavacion y demoliciones a cualquier distancia incluye cargue | D22: m³/Km | E22: 8690.9 | F22: =+'APU ITEM DE PAGO'!#REF! -> #REF! | G22: =ROUND(F22*E22,2) -> #REF!
B23: =+B10+1 -> 3 | C23: ESTRUCTURAS | G23: =SUM(G24:G30) -> #REF! | H23: =SUM(H24:H30) -> 0
B24: 3.01 | C24: =#REF! -> #REF! | D24: =#REF! -> #REF! | E24: 8.18 | F24: =#REF! -> #REF! | G24: =ROUND(F24*E24,2) -> #REF!
B25: =+B24+0.01 -> 3.02 | C25: =#REF! -> #REF! | D25: =#REF! -> #REF! | E25: 9 | F25: =#REF! -> #REF! | G25: =ROUND(F25*E25,2) -> #REF!
B26: =+B25+0.01 -> 3.03 | C26: =#REF! -> #REF! | D26: =#REF! -> #REF! | E26: 3.3302748 | F26: =#REF! -> #REF! | G26: =ROUND(F26*E26,2) -> #REF!
B27: =+B26+0.01 -> 3.04 | C27: Construcción de tapa losa para cámara de inspección de Ø=1,2 m, (profundidad menor a 1 m) de concreto f'c=4000 PSI. | D27: und | E27: 1 | F27: =+'APU ITEM DE PAGO'!#REF! -> #REF! | G27: =ROUND(F27*E27,2) -> #REF!
B28: =+B27+0.01 -> 3.05 | C28: suministro transporte e instalacion de concreto de 28 Mpa. Para Cabezote de descarga, | D28: =+D26 -> #REF! | E28: 1.1 | F28: =+'APU ITEM DE PAGO'!#REF! -> #REF! | G28: =ROUND(F28*E28,2) -> #REF!
B29: =+B28+0.01 -> 3.06 | C29: Concreto de 28 Mpa para canales escalonados o estructuras de discipación de energia en las descargas de aguas lluvias a las fuentes, con dimensiones de 0.3 de huellla y 0.25 de contrahuella, espesor de muros de 0.15, ancho del canal de 0.6 y altura de muros de 0.6, incluye una llave de anclaje. No incluye acero de refuerzo | D29: ml | E29: 1.5 | F29: =+'APU ITEM DE PAGO'!#REF! -> #REF! | G29: =ROUND(F29*E29,2) -> #REF!
B30: =+'PPTO ALL'!#REF! -> #REF! | C30: Suministro, transporte e instalación de Concreto f'c = 280 kg/cm2 para estructuras de protección de tuberías con profundidad clave menor a 1 m en vías. Incluye acero de refuerzo | D30: m³ | E30: =+(20.09*((0.6*0.6)-(PI()/4*0.4^2)))+(9.83*((0.65*0.65)-(PI()/4*0.45^2))) -> 7.2975972 | F30: =+'APU ITEM DE PAGO'!#REF! -> #REF! | G30: =ROUND(F30*E30,2) -> #REF!
B31: =+B23+1 -> 4 | C31: ALCANTARILLADO Y AGUAS RESIDUALES | G31: =SUM(G32:G41) -> #REF! | H31: =SUM(H32:H41) -> #REF!
B32: =+B31+0.01 -> 4.01 | C32: Suministro de tubería de 10" de Pared Estructural para Alcantarillado, según Norma NTC 3722-1 (Novafort o Similar) para conexiones domiciliarias | D32: ml | E32: 0 | F32: =+'APU ITEM DE PAGO'!#REF!+'APU ITEM DE PAGO'!#REF! -> #REF! | H32: =ROUND(E32*F32,2) -> #REF!
B33: =+B32+0.01 -> 4.02 | C33: instalación de tubería de 10" de Pared Estructural para Alcantarillado, según Norma NTC 3722-1 (Novafort o Similar) para conexiones domiciliarias | D33: ml | E33: =+E32 -> 0 | F33: =+'APU ITEM DE PAGO'!#REF!+'APU ITEM DE PAGO'!#REF! -> #REF! | G33: =ROUND(F33*E33,2) -> #REF!
B34: =+B33+0.01 -> 4.03 | C34: =#REF! -> #REF! | D34: =#REF! -> #REF! | E34: 212.04349 | F34: =#REF! -> #REF! | H34: =ROUND(E34*F34,2) -> #REF!
B35: =+B34+0.01 -> 4.04 | C35: =#REF! -> #REF! | D35: =#REF! -> #REF! | E35: =+E34 -> 212.04349 | F35: =#REF! -> #REF! | G35: =ROUND(F35*E35,2) -> #REF!
B36: =+B35+0.01 -> 4.05 | C36: =#REF! -> #REF! | D36: =#REF! -> #REF! | E36: 7.9969244 | F36: =#REF! -> #REF! | H36: =ROUND(E36*F36,2) -> #REF!
B37: =+B36+0.01 -> 4.06 | C37: =#REF! -> #REF! | D37: =#REF! -> #REF! | E37: =+E36 -> 7.9969244 | F37: =#REF! -> #REF! | G37: =ROUND(F37*E37,2) -> #REF!
B38: =+B37+0.01 -> 4.07 | C38: =#REF! -> #REF! | D38: =#REF! -> #REF! | E38: 189.14094 | F38: =#REF! -> #REF! | H38: =ROUND(E38*F38,2) -> #REF!
B39: =+B38+0.01 -> 4.08 | C39: =#REF! -> #REF! | D39: =#REF! -> #REF! | E39: =+E38 -> 189.14094 | F39: =#REF! -> #REF! | G39: =ROUND(F39*E39,2) -> #REF!
B40: =+B39+0.01 -> 4.09 | C40: =#REF! -> #REF! | D40: =#REF! -> #REF! | E40: 9.8355376 | F40: =#REF! -> #REF! | H40: =ROUND(E40*F40,2) -> #REF!
B41: =+B40+0.01 -> 4.1 | C41: =#REF! -> #REF! | D41: =#REF! -> #REF! | E41: =+E40 -> 9.8355376 | F41: =#REF! -> #REF! | G41: =ROUND(F41*E41,2) -> #REF!
B42: =+B31+1 -> 5 | C42: URBANISMO | G42: =SUM(G43:G49) -> #REF! | H42: =SUM(H43:H49) -> #REF!
B43: 5.01 | C43: =+#REF! -> #REF! | D43: Kg | E43: =100*(E28+E29) -> 260 | F43: =+#REF! -> #REF! | G43: =ROUND(F43*E43,2) -> #REF!
B44: =+B43+0.01 -> 5.02 | C44: =+#REF! -> #REF! | D44: =+#REF! -> #REF! | E44: =+E8*0.1 -> 42.616 | F44: =+#REF! -> #REF! | G44: =ROUND(F44*E44,2) -> #REF!
B45: =+#REF!+0.01 -> #REF! | C45: =+#REF! -> #REF! | D45: =+#REF! -> #REF! | E45: =+E44 -> 42.616 | F45: =+#REF! -> #REF! | G45: =ROUND(F45*E45,2) -> #REF!
B46: =+B45+0.01 -> #REF! | C46: =+#REF! -> #REF! | D46: =+#REF! -> #REF! | E46: 110.51895 | F46: =+#REF! -> #REF! | G46: =ROUND(F46*E46,2) -> #REF!
B47: =+B46+0.01 -> #REF! | C47: =+#REF! -> #REF! | D47: =+#REF! -> #REF! | E47: 72.2193 | F47: =+#REF! -> #REF! | G47: =ROUND(F47*E47,2) -> #REF!
B48: =+#REF!+0.01 -> #REF! | C48: Construcción de Sumidero Tipo B para aguas lluvias incluye canastilla | D48: un | E48: 7 | F48: =+'APU ITEM DE PAGO'!#REF! -> #REF! | G48: =ROUND(F48*E48,2) -> #REF!
B49: 5.1 | C49: CÁRCAMOS DE 7 ME DE LONGITUD, INCLUYE CAJA DE DESCARGA, 5 M DE TUBERÍA PVC DE 10 PULGADAS PARA CONEXIÓN A RED DE ALCANTARILLADO PLUVIAL, EXCAVACIÓN, BOTADA DE MATERIAL Y REJILLA EN HIERRO DUCTIL PARA TRÁFICO VEHICULAR | D49: UN | E49: 2 | F49: =+#REF! -> #REF! | G49: =ROUND(F49*E49,2) -> #REF! | H49: =+E49*#REF! -> #REF!
E51: TOTAL COSTOS DE OBRA | G51: =+ROUND(G42+G31+G23+G10+G7,0) -> #REF!
E52: =+RESUMEN!E12 -> #REF!
E53: =+RESUMEN!#REF! -> #REF!
E54: =+RESUMEN!E13 -> 0.05
E55: =+RESUMEN!#REF! -> #REF!
E56: COSTOS INDIRECTOS (A+I+U)
E57: VALOR TOTAL OBRA (CD+CI)
E59: TOTAL COSTOS DE SUMINISTRO | H59: =+H31+H42 -> #REF!
E60: =+RESUMEN!#REF! -> #REF!
E61: VALOR TOTAL SUMINISTRO (CS+A)
E63: TOTAL COSTO OBRA+SUMINISTRO | H63: =+H61+G57 -> 0
E64: =+RESUMEN!#REF! -> #REF! | H64: =+H63*0.02 -> 0
E65: TOTAL PROYECTO | H65: =H63+H64 -> 0

Sheet PPTOALL_B538
B2: MUNICIPIO DE TÁMESIS - ANTIOQUIA
B3: SECRETARÍA DE PLANEACIÓN - DEPENDENCIA DE INFRAESTRUCTURA Y OBRAS PÚBLICAS
B4: =+RESUMEN!B4 -> OPTIMIZACIÓN REDES DE ACUEDUCTO Y ALCANTARILLADO RESIDUAL Y PLUVIAL DEL MUNICIPIO DE TÁMESIS - ANTIOQUIA
D5: Distancia botadero | F5: 10 | G5: Distancia Fuente materiales | H5: =+#REF! -> #REF!
B6: ITEM | C6: DESCRIPCIÓN | D6: UNIDAD | E6: CANTIDAD TOTAL | F6: VALOR UNITARIO | G6: VALOR OBRA CIVIL | H6: VALOR SUMUNISTRO
B7: 1 | C7: PRELIMINARES | G7: =ROUND(SUM(G8:G11),2) -> #REF! | H7: =ROUND(SUM(H8:H11),2) -> 0
B8: 1.01 | C8: LOCALIZACIÓN TRAZADO Y REPLANTEO | D8: =+'APU ITEM DE PAGO'!H4 -> 0 | E8: 392.15 | F8: =+'APU ITEM DE PAGO'!H31 -> 0 | G8: =ROUND(F8*E8,2) -> 0
B9: =+B8+0.01 -> 1.02 | C9: Excavación manual en cualquier material y grado de humedad, para nichos de investigación y trabajos no asociados directamente a la instalacion de las tuberias | D9: m³ | E9: 1 | F9: =+'APU ITEM DE PAGO'!#REF! -> #REF! | G9: =ROUND(F9*E9,2) -> #REF!
B10: =+B9+0.01 -> 1.03 | C10: =+#REF! -> #REF! | D10: =+'APU ITEM DE PAGO'!#REF! -> #REF! | E10: 102.784 | F10: =+#REF! -> #REF! | G10: =ROUND(F10*E10,2) -> #REF!
B11: =+B10+0.01 -> 1.04 | C11: =+#REF! -> #REF! | D11: =+'APU ITEM DE PAGO'!#REF! -> #REF! | E11: 256.4715 | F11: =+#REF! -> #REF! | G11: =ROUND(F11*E11,2) -> #REF!
B12: =+B7+1 -> 2 | C12: EXCAVACIONES , RELLENOS Y TERRAPLEN | G12: =ROUND(SUM(G13:G25),2) -> #REF! | H12: =ROUND(SUM(H13:H25),2) -> 0
B13: 2.01 | C13: =#REF! -> #REF! | D13: =#REF! -> #REF! | E13: 85.213657 | F13: =+#REF! -> #REF! | G13: =ROUND(F13*E13,2) -> #REF!
B14: =+B13+0.01 -> 2.02 | C14: =#REF! -> #REF! | D14: =#REF! -> #REF! | E14: 340.85463 | F14: =+#REF! -> #REF! | G14: =ROUND(F14*E14,2) -> #REF!
B15: =+B14+0.01 -> 2.03 | C15: =#REF! -> #REF! | D15: =#REF! -> #REF! | E15: 3.0462768 | F15: =+#REF! -> #REF! | G15: =ROUND(F15*E15,2) -> #REF!
B16: =+B15+0.01 -> 2.04 | C16: =#REF! -> #REF! | D16: =#REF! -> #REF! | E16: 0.7615692 | F16: =+#REF! -> #REF! | G16: =ROUND(F16*E16,2) -> #REF!
B17: =+B16+0.01 -> 2.05 | C17: Excavación en Roca a cualquier profundidad y bajo cualquier condición de humedad por métodos no explosivos, Incluye cargue, transporte y botada de escombros hasta 10km hasta el sitio que lo indique la interventoría. | D17: m³ | E17: =155.0314845*0.2 -> 31.006297 | F17: =+#REF! -> #REF! | G17: =ROUND(F17*E17,2) -> #REF!
B18: =+B17+0.01 -> 2.06 | C18: Excavación en Roca con Compresor | D18: m³ | E18: =155.0314845*0.8 -> 124.02519 | F18: 125000 | G18: =ROUND(F18*E18,2) -> 15503148
B19: =+B18+0.01 -> 2.07 | C19: Entibado temporal de zanja | D19: m² | E19: 1271.9193 | F19: =+#REF! -> #REF! | G19: =ROUND(F19*E19,2) -> #REF!
B20: =+B19+0.01 -> 2.08 | C20: entibado permanente de zanjas | D20: m² | E20: 141.32437 | F20: =+#REF! -> #REF! | G20: =ROUND(F20*E20,2) -> #REF!
B21: =+B20+0.01 -> 2.09 | C21: Lleno con material granular, triturado de 3/4" para apoyo de tubería | D21: m³ | E21: 63.601506 | F21: =+#REF! -> #REF! | G21: =ROUND(F21*E21,2) -> #REF!
B22: =+B21+0.01 -> 2.1 | C22: Lleno y apisonado de zanjas con material seleccionado de la excavación, densidad de compactación >90% PM | D22: m³ | E22: 337.20587 | F22: =+#REF! -> #REF! | G22: =ROUND(F22*E22,2) -> #REF!
B23: =+B22+0.01 -> 2.11 | C23: Lleno compactado mecanicamente con material de préstamo densidad de compactación >90% PM | D23: m³ | E23: 98.134376 | F23: =+#REF! -> #REF! | G23: =ROUND(F23*E23,2) -> #REF!
B24: =+B23+0.01 -> 2.12 | C24: Demolición de cámaras de inspección MH | D24: m³ | E24: =+(((PI()*0.8^2)-(PI()*0.6^2))*2)*1 -> 1.7592919 | F24: =+#REF! -> #REF! | G24: =ROUND(F24*E24,2) -> #REF!
B25: =+B24+0.01 -> 2.13 | C25: Retiro y botada de materiales resultantes de la excavacion y demoliciones a cualquier distancia incluye cargue | D25: m³/Km | E25: =+J25*F5 -> 2477.0175 | F25: =+'APU ITEM DE PAGO'!#REF! -> #REF! | G25: =ROUND(F25*E25,2) -> #REF! | J25: =+E13+E14+E15+E16+E17+E18-E22 -> 247.70175
B26: =+B12+1 -> 3 | C26: ESTRUCTURAS | G26: =SUM(G27:G31) -> #REF! | H26: =SUM(H27:H31) -> 0
B27: 3.01 | C27: =#REF! -> #REF! | D27: =#REF! -> #REF! | E27: 6.73 | F27: =#REF! -> #REF! | G27: =ROUND(F27*E27,2) -> #REF!
B28: =+B27+0.01 -> 3.02 | C28: =#REF! -> #REF! | D28: =#REF! -> #REF! | E28: 8 | F28: =#REF! -> #REF! | G28: =ROUND(F28*E28,2) -> #REF!
B29: =+B28+0.01 -> 3.03 | C29: =#REF! -> #REF! | D29: =#REF! -> #REF! | E29: 2.9319696 | F29: =#REF! -> #REF! | G29: =ROUND(F29*E29,2) -> #REF!
B30: =+B29+0.01 -> 3.04 | C30: suministro transporte e instalacion de concreto de 28 Mpa. Para Cabezote de descarga, | D30: =+D29 -> #REF! | E30: 1.1 | F30: =+'APU ITEM DE PAGO'!#REF! -> #REF! | G30: =ROUND(F30*E30,2) -> #REF!
B31: =+B30+0.01 -> 3.05 | C31: Concreto de 28 Mpa para canales escalonados o estructuras de discipación de energia en las descargas de aguas lluvias a las fuentes, con dimensiones de 0.3 de huellla y 0.25 de contrahuella, espesor de muros de 0.15, ancho del canal de 0.6 y altura de muros de 0.6, incluye una llave de anclaje. No incluye acero de refuerzo | D31: ml | E31: 1.5 | F31: =+'APU ITEM DE PAGO'!#REF! -> #REF! | G31: =ROUND(F31*E31,2) -> #REF!
B32: =+B26+1 -> 4 | C32: ALCANTARILLADO Y AGUAS RESIDUALES | G32: =SUM(G33:G38) -> #REF! | H32: =SUM(H33:H38) -> #REF!
B33: =+B32+0.01 -> 4.01 | C33: Suministro de tubería de 10" de Pared Estructural para Alcantarillado, según Norma NTC 3722-1 (Novafort o Similar) para conexiones domiciliarias | D33: ml | E33: 0 | F33: =+'APU ITEM DE PAGO'!#REF!+'APU ITEM DE PAGO'!#REF! -> #REF! | H33: =ROUND(E33*F33,2) -> #REF!
B34: =+B33+0.01 -> 4.02 | C34: instalación de tubería de 10" de Pared Estructural para Alcantarillado, según Norma NTC 3722-1 (Novafort o Similar) para conexiones domiciliarias | D34: ml | E34: =+E33 -> 0 | F34: =+'APU ITEM DE PAGO'!#REF!+'APU ITEM DE PAGO'!#REF! -> #REF! | G34: =ROUND(F34*E34,2) -> #REF!
B35: =+B34+0.01 -> 4.03 | C35: =#REF! -> #REF! | D35: =#REF! -> #REF! | E35: 379.78435 | F35: =#REF! -> #REF! | H35: =ROUND(E35*F35,2) -> #REF!
B36: =+B35+0.01 -> 4.04 | C36: =#REF! -> #REF! | D36: =#REF! -> #REF! | E36: =+E35 -> 379.78435 | F36: =#REF! -> #REF! | G36: =ROUND(F36*E36,2) -> #REF!
B37: =+B36+0.01 -> 4.05 | C37: =#REF! -> #REF! | D37: =#REF! -> #REF! | E37: 5.2089922 | F37: =#REF! -> #REF! | H37: =ROUND(E37*F37,2) -> #REF!
B38: =+B37+0.01 -> 4.06 | C38: =#REF! -> #REF! | D38: =#REF! -> #REF! | E38: =+E37 -> 5.2089922 | F38: =#REF! -> #REF! | G38: =ROUND(F38*E38,2) -> #REF!
B39: =+B32+1 -> 5 | C39: URBANISMO | G39: =SUM(G40:G46) -> #REF! | H39: =SUM(H40:H46) -> 0
B40: 5.01 | C40: =+#REF! -> #REF! | D40: Kg | E40: =100*(E30+E31) -> 260 | F40: =+#REF! -> #REF! | G40: =ROUND(F40*E40,2) -> #REF!
B41: =+B40+0.01 -> 5.02 | C41: =+#REF! -> #REF! | D41: =+#REF! -> #REF! | E41: =+E8*0.1 -> 39.215 | F41: =+#REF! -> #REF! | G41: =ROUND(F41*E41,2) -> #REF!
B42: =+B41+0.01 -> 5.03 | C42: =+#REF! -> #REF! | D42: =+#REF! -> #REF! | E42: =+E41 -> 39.215 | F42: =+#REF! -> #REF! | G42: =ROUND(F42*E42,2) -> #REF!
B43: =+B42+0.01 -> 5.04 | C43: =+#REF! -> #REF! | D43: =+#REF! -> #REF! | E43: 54.4893 | F43: =+#REF! -> #REF! | G43: =ROUND(F43*E43,2) -> #REF!
B44: =+B43+0.01 -> 5.05 | C44: =+#REF! -> #REF! | D44: =+#REF! -> #REF! | E44: 20.5568 | F44: =+#REF! -> #REF! | G44: =ROUND(F44*E44,2) -> #REF!
B45: =+B44+0.01 -> 5.06 | C45: =+#REF! -> #REF! | D45: =+#REF! -> #REF! | E45: 256.4715 | F45: =+#REF! -> #REF! | G45: =ROUND(F45*E45,2) -> #REF!
B46: =+B45+0.01 -> 5.07 | C46: Construcción de Sumidero Tipo B para aguas lluvias incluye canastilla | D46: un | E46: 7 | F46: =+'APU ITEM DE PAGO'!#REF! -> #REF! | G46: =ROUND(F46*E46,2) -> #REF!
E48: TOTAL COSTOS DE OBRA | G48: =+ROUND(G39+G32+G26+G12+G7,0) -> #REF!
E49: =+RESUMEN!E12 -> #REF!
E50: =+RESUMEN!#REF! -> #REF!
E51: =+RESUMEN!E13 -> 0.05
E52: =+RESUMEN!#REF! -> #REF!
E53: COSTOS INDIRECTOS (A+I+U)
E54: VALOR TOTAL OBRA (CD+CI)
E56: TOTAL COSTOS DE SUMINISTRO | H56: =+H32+H39 -> #REF!
E57: =+RESUMEN!#REF! -> #REF!
E58: VALOR TOTAL SUMINISTRO (CS+A)
E60: TOTAL COSTO OBRA+SUMINISTRO | H60: =+H58+G54 -> 0
E61: =+RESUMEN!#REF! -> #REF! | H61: =+H60*0.02 -> 0
E62: TOTAL PROYECTO | H62: =H60+H61 -> 0

Sheet PPTOALL_B439A
B2: MUNICIPIO DE TÁMESIS - ANTIOQUIA
B3: SECRETARÍA DE PLANEACIÓN - DEPENDENCIA DE INFRAESTRUCTURA Y OBRAS PÚBLICAS
B4: =+RESUMEN!B4 -> OPTIMIZACIÓN REDES DE ACUEDUCTO Y ALCANTARILLADO RESIDUAL Y PLUVIAL DEL MUNICIPIO DE TÁMESIS - ANTIOQUIA
D5: Distancia botadero | F5: 10 | G5: Distancia Fuente materiales | H5: =+#REF! -> #REF!
B6: ITEM | C6: DESCRIPCIÓN | D6: UNIDAD | E6: CANTIDAD TOTAL | F6: VALOR UNITARIO | G6: VALOR OBRA CIVIL | H6: VALOR SUMUNISTRO
B7: 1 | C7: PRELIMINARES | G7: =ROUND(SUM(G8:G10),2) -> #REF! | H7: =ROUND(SUM(H8:H10),2) -> 0
B8: 1.01 | C8: LOCALIZACIÓN TRAZADO Y REPLANTEO | D8: =+'APU ITEM DE PAGO'!H4 -> 0 | E8: 462.7 | F8: =+'APU ITEM DE PAGO'!H31 -> 0 | G8: =ROUND(F8*E8,2) -> 0
B9: =+B8+0.01 -> 1.02 | C9: =+#REF! -> #REF! | D9: =+'APU ITEM DE PAGO'!#REF! -> #REF! | E9: 144.2 | F9: =+#REF! -> #REF! | G9: =ROUND(F9*E9,2) -> #REF!
